Workbook
Name activity: 'Перечень тарифов'!$F$20:$F$26
Name add_CS_List05_1: 'Форма 1.0.1 | Т-ТЭ | >=25МВт'!$G$17
Name add_CS_List05_10: 'Форма 1.0.1 | Т-подкл'!$G$17
Name add_CS_List05_13: 'Форма 1.0.1 | Т-ТЭ | потр'!$G$17
Name add_CS_List05_2: 'Форма 1.0.1 | Т-ТЭ | ТСО'!$G$17
Name add_CS_List05_3: 'Форма 1.0.1 | Т-ТЭ | предел'!$G$17
Name add_CS_List05_3_i: 'Форма 1.0.1 | Т-ТЭ | индикат'!$G$17
Name add_CS_List05_4: 'Форма 1.0.1 | Т-ТН'!$G$17
Name add_CS_List05_5: 'Форма 1.0.1 | Т-гор.вода'!$G$17
Name add_CS_List05_7: 'Форма 1.0.1 | Т-передача ТН'!$G$17
Name add_CS_List05_8: 'Форма 1.0.1 | Резерв мощности'!$G$17
Name add_CS_List05_9: 'Форма 1.0.1 | Т-подкл(инд)'!$G$17
Name add_CT_1: 'Форма 4.10.2 | Т-ТЭ | >=25МВт'!$M$30
Name add_CT_10: 'Форма 4.10.5 | Т-подкл'!$M$29
Name add_CT_13: 'Форма 4.10.2 | Т-ТЭ | потр'!$M$30
Name add_CT_2: 'Форма 4.10.2 | Т-ТЭ | ТСО'!$M$30
Name add_CT_3: 'Форма 4.10.2 | Т-ТЭ | предел'!$M$32
Name add_CT_3_i: 'Форма 4.10.2 | Т-ТЭ | индикат'!$M$32
Name add_CT_4: 'Форма 4.10.3 | Т-ТН'!$M$30
Name add_CT_5: 'Форма 4.10.4 | Т-гор.вода'!$M$32
Name add_CT_7: 'Форма 4.10.3 | Т-передача ТН'!$M$30
Name add_CT_8: 'Форма 4.10.2 | Резерв мощности'!$M$30
Name add_CT_9: 'Форма 4.10.6 | Т-подкл(инд)'!$M$27
Name add_MO_1: 'Форма 4.10.2 | Т-ТЭ | >=25МВт'!$M$31
Name add_MO_10: 'Форма 4.10.5 | Т-подкл'!$M$30
Name add_MO_13: 'Форма 4.10.2 | Т-ТЭ | потр'!$M$31
Name add_MO_2: 'Форма 4.10.2 | Т-ТЭ | ТСО'!$M$31
Name add_MO_3: 'Форма 4.10.2 | Т-ТЭ | предел'!$M$33
Name add_MO_3_i: 'Форма 4.10.2 | Т-ТЭ | индикат'!$M$33
Name add_MO_4: 'Форма 4.10.3 | Т-ТН'!$M$31
Name add_MO_5: 'Форма 4.10.4 | Т-гор.вода'!$M$33
Name add_MO_7: 'Форма 4.10.3 | Т-передача ТН'!$M$31
Name add_MO_8: 'Форма 4.10.2 | Резерв мощности'!$M$31
Name add_MO_9: 'Форма 4.10.6 | Т-подкл(инд)'!$M$28
Name add_MO_List05_1: 'Форма 1.0.1 | Т-ТЭ | >=25МВт'!$G$14
Name add_MO_List05_10: 'Форма 1.0.1 | Т-подкл'!$G$14
Name add_MO_List05_13: 'Форма 1.0.1 | Т-ТЭ | потр'!$G$14
Name add_MO_List05_2: 'Форма 1.0.1 | Т-ТЭ | ТСО'!$G$14
Name add_MO_List05_3: 'Форма 1.0.1 | Т-ТЭ | предел'!$G$14
Name add_MO_List05_3_i: 'Форма 1.0.1 | Т-ТЭ | индикат'!$G$14
Name add_MO_List05_4: 'Форма 1.0.1 | Т-ТН'!$G$14
Name add_MO_List05_5: 'Форма 1.0.1 | Т-гор.вода'!$G$14
Name add_MO_List05_7: 'Форма 1.0.1 | Т-передача ТН'!$G$14
Name add_MO_List05_8: 'Форма 1.0.1 | Резерв мощности'!$G$14
Name add_MO_List05_9: 'Форма 1.0.1 | Т-подкл(инд)'!$G$14
Name add_MR_List05_1: 'Форма 1.0.1 | Т-ТЭ | >=25МВт'!$G$15
Name add_MR_List05_10: 'Форма 1.0.1 | Т-подкл'!$G$15
Name add_MR_List05_13: 'Форма 1.0.1 | Т-ТЭ | потр'!$G$15
Name add_MR_List05_2: 'Форма 1.0.1 | Т-ТЭ | ТСО'!$G$15
Name add_MR_List05_3: 'Форма 1.0.1 | Т-ТЭ | предел'!$G$15
Name add_MR_List05_3_i: 'Форма 1.0.1 | Т-ТЭ | индикат'!$G$15
Name add_MR_List05_4: 'Форма 1.0.1 | Т-ТН'!$G$15
Name add_MR_List05_5: 'Форма 1.0.1 | Т-гор.вода'!$G$15
Name add_MR_List05_7: 'Форма 1.0.1 | Т-передача ТН'!$G$15
Name add_MR_List05_8: 'Форма 1.0.1 | Резерв мощности'!$G$15
Name add_MR_List05_9: 'Форма 1.0.1 | Т-подкл(инд)'!$G$15
Name add_POST_5: 'Форма 4.10.4 | Т-гор.вода'!$M$27
Name add_Rate_1: 'Форма 4.10.2 | Т-ТЭ | >=25МВт'!$M$32
Name add_Rate_10: 'Форма 4.10.5 | Т-подкл'!$M$31
Name add_Rate_13: 'Форма 4.10.2 | Т-ТЭ | потр'!$M$32

Sheet modList00

Sheet Инструкция
AA1: (требуется обновление)
B2: ="Код отчёта: " & GetCode() -> Код отчёта: FAS.JKH.OPEN.INFO.REQUEST.WARM
B3: ="Версия " & GetVersion() -> Версия 1.0.2
B5: Предложение регулируемой организации об установлении тарифов в сфере теплоснабжения (цены и тарифы), информация о способах приобретения, стоимости и объемах товаров, необходимых для производства регулируемых товаров и (или) оказания регулируемых услуг
E7: • На рабочем месте должен быть установлен MS Office 2007 SP3, 2010, 2013, 2016 с полной версией MS Excel • Макросы во время работы должны быть включены (!) • Для корректной работы отчёта требуется выбрать низкий уровень безопасности (В меню MS Excel 2007/2010/2013/2016: Параметры Excel | Центр управления безопасностью | Параметры центра управления безопасностью | Параметры макросов | Включить все макросы | ОК) • Если Вы работаете в табличном процессоре MS Excel 2007 и выше, то можете использовать для работы формат XLSB (Двоичная книга Excel). При работе в формате XLSB заметно быстрее происходит сохранение файла, а также уменьшается размер по сравнению с форматами XLS и XLSM • Не рекомендуется снимать защиту с листов и каким-либо образом модифицировать защищаемые формулы и расчётные поля, в противном случае, отчёт будет отклонён системой • При сохранении не следует выбирать формат XLSX (Книга Excel), так как в указанном формате макросы, необходимые для работы отчёта, безвозвратно удаляются
E21: A | F21: - необязательные для заполнения | O21: A | P21: - с формулами и константами
E22: A | F22: - обязательные для заполнения | O22: A | P22: - с выбором значений по двойному клику
E35: Если в предложенном Вам списке необходимая организация, МР/МО отсутствуют, обновите реестры с помощью кнопок В результате синхронизации с базой данных список организаций (МР/МО) будет заменён актуальным (механизм синхронизации требует подключения к сети Интернет и основан на использовании протокола HTTPS (TCP порт 443)) Если после обновления Вам не удалось найти необходимую организацию в списке, обратитесь к ответственному за поддержание реестра Вашего региона.
E46: • При сохранении шаблона осуществляется проверка корректности данных, в том числе на наличие значений в ячейках, обязательных для заполнения • Если какая-то ячейка не удовлетворяет условию проверки, на лист «Проверка» добавляется гиперссылка на данную ячейку и указывается причина ошибки • В колонке «Статус» для каждого сообщения возможны 2 значения: ошибка и предупреждение • При наличии сообщений со статусом «Ошибка» шаблон будет отклонён системой и не будет загружен в хранилище данных, сообщения со статусом «Предупреждение» носят информационный характер, и такой шаблон будет принят системой
E58: Обратиться за помощью в службу технической поддержки
E70: Инструкция по загрузке сопроводительных материалов
E71: Инструкция по работе с отчетной формой
E81: Обратиться за помощью в службу технической поддержки
E98: При наличии подключения к Интернет, можно автоматически проверять наличие доступных обновлений. Выберите способ оповещения о наличии обновлений для отчёта:
F100: проверять доступные обновления (рекомендуется) | AA100: y
F102: никогда не проверять наличие обновлений (не рекомендуется)

Sheet Лог обновления
A1: Дата/Время | B1: Сообщение | C1: Статус
A2: 44692.357 | B2: Проверка доступных обновлений... | C2: Информация
A3: 44692.357 | B3: Доступно обновление до версии 1.0.2 | C3: Информация
A4: 44692.357 | B4: Описание изменений: Версия 1.0.2 1. Корректировка значения группы потребителей "население" на "население и приравненные категории" Версия 1.0.1 1. Корректировка наименования п.5 листа 'Форма 4.10.1'. | C4: Информация
A5: 44692.357 | B5: Размер файла обновления: 282112 байт | C5: Информация
A6: 44692.357 | B6: Подготовка к обновлению... | C6: Информация
A7: 44692.357 | B7: Сохранение файла резервной копии: C:\Users\nikita.novoselov\Desktop\1.BKP.xlsb | C7: Информация
A8: 44692.357 | B8: Резервная копия создана: C:\Users\nikita.novoselov\Desktop\1.BKP.xlsb | C8: Информация
A9: 44692.357 | B9: Создание книги для установки обновлений... | C9: Информация
A10: 44692.357 | B10: Файл обновления загружен: C:\Users\nikita.novoselov\Desktop\UPDATE.FAS.JKH.OPEN.INFO.REQUEST.WARM.TO.1.0.2.11.xls | C10: Информация
A11: 44692.357 | B11: Обновление завершилось удачно! Шаблон FAS.JKH.OPEN.INFO.REQUEST.WARM(v1.0).xlsb сохранен под именем 'FAS.JKH.OPEN.INFO.REQUEST.WARM(v1.0.2).xlsb' | C11: Информация
A12: 44692.36 | B12: Проверка доступных обновлений... | C12: Информация
A13: 44692.36 | B13: Нет доступных обновлений для отчёта с кодом FAS.JKH.OPEN.INFO.REQUEST.WARM! | C13: Информация
... A19: 44694.377 | B19: Нет доступных обновлений для отчёта с кодом FAS.JKH.OPEN.INFO.REQUEST.WARM! | C19: Информация

Sheet Титульный
F1: 26842389
E2: ="Код шаблона: " & GetCode() -> Код шаблона: FAS.JKH.OPEN.INFO.REQUEST.WARM
E3: ="Версия " & GetVersion() -> Версия 1.0.2
E5: Предложение регулируемой организации об установлении тарифов в сфере теплоснабжения (цены и тарифы), информация о способах приобретения, стоимости и объемах товаров, необходимых для производства регулируемых товаров и (или) оказания регулируемых услуг*
E7: Субъект РФ | F7: Челябинская область
E9: Отсутствует Интернет в границах территории МО, где организация осуществляет регулируемые виды деятельности | F9: нет
E11: Начало периода регулирования | F11: 01.01.2019
E12: Окончание периода регулирования | F12: 31.12.2023
E14: Тип отчета | F14: первичное раскрытие информации
E15: Дата внесения изменений в информацию, подлежащую раскрытию | F15: 11.05.2022
E16: Дата периода регулирования, с которой вводятся изменения в тарифы
F17: Первичное предложение по тарифам
E19: Дата подачи заявления об утверждении тарифов | F19: 25.04.2022
E20: Номер подачи заявления об утверждении тарифов | F20: 031/СН/2022
F22: Изменение тарифов
E24: Дата подачи заявления об изменении тарифов
E25: Номер заявления об изменении тарифов
E28: Является ли данное юридическое лицо подразделением (филиалом) другой организации | F28: нет
E29: Наименование организации | F29: АО "ЭСК ЧТПЗ"
E30: Наименование филиала
E31: ИНН | F31: 7449045730
E32: КПП | F32: 744901001
E34: Тип теплоснабжающей организации | F34: Теплосетевая организация в ценовой зоне теплоснабжения
E36: Режим налогообложения | F36: общий
E40: Почтовый адрес регулируемой организации | F40: 454129, г.Челябинск, ул. Машиностроителей, 21
E41: Фамилия, имя, отчество руководителя | F41: Аминев Альфред Курмангалеевич
F42: Ответственный за заполнение формы
E43: Фамилия, имя, отчество | F43: Новоселов Никита Андреевич
E44: Должность | F44: Начальник службы
E45: Контактный телефон | F45: (351) 259-03-76
E46: E-mail | F46: nikita.novoselov@chelpipegroup.com
D48: * | E48: Информация о способах приобретения, стоимости и объемах товаров, необходимых для производства регулируемых товаров и (или) оказания регулируемых услуг регулируемых организаций, публикуется по форме 4.2 едиными теплоснабжающими организациями, теплоснабжающими организациями и теплосетевыми организациями в ценовых зонах теплоснабжения позднее 30 календарных дней со дня направления годового бухгалтерского баланса в налоговые органы с учетом положений пункта 30 постановления Правительства №570 от 5 июля 2013 г.

Sheet Территории
K1: МО | L1: ОКТМО | M1: МР
D4: Перечень муниципальных районов и муниципальных образований (территорий действия тарифа)
F6: да
D8: Территория действия тарифа | F8: Муниципальный район | I8: Муниципальное образование
D9: № п/п | E9: Наименование | F9: № п/п | H9: Наименование | I9: № п/п | K9: Наименование | L9: ОКТМО
D10: 1 | E10: 2 | F10: 3 | H10: 4 | I10: 5 | K10: 6 | L10: 7
D11: 0 | M11: размерженный МР | P11: флаг используемости территории на листе Перечень тарифов | Q11: копия территорий | R11: МР (ОКТМО)
B12: auto | D12: 1 | E12: Город Челябинск, Город Челябинск (75701000); | G12: 0 | J12: 0 | M12: =mergeValue(H12) -> 0 | P12: =IF(ISERROR(MATCH(Q12,MODesc,0)),"n","y") -> n | Q12: Город Челябинск, Город Челябинск (75701000); | R12: =K12&"("&L12&")" -> ()
B13: auto | G13: 1 | H13: Город Челябинск | J13: 0 | M13: =mergeValue(H13) -> Город Челябинск | R13: =K13&"("&L13&")" -> ()
B14: auto | J14: 1 | K14: Город Челябинск | L14: 75701000 | M14: =mergeValue(H14) -> Город Челябинск | R14: =K14&" ("&L14&")" -> Город Челябинск (75701000)
B15: man | Q15: Добавить территорию действия тарифа

Sheet Перечень тарифов
D5: Перечень тарифов и технологически не связанных между собой систем теплоснабжения, в отношении которых предлагаются различные тарифы в сфере теплоснабжения и горячего водоснабжения с использованием открытых систем теплоснабжения (информация раскрывается отдельно по каждой системе теплоснабжения)
E11: Тариф на горячую воду предлагается с (!) разбивкой по поставщикам | G11: нет
E12: Тариф на горячую воду предлагается без (!) разбивки на компоненты | G12: нет
D17: № п/п | E17: Вид тарифа | F17: Вид деятельности | G17: Наличие двухставочного тарифа | H17: № п/п | J17: Наименование тарифа | K17: Дифференциация по МО (территориям) | O17: Дифференциация по централизованным системам теплоснабжения | S17: Дифференциация по источникам тепловой энергии | W17: Примечание
K18: да/нет | L18: № п/п | N18: Описание | O18: да/нет | P18: № п/п | R18: Описание | S18: да/нет | T18: № п/п | V18: Наименование
D19: 1 | E19: 2 | F19: 3 | G19: 4 | H19: 5 | J19: 6 | K19: 7 | L19: 8 | N19: 9 | O19: 10 | P19: 11 | R19: 12 | S19: 11 | T19: 12 | V19: 13 | W19: 14
D20: 0
A21: 6 | D21: 1 | E21: Тарифы на услуги по передаче тепловой энергии | F21: Передача. Тепловая энергия | G21: нет | I21: 1 | K21: нет | M21: 1 | O21: нет | Q21: 1 | S21: нет | U21: 1
E32: Информация о регулируемых ценах (тарифах) на товары (услуги) единой теплоснабжающей организации в ценовых зонах теплоснабжения включает сведения:
E33: - о предельном уровне цены на тепловую энергию (мощность), поставляемую потребителям, об индикативном предельном уровне цены на тепловую энергию (мощность) и о графике поэтапного равномерного доведения предельного уровня цены на тепловую энергию (мощность) (при наличии), определяемых в соответствии с Правилами определения в ценовых зонах теплоснабжения предельного уровня цены на тепловую энергию (мощность), включая правила индексации предельного уровня цены на тепловую энергию (мощность), утвержденными ПП РФ от 15 декабря 2017 г. № 1562 "Об определении в ценовых зонах теплоснабжения предельного уровня цены на тепловую энергию (мощность), включая индексацию предельного уровня цены на тепловую энергию (мощность), и технико-экономических параметров работы котельных и тепловых сетей, используемых для расчета предельного уровня цены на тепловую энергию (мощность)";
E34: - о тарифах на теплоноситель в виде воды, поставляемый единой теплоснабжающей организацией потребителям и теплоснабжающими организациями другим теплоснабжающим организациям с использованием открытых систем теплоснабжения (горячего водоснабжения), за исключением случая, предусмотренного пунктом 6 части 1 статьи 23.4 ФЗ "О теплоснабжении";
E35: - о тарифах на горячую воду, поставляемую единой теплоснабжающей организацией потребителям с использованием открытых систем теплоснабжения (горячего водоснабжения), установленных в виде формулы двухкомпонентного тарифа с использованием компонента на теплоноситель и компонента на тепловую энергию, в том числе о числовых значениях компонентов указанного тарифа;
E36: - о плате за подключение (технологическое присоединение) к системе теплоснабжения, применяемой в случае, установленном частью 9 статьи 23.4 ФЗ "О теплоснабжении".
E38: Информация о регулируемых ценах (тарифах) на товары (услуги) теплоснабжающей организации и теплосетевой организации в ценовых зонах теплоснабжения включает сведения:
E39: - о тарифах на теплоноситель в виде воды, поставляемый другим теплоснабжающим организациям с использованием открытых систем теплоснабжения (горячего водоснабжения), за исключением случая, предусмотренного пунктом 6 части 1 статьи 23.4 ФЗ "О теплоснабжении";
E40: - о тарифах на товары (услуги) в сфере теплоснабжения в случаях, указанных в частях 12.1 - 12.4 статьи 10 ФЗ "О теплоснабжении"

Sheet Форма 1.0.1 | Т-ТЭ | >=25МВт
A1: 1
F2: Форма 1.0.1 Основные параметры раскрываемой информации 1
F4: Параметры формы | I4: Описание параметров формы
F5: № п/п | G5: Наименование параметра | H5: Информация
F6: 1 | G6: 2 | H6: 3 | I6: 4 | J6: 4
F7: 1 | G7: Дата заполнения/внесения изменений | H7: =IF(dateCh="","",dateCh) -> 11.05.2022 | I7: Указывается календарная дата первичного заполнения или внесения изменений в форму в виде «ДД.ММ.ГГГГ».
A8: 1 | F8: ="2." &mergeValue(A8) -> 2.1 | G8: Наименование централизованной системы коммунальной инфраструктуры | I8: Указывается наименование централизованной системы холодного водоснабжения/горячего водоснабжения/водоотведения/теплоснабжения, к которой относится размещаемая информация. В случае наличия нескольких централизованных систем коммунальной инфраструктуры, информация по каждой из них указывается в отдельной строке.
F9: ="3." &mergeValue(A9) -> 3.1 | G9: Наименование регулируемого вида деятельности | I9: Указывается наименование вида регулируемой деятельности.
F10: ="4."&mergeValue(A10) -> 4.1 | G10: Территория оказания услуги по регулируемому виду деятельности | H10: x
B11: 1 | F11: ="4."&mergeValue(A11) &"."&mergeValue(B11) -> 4.1.1 | G11: Субъект Российской Федерации | H11: =IF(region_name="","",region_name) -> Челябинская область | I11: Указывается наименование субъекта Российской Федерации
C12: 1 | F12: ="4."&mergeValue(A12) &"."&mergeValue(B12)&"."&mergeValue(C12) -> 4.1.1.1 | G12: муниципальный район | I12: Указывается наименование муниципального района, на территории которого организация оказывает услуги по регулируемому виду деятельности.
D13: 1 | F13: ="4."&mergeValue(A13) &"."&mergeValue(B13)&"."&mergeValue(C13)&"."&mergeValue(D13) -> 4.1.1.1.1 | G13: муниципальное образование | I13: Указывается наименование и код муниципального района, муниципального образования в соответствии с Общероссийским классификатором территорий муниципальных образований (далее - ОКТМО), входящего в муниципальный район, на территории которого организация оказывает услуги по регулируемому виду деятельности. В случае оказания услуг по регулируемому виду деятельности на территории нескольких муниципальных районов (муниципальных образований) данные по каждому их них указываются в отдельной строке.
G14: Добавить МО
G15: Добавить МР
G16: Добавить территорию
G17: Добавить ЦС
G19: 1 Информация размещается при раскрытии информации по каждой из форм.

Sheet Форма 4.10.2 | Т-ТЭ | >=25МВт
L5: Форма 4.10.2 Информация о предложении величин тарифов на тепловую энергию, поддержанию резервной тепловой мощности1
M8: ="Дата подачи заявления об "&IF(datePr_ch="","утверждении","изменении") & " тарифов" -> Дата подачи заявления об утверждении тарифов | O8: =IF(datePr_ch="",IF(datePr="","",datePr),datePr_ch) -> 25.04.2022
M9: ="Номер подачи заявления об "&IF(numberPr_ch="","утверждении","изменении") & " тарифов" -> Номер подачи заявления об утверждении тарифов | O9: =IF(numberPr_ch="",IF(numberPr="","",numberPr),numberPr_ch) -> 031/СН/2022
U11: dp
L13: Параметры формы | W13: Описание параметров формы
L14: № п/п | M14: Параметр дифференциации тарифа | O14: Период действия тарифа | U14: Наличие других периодов действия тарифа | V14: Добавить период
O15: Одноставочный тариф, руб./Гкал | P15: Двухставочный тариф | R15: Период действия
P16: ставка за тепловую энергию, руб./Гкал | Q16: ставка за содержание тепловой мощности, тыс.руб./Гкал/ч/мес | R16: дата начала | S16: дата окончания
K17: 1 | L17: 1 | M17: 2 | N17: =OFFSET(N17,0,-1) -> 2 | O17: =OFFSET(O17,0,-1)+1 -> 3 | P17: =OFFSET(P17,0,-1)+1 -> 4 | Q17: =OFFSET(Q17,0,-1)+1 -> 5 | R17: =OFFSET(R17,0,-1)+1 -> 6 | S17: =OFFSET(S17,0,-1)+1 -> 7 | U17: =OFFSET(U17,0,-2)+1 -> 8 | V17: =OFFSET(V17,0,-1) -> 8 | W17: =OFFSET(W17,0,-1)+1 -> 9
A18: 1 | L18: =mergeValue(A18) -> 1 | M18: Наименование тарифа | W18: Указывается наименование тарифа в случае подачи предложения по нескольким тарифам. В случае наличия нескольких тарифов информация по ним указывается в отдельных строках. | Z18: =IF(M18="","",M18 ) -> Наименование тарифа
B19: 1 | L19: =mergeValue(A19) &"."& mergeValue(B19) -> 1.1 | M19: Территория действия тарифа | W19: Указывается наименование территории действия тарифа при наличии дифференциации тарифа по территориальному признаку. В случае дифференциации тарифов по территориальному признаку информация по ним указывается в отдельных строках. | Z19: =IF(M19="","",M19 ) -> Территория действия тарифа
C20: 1 | L20: =mergeValue(A20) &"."& mergeValue(B20)&"."& mergeValue(C20) -> 1.1.1 | M20: Наименование системы теплоснабжения | W20: Указывается наименование системы теплоснабжения при наличии дифференциации тарифа по системам теплоснабжения. В случае дифференциации тарифов по системам теплоснабжения информация по ним указывается в отдельных строках. | Z20: =IF(M20="","",M20 ) -> Наименование системы теплоснабжения
D21: 1 | L21: =mergeValue(A21) &"."& mergeValue(B21)&"."& mergeValue(C21)&"."& mergeValue(D21) -> 1.1.1.1 | M21: Источник тепловой энергии | W21: Указывается наименование источника тепловой энергии В случае дифференциации тарифов по источникам тепловой энергии информация по ним указывается в отдельных строках. | Z21: =IF(M21="","",M21 ) -> Источник тепловой энергии
E22: 1 | H22: 1 | I22: 1 | L22: =mergeValue(A22) &"."& mergeValue(B22)&"."& mergeValue(C22)&"."& mergeValue(D22)&"."& mergeValue(E22) -> 1.1.1.1.1 | M22: Схема подключения теплопотребляющей установки к коллектору источника тепловой энергии | W22: Указывается схема подключения теплопотребляющей установки к коллектору источника тепловой энергии только для тарифов на тепловую энергию и за услуги по поддержанию резервной мощности. Значение выбирается из перечня: Без дифференциации; к коллектору источника тепловой энергии; к тепловой сети без дополнительного преобразования на тепловых пунктах, эксплуатируемых теплоснабжающей организацией; к тепловой сети после тепловых пунктов (на тепловых пунктах), эксплуатируемых теплоснабжающей организацией. В случае дифференциации тарифов по схемам подключения теплопотребляющей установки к коллектору источника тепловой энергии информация по ним указывается в отдельных строках. | Z22: =IF(M22="","",M22 ) -> Схема подключения теплопотребляющей установки к коллектору источника тепловой энергии
F23: 1 | J23: 1 | L23: =mergeValue(A23) &"."& mergeValue(B23)&"."& mergeValue(C23)&"."& mergeValue(D23)&"."& mergeValue(E23)&"."& mergeValue(F23) -> 1.1.1.1.1.1 | M23: Группа потребителей | W23: Указывается группа потребителей при наличии дифференциации тарифа по группам потребителей. Значение выбирается из перечня: Организации-перепродавцы; Бюджетные организации; Население; Прочие; Без дифференциации. В случае дифференциации тарифов группам потребителей информация по ним указывается в отдельных строках. | Z23: =IF(M23="","",M23 ) -> Группа потребителей
G24: 1 | K24: 1 | L24: =mergeValue(A24) &"."& mergeValue(B24)&"."& mergeValue(C24)&"."& mergeValue(D24)&"."& mergeValue(E24)&"."& mergeValue(F24)&"."& mergeValue(G24) -> 1.1.1.1.1.1.1 | S24: да | U24: нет | W24: В колонке «Параметр дифференциации тарифов» указывается вид теплоносителя. Значение выбирается из перечня: вода; пар; отборный пар, 1.2-2.5 кг/см2; отборный пар, 2.5-7 кг/см2; отборный пар, 7-13 кг/см2; отборный пар, > 13 кг/см2; острый и редуцированный пар; горячая вода в системе централизованного теплоснабжения на отопление; горячая вода в системе централизованного теплоснабжения на горячее водоснабжение; прочее. При подаче предложения на двухставочный тариф колонка «Одноставочный тариф» не заполняется. При подаче предложения на одноставочный тариф колонки в блоке «Двухставочный тариф» не заполняются. Даты начала и окончания действия тарифов указываются в виде «ДД.ММ.ГГГГ». В случае отсутствия даты окончания действия тарифа в колонке «Дата окончания» указывается «Нет». Информация в колонке «Ставка за содержание тепловой мощности, тыс. руб./Гкал/ч/мес» указывается только для тарифа по поддержанию резервной мощности. В случае дифференциации тарифов по периодам действия тарифа информация по ним указывается в отдельных колонках. В случае дифференциации тарифов по видам теплоносителя информация по ним указывается в отдельных строках. | X24: =strCheckDate(O25:V25) | Z24: =IF(M24="","",M24 )
Q25: =R24 & "-" & T24 -> - | Z25: =IF(M25="","",M25 )
M26: Добавить вид теплоносителя (параметры теплоносителя) | Z26: =IF(M26="","",M26 ) -> Добавить вид теплоносителя (параметры теплоносителя)
M27: Добавить группу потребителей | Z27: =IF(M27="","",M27 ) -> Добавить группу потребителей
M28: Добавить схему подключения | Z28: =IF(M28="","",M28 ) -> Добавить схему подключения
M29: Добавить источник тепловой энергии | Z29: =IF(M29="","",M29 ) -> Добавить источник тепловой энергии
M30: Добавить наименование системы теплоснабжения | Z30: =IF(M30="","",M30 ) -> Добавить наименование системы теплоснабжения
M31: Добавить территорию действия тарифа | Z31: =IF(M31="","",M31 ) -> Добавить территорию действия тарифа
M32: Добавить наименование тарифа
L34: 1 | M34: Для каждого вида тарифа в сфере теплоснабжения форма заполняется отдельно. При размещении информации по данной форме дополнительно указывается дата подачи заявления об утверждении тарифа и его номер. По данной форме размещается в том числе информация о предложении об установлении цен (тарифов) в сфере теплоснабжения для единых теплоснабжающих организаций, а также теплоснабжающих организаций, теплосетевых организаций в ценовых зонах теплоснабжения.

Sheet Форма 1.0.1 | Т-ТЭ | ТСО
A1: 2
F2: Форма 1.0.1 Основные параметры раскрываемой информации 1
F4: Параметры формы | I4: Описание параметров формы
F5: № п/п | G5: Наименование параметра | H5: Информация
F6: 1 | G6: 2 | H6: 3 | I6: 4 | J6: 4
F7: 1 | G7: Дата заполнения/внесения изменений | H7: =IF(dateCh="","",dateCh) -> 11.05.2022 | I7: Указывается календарная дата первичного заполнения или внесения изменений в форму в виде «ДД.ММ.ГГГГ».
A8: 1 | F8: ="2." &mergeValue(A8) -> 2.1 | G8: Наименование централизованной системы коммунальной инфраструктуры | I8: Указывается наименование централизованной системы холодного водоснабжения/горячего водоснабжения/водоотведения/теплоснабжения, к которой относится размещаемая информация. В случае наличия нескольких централизованных систем коммунальной инфраструктуры, информация по каждой из них указывается в отдельной строке.
F9: ="3." &mergeValue(A9) -> 3.1 | G9: Наименование регулируемого вида деятельности | I9: Указывается наименование вида регулируемой деятельности.
F10: ="4."&mergeValue(A10) -> 4.1 | G10: Территория оказания услуги по регулируемому виду деятельности | H10: x
B11: 1 | F11: ="4."&mergeValue(A11) &"."&mergeValue(B11) -> 4.1.1 | G11: Субъект Российской Федерации | H11: =IF(region_name="","",region_name) -> Челябинская область | I11: Указывается наименование субъекта Российской Федерации
C12: 1 | F12: ="4."&mergeValue(A12) &"."&mergeValue(B12)&"."&mergeValue(C12) -> 4.1.1.1 | G12: муниципальный район | I12: Указывается наименование муниципального района, на территории которого организация оказывает услуги по регулируемому виду деятельности.
D13: 1 | F13: ="4."&mergeValue(A13) &"."&mergeValue(B13)&"."&mergeValue(C13)&"."&mergeValue(D13) -> 4.1.1.1.1 | G13: муниципальное образование | I13: Указывается наименование и код муниципального района, муниципального образования в соответствии с Общероссийским классификатором территорий муниципальных образований (далее - ОКТМО), входящего в муниципальный район, на территории которого организация оказывает услуги по регулируемому виду деятельности. В случае оказания услуг по регулируемому виду деятельности на территории нескольких муниципальных районов (муниципальных образований) данные по каждому их них указываются в отдельной строке.
G14: Добавить МО
G15: Добавить МР
G16: Добавить территорию
G17: Добавить ЦС
G19: 1 Информация размещается при раскрытии информации по каждой из форм.

Sheet Форма 4.10.2 | Т-ТЭ | ТСО
L5: Форма 4.10.2 Информация о предложении величин тарифов на тепловую энергию, поддержанию резервной тепловой мощности1
M8: ="Дата подачи заявления об "&IF(datePr_ch="","утверждении","изменении") & " тарифов" -> Дата подачи заявления об утверждении тарифов | O8: =IF(datePr_ch="",IF(datePr="","",datePr),datePr_ch) -> 25.04.2022
M9: ="Номер подачи заявления об "&IF(numberPr_ch="","утверждении","изменении") & " тарифов" -> Номер подачи заявления об утверждении тарифов | O9: =IF(numberPr_ch="",IF(numberPr="","",numberPr),numberPr_ch) -> 031/СН/2022
U11: dp
L13: Параметры формы | W13: Описание параметров формы
L14: № п/п | M14: Параметр дифференциации тарифа | O14: Период действия тарифа | U14: Наличие других периодов действия тарифа | V14: Добавить период
O15: Одноставочный тариф, руб./Гкал | P15: Двухставочный тариф | R15: Период действия
P16: ставка за тепловую энергию, руб./Гкал | Q16: ставка за содержание тепловой мощности, тыс.руб./Гкал/ч/мес | R16: дата начала | S16: дата окончания
K17: 1 | L17: 1 | M17: 2 | N17: =OFFSET(N17,0,-1) -> 2 | O17: =OFFSET(O17,0,-1)+1 -> 3 | P17: =OFFSET(P17,0,-1)+1 -> 4 | Q17: =OFFSET(Q17,0,-1)+1 -> 5 | R17: =OFFSET(R17,0,-1)+1 -> 6 | S17: =OFFSET(S17,0,-1)+1 -> 7 | U17: =OFFSET(U17,0,-2)+1 -> 8 | V17: =OFFSET(V17,0,-1) -> 8 | W17: =OFFSET(W17,0,-1)+1 -> 9
A18: 1 | L18: =mergeValue(A18) -> 1 | M18: Наименование тарифа | W18: Указывается наименование тарифа в случае подачи предложения по нескольким тарифам. В случае наличия нескольких тарифов информация по ним указывается в отдельных строках. | Z18: =IF(M18="","",M18 ) -> Наименование тарифа
B19: 1 | L19: =mergeValue(A19) &"."& mergeValue(B19) -> 1.1 | M19: Территория действия тарифа | W19: Указывается наименование территории действия тарифа при наличии дифференциации тарифа по территориальному признаку. В случае дифференциации тарифов по территориальному признаку информация по ним указывается в отдельных строках. | Z19: =IF(M19="","",M19 ) -> Территория действия тарифа
C20: 1 | L20: =mergeValue(A20) &"."& mergeValue(B20)&"."& mergeValue(C20) -> 1.1.1 | M20: Наименование системы теплоснабжения | W20: Указывается наименование системы теплоснабжения при наличии дифференциации тарифа по системам теплоснабжения. В случае дифференциации тарифов по системам теплоснабжения информация по ним указывается в отдельных строках. | Z20: =IF(M20="","",M20 ) -> Наименование системы теплоснабжения
D21: 1 | L21: =mergeValue(A21) &"."& mergeValue(B21)&"."& mergeValue(C21)&"."& mergeValue(D21) -> 1.1.1.1 | M21: Источник тепловой энергии | W21: Указывается наименование источника тепловой энергии В случае дифференциации тарифов по источникам тепловой энергии информация по ним указывается в отдельных строках. | Z21: =IF(M21="","",M21 ) -> Источник тепловой энергии
E22: 1 | H22: 1 | I22: 1 | L22: =mergeValue(A22) &"."& mergeValue(B22)&"."& mergeValue(C22)&"."& mergeValue(D22)&"."& mergeValue(E22) -> 1.1.1.1.1 | M22: Схема подключения теплопотребляющей установки к коллектору источника тепловой энергии | W22: Указывается схема подключения теплопотребляющей установки к коллектору источника тепловой энергии только для тарифов на тепловую энергию и за услуги по поддержанию резервной мощности. Значение выбирается из перечня: Без дифференциации; к коллектору источника тепловой энергии; к тепловой сети без дополнительного преобразования на тепловых пунктах, эксплуатируемых теплоснабжающей организацией; к тепловой сети после тепловых пунктов (на тепловых пунктах), эксплуатируемых теплоснабжающей организацией. В случае дифференциации тарифов по схемам подключения теплопотребляющей установки к коллектору источника тепловой энергии информация по ним указывается в отдельных строках. | Z22: =IF(M22="","",M22 ) -> Схема подключения теплопотребляющей установки к коллектору источника тепловой энергии
F23: 1 | J23: 1 | L23: =mergeValue(A23) &"."& mergeValue(B23)&"."& mergeValue(C23)&"."& mergeValue(D23)&"."& mergeValue(E23)&"."& mergeValue(F23) -> 1.1.1.1.1.1 | M23: Группа потребителей | W23: Указывается группа потребителей при наличии дифференциации тарифа по группам потребителей. Значение выбирается из перечня: Организации-перепродавцы; Бюджетные организации; Население; Прочие; Без дифференциации. В случае дифференциации тарифов группам потребителей информация по ним указывается в отдельных строках. | Z23: =IF(M23="","",M23 ) -> Группа потребителей
G24: 1 | K24: 1 | L24: =mergeValue(A24) &"."& mergeValue(B24)&"."& mergeValue(C24)&"."& mergeValue(D24)&"."& mergeValue(E24)&"."& mergeValue(F24)&"."& mergeValue(G24) -> 1.1.1.1.1.1.1 | S24: да | U24: нет | W24: В колонке «Параметр дифференциации тарифов» указывается вид теплоносителя. Значение выбирается из перечня: вода; пар; отборный пар, 1.2-2.5 кг/см2; отборный пар, 2.5-7 кг/см2; отборный пар, 7-13 кг/см2; отборный пар, > 13 кг/см2; острый и редуцированный пар; горячая вода в системе централизованного теплоснабжения на отопление; горячая вода в системе централизованного теплоснабжения на горячее водоснабжение; прочее. При подаче предложения на двухставочный тариф колонка «Одноставочный тариф» не заполняется. При подаче предложения на одноставочный тариф колонки в блоке «Двухставочный тариф» не заполняются. Даты начала и окончания действия тарифов указываются в виде «ДД.ММ.ГГГГ». В случае отсутствия даты окончания действия тарифа в колонке «Дата окончания» указывается «Нет». Информация в колонке «Ставка за содержание тепловой мощности, тыс. руб./Гкал/ч/мес» указывается только для тарифа по поддержанию резервной мощности. В случае дифференциации тарифов по периодам действия тарифа информация по ним указывается в отдельных колонках. В случае дифференциации тарифов по видам теплоносителя информация по ним указывается в отдельных строках. | X24: =strCheckDate(O25:V25) | Z24: =IF(M24="","",M24 )
Q25: =R24 & "-" & T24 -> - | Z25: =IF(M25="","",M25 )
M26: Добавить вид теплоносителя (параметры теплоносителя) | Z26: =IF(M26="","",M26 ) -> Добавить вид теплоносителя (параметры теплоносителя)
M27: Добавить группу потребителей | Z27: =IF(M27="","",M27 ) -> Добавить группу потребителей
M28: Добавить схему подключения | Z28: =IF(M28="","",M28 ) -> Добавить схему подключения
M29: Добавить источник тепловой энергии | Z29: =IF(M29="","",M29 ) -> Добавить источник тепловой энергии
M30: Добавить наименование системы теплоснабжения | Z30: =IF(M30="","",M30 ) -> Добавить наименование системы теплоснабжения
M31: Добавить территорию действия тарифа | Z31: =IF(M31="","",M31 ) -> Добавить территорию действия тарифа
M32: Добавить наименование тарифа
L34: 1 | M34: Для каждого вида тарифа в сфере теплоснабжения форма заполняется отдельно. При размещении информации по данной форме дополнительно указывается дата подачи заявления об утверждении тарифа и его номер. По данной форме размещается в том числе информация о предложении об установлении цен (тарифов) в сфере теплоснабжения для единых теплоснабжающих организаций, а также теплоснабжающих организаций, теплосетевых организаций в ценовых зонах теплоснабжения.

Sheet Форма 1.0.1 | Т-ТЭ | потр
A1: 2
F2: Форма 1.0.1 Основные параметры раскрываемой информации 1
F4: Параметры формы | I4: Описание параметров формы
F5: № п/п | G5: Наименование параметра | H5: Информация
F6: 1 | G6: 2 | H6: 3 | I6: 4 | J6: 4
F7: 1 | G7: Дата заполнения/внесения изменений | H7: =IF(dateCh="","",dateCh) -> 11.05.2022 | I7: Указывается календарная дата первичного заполнения или внесения изменений в форму в виде «ДД.ММ.ГГГГ».
A8: 1 | F8: ="2." &mergeValue(A8) -> 2.1 | G8: Наименование централизованной системы коммунальной инфраструктуры | I8: Указывается наименование централизованной системы холодного водоснабжения/горячего водоснабжения/водоотведения/теплоснабжения, к которой относится размещаемая информация. В случае наличия нескольких централизованных систем коммунальной инфраструктуры, информация по каждой из них указывается в отдельной строке.
F9: ="3." &mergeValue(A9) -> 3.1 | G9: Наименование регулируемого вида деятельности | I9: Указывается наименование вида регулируемой деятельности.
F10: ="4."&mergeValue(A10) -> 4.1 | G10: Территория оказания услуги по регулируемому виду деятельности | H10: x
B11: 1 | F11: ="4."&mergeValue(A11) &"."&mergeValue(B11) -> 4.1.1 | G11: Субъект Российской Федерации | H11: =IF(region_name="","",region_name) -> Челябинская область | I11: Указывается наименование субъекта Российской Федерации
C12: 1 | F12: ="4."&mergeValue(A12) &"."&mergeValue(B12)&"."&mergeValue(C12) -> 4.1.1.1 | G12: муниципальный район | I12: Указывается наименование муниципального района, на территории которого организация оказывает услуги по регулируемому виду деятельности.
D13: 1 | F13: ="4."&mergeValue(A13) &"."&mergeValue(B13)&"."&mergeValue(C13)&"."&mergeValue(D13) -> 4.1.1.1.1 | G13: муниципальное образование | I13: Указывается наименование и код муниципального района, муниципального образования в соответствии с Общероссийским классификатором территорий муниципальных образований (далее - ОКТМО), входящего в муниципальный район, на территории которого организация оказывает услуги по регулируемому виду деятельности. В случае оказания услуг по регулируемому виду деятельности на территории нескольких муниципальных районов (муниципальных образований) данные по каждому их них указываются в отдельной строке.
G14: Добавить МО
G15: Добавить МР
G16: Добавить территорию
G17: Добавить ЦС
G19: 1 Информация размещается при раскрытии информации по каждой из форм.

Sheet Форма 4.10.2 | Т-ТЭ | потр
L5: Форма 4.10.2 Информация о предложении величин тарифов на тепловую энергию, поддержанию резервной тепловой мощности1
M8: ="Дата подачи заявления об "&IF(datePr_ch="","утверждении","изменении") & " тарифов" -> Дата подачи заявления об утверждении тарифов | O8: =IF(datePr_ch="",IF(datePr="","",datePr),datePr_ch) -> 25.04.2022
M9: ="Номер подачи заявления об "&IF(numberPr_ch="","утверждении","изменении") & " тарифов" -> Номер подачи заявления об утверждении тарифов | O9: =IF(numberPr_ch="",IF(numberPr="","",numberPr),numberPr_ch) -> 031/СН/2022
U11: dp
L13: Параметры формы | W13: Описание параметров формы
L14: № п/п | M14: Параметр дифференциации тарифа | O14: Период действия тарифа | U14: Наличие других периодов действия тарифа | V14: Добавить период
O15: Одноставочный тариф, руб./Гкал | P15: Двухставочный тариф | R15: Период действия
P16: ставка за тепловую энергию, руб./Гкал | Q16: ставка за содержание тепловой мощности, тыс.руб./Гкал/ч/мес | R16: дата начала | S16: дата окончания
K17: 1 | L17: 1 | M17: 2 | N17: =OFFSET(N17,0,-1) -> 2 | O17: =OFFSET(O17,0,-1)+1 -> 3 | P17: =OFFSET(P17,0,-1)+1 -> 4 | Q17: =OFFSET(Q17,0,-1)+1 -> 5 | R17: =OFFSET(R17,0,-1)+1 -> 6 | S17: =OFFSET(S17,0,-1)+1 -> 7 | U17: =OFFSET(U17,0,-2)+1 -> 8 | V17: =OFFSET(V17,0,-1) -> 8 | W17: =OFFSET(W17,0,-1)+1 -> 9
A18: 1 | L18: =mergeValue(A18) -> 1 | M18: Наименование тарифа | W18: Указывается наименование тарифа в случае подачи предложения по нескольким тарифам. В случае наличия нескольких тарифов информация по ним указывается в отдельных строках. | Z18: =IF(M18="","",M18 ) -> Наименование тарифа
B19: 1 | L19: =mergeValue(A19) &"."& mergeValue(B19) -> 1.1 | M19: Территория действия тарифа | W19: Указывается наименование территории действия тарифа при наличии дифференциации тарифа по территориальному признаку. В случае дифференциации тарифов по территориальному признаку информация по ним указывается в отдельных строках. | Z19: =IF(M19="","",M19 ) -> Территория действия тарифа
C20: 1 | L20: =mergeValue(A20) &"."& mergeValue(B20)&"."& mergeValue(C20) -> 1.1.1 | M20: Наименование системы теплоснабжения | W20: Указывается наименование системы теплоснабжения при наличии дифференциации тарифа по системам теплоснабжения. В случае дифференциации тарифов по системам теплоснабжения информация по ним указывается в отдельных строках. | Z20: =IF(M20="","",M20 ) -> Наименование системы теплоснабжения
D21: 1 | L21: =mergeValue(A21) &"."& mergeValue(B21)&"."& mergeValue(C21)&"."& mergeValue(D21) -> 1.1.1.1 | M21: Источник тепловой энергии | W21: Указывается наименование источника тепловой энергии В случае дифференциации тарифов по источникам тепловой энергии информация по ним указывается в отдельных строках. | Z21: =IF(M21="","",M21 ) -> Источник тепловой энергии
E22: 1 | H22: 1 | I22: 1 | L22: =mergeValue(A22) &"."& mergeValue(B22)&"."& mergeValue(C22)&"."& mergeValue(D22)&"."& mergeValue(E22) -> 1.1.1.1.1 | M22: Схема подключения теплопотребляющей установки к коллектору источника тепловой энергии | W22: Указывается схема подключения теплопотребляющей установки к коллектору источника тепловой энергии только для тарифов на тепловую энергию и за услуги по поддержанию резервной мощности. Значение выбирается из перечня: Без дифференциации; к коллектору источника тепловой энергии; к тепловой сети без дополнительного преобразования на тепловых пунктах, эксплуатируемых теплоснабжающей организацией; к тепловой сети после тепловых пунктов (на тепловых пунктах), эксплуатируемых теплоснабжающей организацией. В случае дифференциации тарифов по схемам подключения теплопотребляющей установки к коллектору источника тепловой энергии информация по ним указывается в отдельных строках. | Z22: =IF(M22="","",M22 ) -> Схема подключения теплопотребляющей установки к коллектору источника тепловой энергии
F23: 1 | J23: 1 | L23: =mergeValue(A23) &"."& mergeValue(B23)&"."& mergeValue(C23)&"."& mergeValue(D23)&"."& mergeValue(E23)&"."& mergeValue(F23) -> 1.1.1.1.1.1 | M23: Группа потребителей | W23: Указывается группа потребителей при наличии дифференциации тарифа по группам потребителей. Значение выбирается из перечня: Организации-перепродавцы; Бюджетные организации; Население; Прочие; Без дифференциации. В случае дифференциации тарифов группам потребителей информация по ним указывается в отдельных строках. | Z23: =IF(M23="","",M23 ) -> Группа потребителей
G24: 1 | K24: 1 | L24: =mergeValue(A24) &"."& mergeValue(B24)&"."& mergeValue(C24)&"."& mergeValue(D24)&"."& mergeValue(E24)&"."& mergeValue(F24)&"."& mergeValue(G24) -> 1.1.1.1.1.1.1 | S24: да | U24: нет | W24: В колонке «Параметр дифференциации тарифов» указывается вид теплоносителя. Значение выбирается из перечня: вода; пар; отборный пар, 1.2-2.5 кг/см2; отборный пар, 2.5-7 кг/см2; отборный пар, 7-13 кг/см2; отборный пар, > 13 кг/см2; острый и редуцированный пар; горячая вода в системе централизованного теплоснабжения на отопление; горячая вода в системе централизованного теплоснабжения на горячее водоснабжение; прочее. При подаче предложения на двухставочный тариф колонка «Одноставочный тариф» не заполняется. При подаче предложения на одноставочный тариф колонки в блоке «Двухставочный тариф» не заполняются. Даты начала и окончания действия тарифов указываются в виде «ДД.ММ.ГГГГ». В случае отсутствия даты окончания действия тарифа в колонке «Дата окончания» указывается «Нет». Информация в колонке «Ставка за содержание тепловой мощности, тыс. руб./Гкал/ч/мес» указывается только для тарифа по поддержанию резервной мощности. В случае дифференциации тарифов по периодам действия тарифа информация по ним указывается в отдельных колонках. В случае дифференциации тарифов по видам теплоносителя информация по ним указывается в отдельных строках. | X24: =strCheckDate(O25:V25) | Z24: =IF(M24="","",M24 )
Q25: =R24 & "-" & T24 -> - | Z25: =IF(M25="","",M25 )
M26: Добавить вид теплоносителя (параметры теплоносителя) | Z26: =IF(M26="","",M26 ) -> Добавить вид теплоносителя (параметры теплоносителя)
M27: Добавить группу потребителей | Z27: =IF(M27="","",M27 ) -> Добавить группу потребителей
M28: Добавить схему подключения | Z28: =IF(M28="","",M28 ) -> Добавить схему подключения
M29: Добавить источник тепловой энергии | Z29: =IF(M29="","",M29 ) -> Добавить источник тепловой энергии
M30: Добавить наименование системы теплоснабжения | Z30: =IF(M30="","",M30 ) -> Добавить наименование системы теплоснабжения
M31: Добавить территорию действия тарифа | Z31: =IF(M31="","",M31 ) -> Добавить территорию действия тарифа
M32: Добавить наименование тарифа
L34: 1 | M34: Для каждого вида тарифа в сфере теплоснабжения форма заполняется отдельно. При размещении информации по данной форме дополнительно указывается дата подачи заявления об утверждении тарифа и его номер. По данной форме размещается в том числе информация о предложении об установлении цен (тарифов) в сфере теплоснабжения для единых теплоснабжающих организаций, а также теплоснабжающих организаций, теплосетевых организаций в ценовых зонах теплоснабжения.

Sheet Форма 1.0.1 | Т-ТЭ | предел
A1: 3
F2: Форма 1.0.1 Основные параметры раскрываемой информации 1
F4: Параметры формы | I4: Описание параметров формы
F5: № п/п | G5: Наименование параметра | H5: Информация
F6: 1 | G6: 2 | H6: 3 | I6: 4 | J6: 4
F7: 1 | G7: Дата заполнения/внесения изменений | H7: =IF(dateCh="","",dateCh) -> 11.05.2022 | I7: Указывается календарная дата первичного заполнения или внесения изменений в форму в виде «ДД.ММ.ГГГГ».
A8: 1 | F8: ="2." &mergeValue(A8) -> 2.1 | G8: Наименование централизованной системы коммунальной инфраструктуры | I8: Указывается наименование централизованной системы холодного водоснабжения/горячего водоснабжения/водоотведения/теплоснабжения, к которой относится размещаемая информация. В случае наличия нескольких централизованных систем коммунальной инфраструктуры, информация по каждой из них указывается в отдельной строке.
F9: ="3." &mergeValue(A9) -> 3.1 | G9: Наименование регулируемого вида деятельности | I9: Указывается наименование вида регулируемой деятельности.
F10: ="4."&mergeValue(A10) -> 4.1 | G10: Территория оказания услуги по регулируемому виду деятельности | H10: x
B11: 1 | F11: ="4."&mergeValue(A11) &"."&mergeValue(B11) -> 4.1.1 | G11: Субъект Российской Федерации | H11: =IF(region_name="","",region_name) -> Челябинская область | I11: Указывается наименование субъекта Российской Федерации
C12: 1 | F12: ="4."&mergeValue(A12) &"."&mergeValue(B12)&"."&mergeValue(C12) -> 4.1.1.1 | G12: муниципальный район | I12: Указывается наименование муниципального района, на территории которого организация оказывает услуги по регулируемому виду деятельности.
D13: 1 | F13: ="4."&mergeValue(A13) &"."&mergeValue(B13)&"."&mergeValue(C13)&"."&mergeValue(D13) -> 4.1.1.1.1 | G13: муниципальное образование | I13: Указывается наименование и код муниципального района, муниципального образования в соответствии с Общероссийским классификатором территорий муниципальных образований (далее - ОКТМО), входящего в муниципальный район, на территории которого организация оказывает услуги по регулируемому виду деятельности. В случае оказания услуг по регулируемому виду деятельности на территории нескольких муниципальных районов (муниципальных образований) данные по каждому их них указываются в отдельной строке.
G14: Добавить МО
G15: Добавить МР
G16: Добавить территорию
G17: Добавить ЦС
G19: 1 Информация размещается при раскрытии информации по каждой из форм.

Sheet Форма 4.10.2 | Т-ТЭ | предел
L5: Форма 4.10.2 Информация о предложении величин тарифов на тепловую энергию, поддержанию резервной тепловой мощности1
M10: ="Дата подачи заявления об "&IF(datePr_ch="","утверждении","изменении") & " тарифов" -> Дата подачи заявления об утверждении тарифов | O10: =IF(datePr_ch="",IF(datePr="","",datePr),datePr_ch) -> 25.04.2022
M11: ="Номер подачи заявления об "&IF(numberPr_ch="","утверждении","изменении") & " тарифов" -> Номер подачи заявления об утверждении тарифов | O11: =IF(numberPr_ch="",IF(numberPr="","",numberPr),numberPr_ch) -> 031/СН/2022
U13: dp
L15: Параметры формы | W15: Описание параметров формы
L16: № п/п | M16: Параметр дифференциации тарифа | O16: Период действия тарифа | U16: Наличие других периодов действия тарифа | V16: Добавить период
O17: Одноставочный тариф, руб./Гкал | P17: Двухставочный тариф | R17: Период действия
P18: ставка за тепловую энергию, руб./Гкал | Q18: ставка за содержание тепловой мощности, тыс.руб./Гкал/ч/мес | R18: дата начала | S18: дата окончания
K19: 1 | L19: 1 | M19: 2 | N19: =OFFSET(N19,0,-1) -> 2 | O19: =OFFSET(O19,0,-1)+1 -> 3 | P19: =OFFSET(P19,0,-1)+1 -> 4 | Q19: =OFFSET(Q19,0,-1)+1 -> 5 | R19: =OFFSET(R19,0,-1)+1 -> 6 | S19: =OFFSET(S19,0,-1)+1 -> 7 | U19: =OFFSET(U19,0,-2)+1 -> 8 | V19: =OFFSET(V19,0,-1) -> 8 | W19: =OFFSET(W19,0,-1)+1 -> 9
A20: 1 | L20: =mergeValue(A20) -> 1 | M20: Наименование тарифа | W20: Указывается наименование тарифа в случае подачи предложения по нескольким тарифам. В случае наличия нескольких тарифов информация по ним указывается в отдельных строках. | Z20: =IF(M20="","",M20 ) -> Наименование тарифа
B21: 1 | L21: =mergeValue(A21) &"."& mergeValue(B21) -> 1.1 | M21: Территория действия тарифа | W21: Указывается наименование территории действия тарифа при наличии дифференциации тарифа по территориальному признаку. В случае дифференциации тарифов по территориальному признаку информация по ним указывается в отдельных строках. | Z21: =IF(M21="","",M21 ) -> Территория действия тарифа
C22: 1 | L22: =mergeValue(A22) &"."& mergeValue(B22)&"."& mergeValue(C22) -> 1.1.1 | M22: Наименование системы теплоснабжения | W22: Указывается наименование системы теплоснабжения при наличии дифференциации тарифа по системам теплоснабжения. В случае дифференциации тарифов по системам теплоснабжения информация по ним указывается в отдельных строках. | Z22: =IF(M22="","",M22 ) -> Наименование системы теплоснабжения
D23: 1 | L23: =mergeValue(A23) &"."& mergeValue(B23)&"."& mergeValue(C23)&"."& mergeValue(D23) -> 1.1.1.1 | M23: Источник тепловой энергии | W23: Указывается наименование источника тепловой энергии В случае дифференциации тарифов по источникам тепловой энергии информация по ним указывается в отдельных строках. | Z23: =IF(M23="","",M23 ) -> Источник тепловой энергии
E24: 1 | H24: 1 | I24: 1 | L24: =mergeValue(A24) &"."& mergeValue(B24)&"."& mergeValue(C24)&"."& mergeValue(D24)&"."& mergeValue(E24) -> 1.1.1.1.1 | M24: Схема подключения теплопотребляющей установки к коллектору источника тепловой энергии | W24: Указывается схема подключения теплопотребляющей установки к коллектору источника тепловой энергии только для тарифов на тепловую энергию и за услуги по поддержанию резервной мощности. Значение выбирается из перечня: Без дифференциации; к коллектору источника тепловой энергии; к тепловой сети без дополнительного преобразования на тепловых пунктах, эксплуатируемых теплоснабжающей организацией; к тепловой сети после тепловых пунктов (на тепловых пунктах), эксплуатируемых теплоснабжающей организацией. В случае дифференциации тарифов по схемам подключения теплопотребляющей установки к коллектору источника тепловой энергии информация по ним указывается в отдельных строках. | Z24: =IF(M24="","",M24 ) -> Схема подключения теплопотребляющей установки к коллектору источника тепловой энергии
F25: 1 | J25: 1 | L25: =mergeValue(A25) &"."& mergeValue(B25)&"."& mergeValue(C25)&"."& mergeValue(D25)&"."& mergeValue(E25)&"."& mergeValue(F25) -> 1.1.1.1.1.1 | M25: Группа потребителей | W25: Указывается группа потребителей при наличии дифференциации тарифа по группам потребителей. Значение выбирается из перечня: Организации-перепродавцы; Бюджетные организации; Население; Прочие; Без дифференциации. В случае дифференциации тарифов группам потребителей информация по ним указывается в отдельных строках. | Z25: =IF(M25="","",M25 ) -> Группа потребителей
G26: 1 | K26: 1 | L26: =mergeValue(A26) &"."& mergeValue(B26)&"."& mergeValue(C26)&"."& mergeValue(D26)&"."& mergeValue(E26)&"."& mergeValue(F26)&"."& mergeValue(G26) -> 1.1.1.1.1.1.1 | S26: да | U26: нет | W26: В колонке «Параметр дифференциации тарифов» указывается вид теплоносителя. Значение выбирается из перечня: вода; пар; отборный пар, 1.2-2.5 кг/см2; отборный пар, 2.5-7 кг/см2; отборный пар, 7-13 кг/см2; отборный пар, > 13 кг/см2; острый и редуцированный пар; горячая вода в системе централизованного теплоснабжения на отопление; горячая вода в системе централизованного теплоснабжения на горячее водоснабжение; прочее. При подаче предложения на двухставочный тариф колонка «Одноставочный тариф» не заполняется. При подаче предложения на одноставочный тариф колонки в блоке «Двухставочный тариф» не заполняются. Даты начала и окончания действия тарифов указываются в виде «ДД.ММ.ГГГГ». В случае отсутствия даты окончания действия тарифа в колонке «Дата окончания» указывается «Нет». Информация в колонке «Ставка за содержание тепловой мощности, тыс. руб./Гкал/ч/мес» указывается только для тарифа по поддержанию резервной мощности. В случае дифференциации тарифов по периодам действия тарифа информация по ним указывается в отдельных колонках. В случае дифференциации тарифов по видам теплоносителя информация по ним указывается в отдельных строках. | X26: =strCheckDate(O27:V27) | Z26: =IF(M26="","",M26 )
Q27: =R26 & "-" & T26 -> - | Z27: =IF(M27="","",M27 )
M28: Добавить вид теплоносителя (параметры теплоносителя) | Z28: =IF(M28="","",M28 ) -> Добавить вид теплоносителя (параметры теплоносителя)
M29: Добавить группу потребителей | Z29: =IF(M29="","",M29 ) -> Добавить группу потребителей
M30: Добавить схему подключения | Z30: =IF(M30="","",M30 ) -> Добавить схему подключения
M31: Добавить источник тепловой энергии | Z31: =IF(M31="","",M31 ) -> Добавить источник тепловой энергии
M32: Добавить наименование системы теплоснабжения | Z32: =IF(M32="","",M32 ) -> Добавить наименование системы теплоснабжения
M33: Добавить территорию действия тарифа | Z33: =IF(M33="","",M33 ) -> Добавить территорию действия тарифа
M34: Добавить наименование тарифа
L36: 1 | M36: Для каждого вида тарифа в сфере теплоснабжения форма заполняется отдельно. При размещении информации по данной форме дополнительно указывается дата подачи заявления об утверждении тарифа и его номер. По данной форме размещается в том числе информация о предложении об установлении цен (тарифов) в сфере теплоснабжения для единых теплоснабжающих организаций, а также теплоснабжающих организаций, теплосетевых организаций в ценовых зонах теплоснабжения.

Sheet Форма 1.0.1 | Т-ТЭ | индикат
A1: 3
F2: Форма 1.0.1 Основные параметры раскрываемой информации 1
F4: Параметры формы | I4: Описание параметров формы
F5: № п/п | G5: Наименование параметра | H5: Информация
F6: 1 | G6: 2 | H6: 3 | I6: 4 | J6: 4
F7: 1 | G7: Дата заполнения/внесения изменений | H7: =IF(dateCh="","",dateCh) -> 11.05.2022 | I7: Указывается календарная дата первичного заполнения или внесения изменений в форму в виде «ДД.ММ.ГГГГ».
A8: 1 | F8: ="2." &mergeValue(A8) -> 2.1 | G8: Наименование централизованной системы коммунальной инфраструктуры | I8: Указывается наименование централизованной системы холодного водоснабжения/горячего водоснабжения/водоотведения/теплоснабжения, к которой относится размещаемая информация. В случае наличия нескольких централизованных систем коммунальной инфраструктуры, информация по каждой из них указывается в отдельной строке.
F9: ="3." &mergeValue(A9) -> 3.1 | G9: Наименование регулируемого вида деятельности | I9: Указывается наименование вида регулируемой деятельности.
F10: ="4."&mergeValue(A10) -> 4.1 | G10: Территория оказания услуги по регулируемому виду деятельности | H10: x
B11: 1 | F11: ="4."&mergeValue(A11) &"."&mergeValue(B11) -> 4.1.1 | G11: Субъект Российской Федерации | H11: =IF(region_name="","",region_name) -> Челябинская область | I11: Указывается наименование субъекта Российской Федерации
C12: 1 | F12: ="4."&mergeValue(A12) &"."&mergeValue(B12)&"."&mergeValue(C12) -> 4.1.1.1 | G12: муниципальный район | I12: Указывается наименование муниципального района, на территории которого организация оказывает услуги по регулируемому виду деятельности.
D13: 1 | F13: ="4."&mergeValue(A13) &"."&mergeValue(B13)&"."&mergeValue(C13)&"."&mergeValue(D13) -> 4.1.1.1.1 | G13: муниципальное образование | I13: Указывается наименование и код муниципального района, муниципального образования в соответствии с Общероссийским классификатором территорий муниципальных образований (далее - ОКТМО), входящего в муниципальный район, на территории которого организация оказывает услуги по регулируемому виду деятельности. В случае оказания услуг по регулируемому виду деятельности на территории нескольких муниципальных районов (муниципальных образований) данные по каждому их них указываются в отдельной строке.
G14: Добавить МО
G15: Добавить МР
G16: Добавить территорию
G17: Добавить ЦС
G19: 1 Информация размещается при раскрытии информации по каждой из форм.

Sheet Форма 4.10.2 | Т-ТЭ | индикат
L5: Форма 4.10.2 Информация о предложении величин тарифов на тепловую энергию, поддержанию резервной тепловой мощности1
M7: График поэтапного равномерного доведения предельного уровня цены на тепловую энергию (мощность)
M10: ="Дата подачи заявления об "&IF(datePr_ch="","утверждении","изменении") & " тарифов" -> Дата подачи заявления об утверждении тарифов | O10: =IF(datePr_ch="",IF(datePr="","",datePr),datePr_ch) -> 25.04.2022
M11: ="Номер подачи заявления об "&IF(numberPr_ch="","утверждении","изменении") & " тарифов" -> Номер подачи заявления об утверждении тарифов | O11: =IF(numberPr_ch="",IF(numberPr="","",numberPr),numberPr_ch) -> 031/СН/2022
U13: dp
L15: Параметры формы | W15: Описание параметров формы
L16: № п/п | M16: Параметр дифференциации тарифа | O16: Период действия тарифа | U16: Наличие других периодов действия тарифа | V16: Добавить период
O17: Одноставочный тариф, руб./Гкал | P17: Двухставочный тариф | R17: Период действия
P18: ставка за тепловую энергию, руб./Гкал | Q18: ставка за содержание тепловой мощности, тыс.руб./Гкал/ч/мес | R18: дата начала | S18: дата окончания
K19: 1 | L19: 1 | M19: 2 | N19: =OFFSET(N19,0,-1) -> 2 | O19: =OFFSET(O19,0,-1)+1 -> 3 | P19: =OFFSET(P19,0,-1)+1 -> 4 | Q19: =OFFSET(Q19,0,-1)+1 -> 5 | R19: =OFFSET(R19,0,-1)+1 -> 6 | S19: =OFFSET(S19,0,-1)+1 -> 7 | U19: =OFFSET(U19,0,-2)+1 -> 8 | V19: =OFFSET(V19,0,-1) -> 8 | W19: =OFFSET(W19,0,-1)+1 -> 9
A20: 1 | L20: =mergeValue(A20) -> 1 | M20: Наименование тарифа | W20: Указывается наименование тарифа в случае подачи предложения по нескольким тарифам. В случае наличия нескольких тарифов информация по ним указывается в отдельных строках. | Z20: =IF(M20="","",M20 ) -> Наименование тарифа
B21: 1 | L21: =mergeValue(A21) &"."& mergeValue(B21) -> 1.1 | M21: Территория действия тарифа | W21: Указывается наименование территории действия тарифа при наличии дифференциации тарифа по территориальному признаку. В случае дифференциации тарифов по территориальному признаку информация по ним указывается в отдельных строках. | Z21: =IF(M21="","",M21 ) -> Территория действия тарифа
C22: 1 | L22: =mergeValue(A22) &"."& mergeValue(B22)&"."& mergeValue(C22) -> 1.1.1 | M22: Наименование системы теплоснабжения | W22: Указывается наименование системы теплоснабжения при наличии дифференциации тарифа по системам теплоснабжения. В случае дифференциации тарифов по системам теплоснабжения информация по ним указывается в отдельных строках. | Z22: =IF(M22="","",M22 ) -> Наименование системы теплоснабжения
D23: 1 | L23: =mergeValue(A23) &"."& mergeValue(B23)&"."& mergeValue(C23)&"."& mergeValue(D23) -> 1.1.1.1 | M23: Источник тепловой энергии | W23: Указывается наименование источника тепловой энергии В случае дифференциации тарифов по источникам тепловой энергии информация по ним указывается в отдельных строках. | Z23: =IF(M23="","",M23 ) -> Источник тепловой энергии
E24: 1 | H24: 1 | I24: 1 | L24: =mergeValue(A24) &"."& mergeValue(B24)&"."& mergeValue(C24)&"."& mergeValue(D24)&"."& mergeValue(E24) -> 1.1.1.1.1 | M24: Схема подключения теплопотребляющей установки к коллектору источника тепловой энергии | W24: Указывается схема подключения теплопотребляющей установки к коллектору источника тепловой энергии только для тарифов на тепловую энергию и за услуги по поддержанию резервной мощности. Значение выбирается из перечня: Без дифференциации; к коллектору источника тепловой энергии; к тепловой сети без дополнительного преобразования на тепловых пунктах, эксплуатируемых теплоснабжающей организацией; к тепловой сети после тепловых пунктов (на тепловых пунктах), эксплуатируемых теплоснабжающей организацией. В случае дифференциации тарифов по схемам подключения теплопотребляющей установки к коллектору источника тепловой энергии информация по ним указывается в отдельных строках. | Z24: =IF(M24="","",M24 ) -> Схема подключения теплопотребляющей установки к коллектору источника тепловой энергии
F25: 1 | J25: 1 | L25: =mergeValue(A25) &"."& mergeValue(B25)&"."& mergeValue(C25)&"."& mergeValue(D25)&"."& mergeValue(E25)&"."& mergeValue(F25) -> 1.1.1.1.1.1 | M25: Группа потребителей | W25: Указывается группа потребителей при наличии дифференциации тарифа по группам потребителей. Значение выбирается из перечня: Организации-перепродавцы; Бюджетные организации; Население; Прочие; Без дифференциации. В случае дифференциации тарифов группам потребителей информация по ним указывается в отдельных строках. | Z25: =IF(M25="","",M25 ) -> Группа потребителей
G26: 1 | K26: 1 | L26: =mergeValue(A26) &"."& mergeValue(B26)&"."& mergeValue(C26)&"."& mergeValue(D26)&"."& mergeValue(E26)&"."& mergeValue(F26)&"."& mergeValue(G26) -> 1.1.1.1.1.1.1 | S26: да | U26: нет | W26: В колонке «Параметр дифференциации тарифов» указывается вид теплоносителя. Значение выбирается из перечня: вода; пар; отборный пар, 1.2-2.5 кг/см2; отборный пар, 2.5-7 кг/см2; отборный пар, 7-13 кг/см2; отборный пар, > 13 кг/см2; острый и редуцированный пар; горячая вода в системе централизованного теплоснабжения на отопление; горячая вода в системе централизованного теплоснабжения на горячее водоснабжение; прочее. При подаче предложения на двухставочный тариф колонка «Одноставочный тариф» не заполняется. При подаче предложения на одноставочный тариф колонки в блоке «Двухставочный тариф» не заполняются. Даты начала и окончания действия тарифов указываются в виде «ДД.ММ.ГГГГ». В случае отсутствия даты окончания действия тарифа в колонке «Дата окончания» указывается «Нет». Информация в колонке «Ставка за содержание тепловой мощности, тыс. руб./Гкал/ч/мес» указывается только для тарифа по поддержанию резервной мощности. В случае дифференциации тарифов по периодам действия тарифа информация по ним указывается в отдельных колонках. В случае дифференциации тарифов по видам теплоносителя информация по ним указывается в отдельных строках. | X26: =strCheckDate(O27:V27) | Z26: =IF(M26="","",M26 )
Q27: =R26 & "-" & T26 -> - | Z27: =IF(M27="","",M27 )
M28: Добавить вид теплоносителя (параметры теплоносителя) | Z28: =IF(M28="","",M28 ) -> Добавить вид теплоносителя (параметры теплоносителя)
M29: Добавить группу потребителей | Z29: =IF(M29="","",M29 ) -> Добавить группу потребителей
M30: Добавить схему подключения | Z30: =IF(M30="","",M30 ) -> Добавить схему подключения
M31: Добавить источник тепловой энергии | Z31: =IF(M31="","",M31 ) -> Добавить источник тепловой энергии
M32: Добавить наименование системы теплоснабжения | Z32: =IF(M32="","",M32 ) -> Добавить наименование системы теплоснабжения
M33: Добавить территорию действия тарифа | Z33: =IF(M33="","",M33 ) -> Добавить территорию действия тарифа
M34: Добавить наименование тарифа
L36: 1 | M36: Для каждого вида тарифа в сфере теплоснабжения форма заполняется отдельно. При размещении информации по данной форме дополнительно указывается дата подачи заявления об утверждении тарифа и его номер. По данной форме размещается в том числе информация о предложении об установлении цен (тарифов) в сфере теплоснабжения для единых теплоснабжающих организаций, а также теплоснабжающих организаций, теплосетевых организаций в ценовых зонах теплоснабжения.

Sheet Форма 1.0.1 | Резерв мощности
A1: 8
F2: Форма 1.0.1 Основные параметры раскрываемой информации 1
F4: Параметры формы | I4: Описание параметров формы
F5: № п/п | G5: Наименование параметра | H5: Информация
F6: 1 | G6: 2 | H6: 3 | I6: 4 | J6: 4
F7: 1 | G7: Дата заполнения/внесения изменений | H7: =IF(dateCh="","",dateCh) -> 11.05.2022 | I7: Указывается календарная дата первичного заполнения или внесения изменений в форму в виде «ДД.ММ.ГГГГ».
A8: 1 | F8: ="2." &mergeValue(A8) -> 2.1 | G8: Наименование централизованной системы коммунальной инфраструктуры | I8: Указывается наименование централизованной системы холодного водоснабжения/горячего водоснабжения/водоотведения/теплоснабжения, к которой относится размещаемая информация. В случае наличия нескольких централизованных систем коммунальной инфраструктуры, информация по каждой из них указывается в отдельной строке.
F9: ="3." &mergeValue(A9) -> 3.1 | G9: Наименование регулируемого вида деятельности | I9: Указывается наименование вида регулируемой деятельности.
F10: ="4."&mergeValue(A10) -> 4.1 | G10: Территория оказания услуги по регулируемому виду деятельности | H10: x
B11: 1 | F11: ="4."&mergeValue(A11) &"."&mergeValue(B11) -> 4.1.1 | G11: Субъект Российской Федерации | H11: =IF(region_name="","",region_name) -> Челябинская область | I11: Указывается наименование субъекта Российской Федерации
C12: 1 | F12: ="4."&mergeValue(A12) &"."&mergeValue(B12)&"."&mergeValue(C12) -> 4.1.1.1 | G12: муниципальный район | I12: Указывается наименование муниципального района, на территории которого организация оказывает услуги по регулируемому виду деятельности.
D13: 1 | F13: ="4."&mergeValue(A13) &"."&mergeValue(B13)&"."&mergeValue(C13)&"."&mergeValue(D13) -> 4.1.1.1.1 | G13: муниципальное образование | I13: Указывается наименование и код муниципального района, муниципального образования в соответствии с Общероссийским классификатором территорий муниципальных образований (далее - ОКТМО), входящего в муниципальный район, на территории которого организация оказывает услуги по регулируемому виду деятельности. В случае оказания услуг по регулируемому виду деятельности на территории нескольких муниципальных районов (муниципальных образований) данные по каждому их них указываются в отдельной строке.
G14: Добавить МО
G15: Добавить МР
G16: Добавить территорию
G17: Добавить ЦС
G19: 1 Информация размещается при раскрытии информации по каждой из форм.

Sheet Форма 4.10.2 | Резерв мощности
L5: Форма 4.10.2 Информация о предложении величин тарифов на тепловую энергию, поддержанию резервной тепловой мощности1
M8: ="Дата подачи заявления об "&IF(datePr_ch="","утверждении","изменении") & " тарифов" -> Дата подачи заявления об утверждении тарифов | O8: =IF(datePr_ch="",IF(datePr="","",datePr),datePr_ch) -> 25.04.2022
M9: ="Номер подачи заявления об "&IF(numberPr_ch="","утверждении","изменении") & " тарифов" -> Номер подачи заявления об утверждении тарифов | O9: =IF(numberPr_ch="",IF(numberPr="","",numberPr),numberPr_ch) -> 031/СН/2022
U11: dp
H12: 1
L13: Параметры формы | W13: Описание параметров формы
L14: № п/п | M14: Параметр дифференциации тарифа | O14: Период действия тарифа | U14: Наличие других периодов действия тарифа | V14: Добавить период
O15: Ставка за содержание тепловой мощности, тыс. руб./Гкал/ч/мес. | R15: Период действия
R16: дата начала | S16: дата окончания
K17: 1 | L17: 1 | M17: 2 | N17: 2 | O17: =OFFSET(O17,0,-1)+1 -> 3 | P17: =OFFSET(P17,0,-1) -> 3 | Q17: =OFFSET(Q17,0,-1) -> 3 | R17: =OFFSET(R17,0,-1)+1 -> 4 | S17: =OFFSET(S17,0,-1)+1 -> 5 | U17: =OFFSET(U17,0,-2)+1 -> 6 | V17: =OFFSET(V17,0,-1) -> 6 | W17: =OFFSET(W17,0,-1)+1 -> 7
A18: 1 | L18: =mergeValue(A18) -> 1 | M18: Наименование тарифа | W18: Указывается наименование тарифа в случае подачи предложения по нескольким тарифам. В случае наличия нескольких тарифов информация по ним указывается в отдельных строках.
B19: 1 | L19: =mergeValue(A19) &"."& mergeValue(B19) -> 1.1 | M19: Территория действия тарифа | W19: Указывается наименование территории действия тарифа при наличии дифференциации тарифа по территориальному признаку. В случае дифференциации тарифов по территориальному признаку информация по ним указывается в отдельных строках.
C20: 1 | L20: =mergeValue(A20) &"."& mergeValue(B20)&"."& mergeValue(C20) -> 1.1.1 | M20: Наименование системы теплоснабжения | W20: Указывается наименование системы теплоснабжения при наличии дифференциации тарифа по системам теплоснабжения. В случае дифференциации тарифов по системам теплоснабжения информация по ним указывается в отдельных строках.
D21: 1 | L21: =mergeValue(A21) &"."& mergeValue(B21)&"."& mergeValue(C21)&"."& mergeValue(D21) -> 1.1.1.1 | M21: Источник тепловой энергии | W21: Указывается наименование источника тепловой энергии В случае дифференциации тарифов по источникам тепловой энергии информация по ним указывается в отдельных строках.
E22: 1 | H22: 1 | I22: 1 | L22: =mergeValue(A22) &"."& mergeValue(B22)&"."& mergeValue(C22)&"."& mergeValue(D22)&"."& mergeValue(E22) -> 1.1.1.1.1 | M22: Схема подключения теплопотребляющей установки к коллектору источника тепловой энергии | W22: Указывается схема подключения теплопотребляющей установки к коллектору источника тепловой энергии только для тарифов на тепловую энергию и за услуги по поддержанию резервной мощности. Значение выбирается из перечня: Без дифференциации; к коллектору источника тепловой энергии; к тепловой сети без дополнительного преобразования на тепловых пунктах, эксплуатируемых теплоснабжающей организацией; к тепловой сети после тепловых пунктов (на тепловых пунктах), эксплуатируемых теплоснабжающей организацией. В случае дифференциации тарифов по схемам подключения теплопотребляющей установки к коллектору источника тепловой энергии информация по ним указывается в отдельных строках.
F23: 1 | J23: 1 | L23: =mergeValue(A23) &"."& mergeValue(B23)&"."& mergeValue(C23)&"."& mergeValue(D23)&"."& mergeValue(E23)&"."& mergeValue(F23) -> 1.1.1.1.1.1 | M23: Группа потребителей | W23: Указывается группа потребителей при наличии дифференциации тарифа по группам потребителей. Значение выбирается из перечня: Организации-перепродавцы; Бюджетные организации; Население; Прочие; Без дифференциации. В случае дифференциации тарифов группам потребителей информация по ним указывается в отдельных строках. | Y23: =strCheckUnique(Z23:Z26) | AA23: =IF(O23="","",O23 & ":_")
G24: 1 | K24: 1 | L24: =mergeValue(A24) &"."& mergeValue(B24)&"."& mergeValue(C24)&"."& mergeValue(D24)&"."& mergeValue(E24)&"."& mergeValue(F24)&"."& mergeValue(G24) -> 1.1.1.1.1.1.1 | S24: да | U24: нет | W24: В колонке «Параметр дифференциации тарифов» указывается вид теплоносителя. Значение выбирается из перечня: вода; пар; отборный пар, 1.2-2.5 кг/см2; отборный пар, 2.5-7 кг/см2; отборный пар, 7-13 кг/см2; отборный пар, > 13 кг/см2; острый и редуцированный пар; горячая вода в системе централизованного теплоснабжения на отопление; горячая вода в системе централизованного теплоснабжения на горячее водоснабжение; прочее. При подаче предложения на двухставочный тариф колонка «Одноставочный тариф» не заполняется. При подаче предложения на одноставочный тариф колонки в блоке «Двухставочный тариф» не заполняются. Даты начала и окончания действия тарифов указываются в виде «ДД.ММ.ГГГГ». В случае отсутствия даты окончания действия тарифа в колонке «Дата окончания» указывается «Нет». Информация в колонке «Ставка за содержание тепловой мощности, тыс. руб./Гкал/ч/мес» указывается только для тарифа по поддержанию резервной мощности. В случае дифференциации тарифов по периодам действия тарифа информация по ним указывается в отдельных колонках. В случае дифференциации тарифов по видам теплоносителя информация по ним указывается в отдельных строках. | X24: =strCheckDate(O25:V25) | Z24: =IF(M24="","",M24 )
Q25: =R24 & "-" & T24 -> -
M26: Добавить вид теплоносителя (параметры теплоносителя)
M27: Добавить группу потребителей
M28: Добавить схему подключения
M29: Добавить источник тепловой энергии
M30: Добавить наименование системы теплоснабжения
M31: Добавить территорию действия тарифа
M32: Добавить наименование тарифа
L34: 1 | M34: Для каждого вида тарифа в сфере теплоснабжения форма заполняется отдельно. При размещении информации по данной форме дополнительно указывается дата подачи заявления об утверждении тарифа и его номер. По данной форме размещается в том числе информация о предложении об установлении цен (тарифов) в сфере теплоснабжения для единых теплоснабжающих организаций, а также теплоснабжающих организаций, теплосетевых организаций в ценовых зонах теплоснабжения.

Sheet Форма 1.0.1 | Т-ТН
A1: 4
F2: Форма 1.0.1 Основные параметры раскрываемой информации 1
F4: Параметры формы | I4: Описание параметров формы
F5: № п/п | G5: Наименование параметра | H5: Информация
F6: 1 | G6: 2 | H6: 3 | I6: 4 | J6: 4
F7: 1 | G7: Дата заполнения/внесения изменений | H7: =IF(dateCh="","",dateCh) -> 11.05.2022 | I7: Указывается календарная дата первичного заполнения или внесения изменений в форму в виде «ДД.ММ.ГГГГ».
A8: 1 | F8: ="2." &mergeValue(A8) -> 2.1 | G8: Наименование централизованной системы коммунальной инфраструктуры | I8: Указывается наименование централизованной системы холодного водоснабжения/горячего водоснабжения/водоотведения/теплоснабжения, к которой относится размещаемая информация. В случае наличия нескольких централизованных систем коммунальной инфраструктуры, информация по каждой из них указывается в отдельной строке.
F9: ="3." &mergeValue(A9) -> 3.1 | G9: Наименование регулируемого вида деятельности | I9: Указывается наименование вида регулируемой деятельности.
F10: ="4."&mergeValue(A10) -> 4.1 | G10: Территория оказания услуги по регулируемому виду деятельности | H10: x
B11: 1 | F11: ="4."&mergeValue(A11) &"."&mergeValue(B11) -> 4.1.1 | G11: Субъект Российской Федерации | H11: =IF(region_name="","",region_name) -> Челябинская область | I11: Указывается наименование субъекта Российской Федерации
C12: 1 | F12: ="4."&mergeValue(A12) &"."&mergeValue(B12)&"."&mergeValue(C12) -> 4.1.1.1 | G12: муниципальный район | I12: Указывается наименование муниципального района, на территории которого организация оказывает услуги по регулируемому виду деятельности.
D13: 1 | F13: ="4."&mergeValue(A13) &"."&mergeValue(B13)&"."&mergeValue(C13)&"."&mergeValue(D13) -> 4.1.1.1.1 | G13: муниципальное образование | I13: Указывается наименование и код муниципального района, муниципального образования в соответствии с Общероссийским классификатором территорий муниципальных образований (далее - ОКТМО), входящего в муниципальный район, на территории которого организация оказывает услуги по регулируемому виду деятельности. В случае оказания услуг по регулируемому виду деятельности на территории нескольких муниципальных районов (муниципальных образований) данные по каждому их них указываются в отдельной строке.
G14: Добавить МО
G15: Добавить МР
G16: Добавить территорию
G17: Добавить ЦС
G19: 1 Информация размещается при раскрытии информации по каждой из форм.

Sheet Форма 4.10.3 | Т-ТН
L5: Форма 4.10.3 Информация о предложении величин тарифов на теплоноситель, передачу тепловой энергии, теплоносителя1
M8: ="Дата подачи заявления об "&IF(datePr_ch="","утверждении","изменении") & " тарифов" -> Дата подачи заявления об утверждении тарифов | O8: =IF(datePr_ch="",IF(datePr="","",datePr),datePr_ch) -> 25.04.2022
M9: ="Номер подачи заявления об "&IF(numberPr_ch="","утверждении","изменении") & " тарифов" -> Номер подачи заявления об утверждении тарифов | O9: =IF(numberPr_ch="",IF(numberPr="","",numberPr),numberPr_ch) -> 031/СН/2022
U11: dp
L13: Параметры формы | W13: Описание параметров формы
L14: № п/п | M14: Параметр дифференциации тарифа | O14: Период действия тарифа | U14: Наличие других периодов действия тарифа | V14: Добавить период
O15: Одноставочный тариф, руб./куб.м | R15: Период действия
R16: дата начала | S16: дата окончания
K17: 1 | L17: 1 | M17: 2 | N17: 2 | O17: =OFFSET(O17,0,-1)+1 -> 3 | P17: =OFFSET(P17,0,-1) -> 3 | Q17: =OFFSET(Q17,0,-1) -> 3 | R17: =OFFSET(R17,0,-1)+1 -> 4 | S17: =OFFSET(S17,0,-1)+1 -> 5 | U17: =OFFSET(U17,0,-2)+1 -> 6 | V17: =OFFSET(V17,0,-1) -> 6 | W17: =OFFSET(W17,0,-1)+1 -> 7
A18: 1 | K18: 1 | L18: =mergeValue(A18) -> 1 | M18: Наименование тарифа | W18: Указывается наименование тарифа в случае подачи предложения по нескольким тарифам. В случае наличия нескольких тарифов информация по ним указывается в отдельных строках.
B19: 1 | K19: 1 | L19: =mergeValue(A19) &"."& mergeValue(B19) -> 1.1 | M19: Территория действия тарифа | W19: Указывается наименование территории действия тарифа при наличии дифференциации тарифа по территориальному признаку. В случае дифференциации тарифов по территориальному признаку информация по ним указывается в отдельных строках.
C20: 1 | K20: 1 | L20: =mergeValue(A20) &"."& mergeValue(B20)&"."& mergeValue(C20) -> 1.1.1 | M20: Наименование системы теплоснабжения | W20: Указывается наименование системы теплоснабжения при наличии дифференциации тарифа по системам теплоснабжения. В случае дифференциации тарифов по системам теплоснабжения информация по ним указывается в отдельных строках.
D21: 1 | I21: 1 | K21: 1 | L21: =mergeValue(A21) &"."& mergeValue(B21)&"."& mergeValue(C21)&"."& mergeValue(D21) -> 1.1.1.1 | M21: Источник тепловой энергии | W21: Указывается наименование источника тепловой энергии В случае дифференциации тарифов по источникам тепловой энергии информация по ним указывается в отдельных строках.
E22: 1 | K22: 1
F23: 1 | K23: 1 | L23: =mergeValue(A23) &"."& mergeValue(B23)&"."& mergeValue(C23)&"."& mergeValue(D23)&"."& mergeValue(F23) -> 1.1.1.1.1 | M23: Группа потребителей | W23: Указывается группа потребителей при наличии дифференциации тарифа по группам потребителей. Значение выбирается из перечня: Организации-перепродавцы; Бюджетные организации; Население; Прочие; Без дифференциации. В случае дифференциации тарифов группам потребителей информация по ним указывается в отдельных строках. | Y23: =strCheckUnique(Z23:Z26)
G24: 1 | L24: =mergeValue(A24) &"."& mergeValue(B24)&"."& mergeValue(C24)&"."& mergeValue(D24)&"."& mergeValue(F24)&"."& mergeValue(G24) -> 1.1.1.1.1.1 | S24: да | U24: нет | W24: В колонке «Параметр дифференциации тарифов» указывается вид теплоносителя. Значение выбирается из перечня: вода; пар; отборный пар, 1.2-2.5 кг/см2; отборный пар, 2.5-7 кг/см2; отборный пар, 7-13 кг/см2; отборный пар, > 13 кг/см2; острый и редуцированный пар; горячая вода в системе централизованного теплоснабжения на отопление; горячая вода в системе централизованного теплоснабжения на горячее водоснабжение; прочее. При подаче предложения на двухставочный тариф колонка «Одноставочный тариф» не заполняется. При подаче предложения на одноставочный тариф колонки в блоке «Двухставочный тариф» не заполняются. Информация в колонке «Двухставочный тариф» не указывается для тарифа на теплоноситель. Даты начала и окончания действия тарифов указываются в виде «ДД.ММ.ГГГГ». В случае отсутствия даты окончания действия тарифа в колонке «Дата окончания» указывается «Нет». В случае дифференциации тарифов по видам теплоносителя информация по ним указывается в отдельных строках. | X24: =strCheckDate(O25:V25) | Z24: =IF(M24="","",M24 )
K25: 1 | Q25: =R24 & "-" & T24 -> -
K26: 1 | M26: Добавить вид теплоносителя (параметры теплоносителя)
M27: Добавить группу потребителей
K29: 1 | M29: Добавить источник тепловой энергии
K30: 1 | M30: Добавить наименование системы теплоснабжения
K31: 1 | M31: Добавить территорию действия тарифа
M32: Добавить наименование тарифа
L34: 1 | M34: Для каждого вида цены (тарифа) в сфере теплоснабжения форма заполняется отдельно. При размещении информации по данной форме дополнительно указывается дата подачи заявления об утверждении цены (тарифа) и его номер. По данной форме размещается в том числе информация о предложении об установлении цен (тарифов) для единых теплоснабжающих организаций, а также теплоснабжающих организаций, теплосетевых организаций в ценовых зонах теплоснабжения.

Sheet Форма 1.0.1 | Т-передача ТЭ
A1: 6
F2: Форма 1.0.1 Основные параметры раскрываемой информации 1
F4: Параметры формы | I4: Описание параметров формы
F5: № п/п | G5: Наименование параметра | H5: Информация
F6: 1 | G6: 2 | H6: 3 | I6: 4 | J6: 4
F7: 1 | G7: Дата заполнения/внесения изменений | H7: =IF(dateCh="","",dateCh) -> 11.05.2022 | I7: Указывается календарная дата первичного заполнения или внесения изменений в форму в виде «ДД.ММ.ГГГГ».
A8: 1 | F8: ="2." &mergeValue(A8) -> 2.1 | G8: Наименование централизованной системы коммунальной инфраструктуры | H8: =IF('Перечень тарифов'!R21="","наименование отсутствует","" & 'Перечень тарифов'!R21 & "") -> наименование отсутствует | I8: Указывается наименование централизованной системы холодного водоснабжения/горячего водоснабжения/водоотведения/теплоснабжения, к которой относится размещаемая информация. В случае наличия нескольких централизованных систем коммунальной инфраструктуры, информация по каждой из них указывается в отдельной строке.
F9: ="3." &mergeValue(A9) -> 3.1 | G9: Наименование регулируемого вида деятельности | H9: =IF('Перечень тарифов'!F21="","наименование отсутствует","" & 'Перечень тарифов'!F21 & "") -> Передача. Тепловая энергия | I9: Указывается наименование вида регулируемой деятельности.
F10: ="4."&mergeValue(A10) -> 4.1 | G10: Территория оказания услуги по регулируемому виду деятельности | H10: x
B11: 1 | F11: ="4."&mergeValue(A11) &"."&mergeValue(B11) -> 4.1.1 | G11: Субъект Российской Федерации | H11: =IF(region_name="","",region_name) -> Челябинская область | I11: Указывается наименование субъекта Российской Федерации
C12: 1 | F12: ="4."&mergeValue(A12) &"."&mergeValue(B12)&"."&mergeValue(C12) -> 4.1.1.1 | G12: муниципальный район | H12: =IF(Территории!H13="","","" & Территории!H13 & "") -> Город Челябинск | I12: Указывается наименование муниципального района, на территории которого организация оказывает услуги по регулируемому виду деятельности.
D13: 1 | F13: ="4."&mergeValue(A13) &"."&mergeValue(B13)&"."&mergeValue(C13)&"."&mergeValue(D13) -> 4.1.1.1.1 | G13: муниципальное образование | H13: =IF(Территории!R14="","","" & Территории!R14 & "") -> Город Челябинск (75701000) | I13: Указывается наименование и код муниципального района, муниципального образования в соответствии с Общероссийским классификатором территорий муниципальных образований (далее - ОКТМО), входящего в муниципальный район, на территории которого организация оказывает услуги по регулируемому виду деятельности. В случае оказания услуг по регулируемому виду деятельности на территории нескольких муниципальных районов (муниципальных образований) данные по каждому их них указываются в отдельной строке.
G15: 1 Информация размещается при раскрытии информации по каждой из форм.

Sheet Форма 4.10.3 | Т-передача ТЭ
L5: Форма 4.2.2 Информация о величинах тарифов на теплоноситель, передачу тепловой энергии, теплоносителя1
M8: ="Дата подачи заявления об "&IF(datePr_ch="","утверждении","изменении") & " тарифов" -> Дата подачи заявления об утверждении тарифов | O8: =IF(datePr_ch="",IF(datePr="","",datePr),datePr_ch) -> 25.04.2022
M9: ="Номер подачи заявления об "&IF(numberPr_ch="","утверждении","изменении") & " тарифов" -> Номер подачи заявления об утверждении тарифов | O9: =IF(numberPr_ch="",IF(numberPr="","",numberPr),numberPr_ch) -> 031/СН/2022
U11: dp
L13: Параметры формы | W13: Описание параметров формы
L14: № п/п | M14: Параметр дифференциации тарифа | O14: Период действия тарифа | U14: Наличие других периодов действия тарифа | V14: Добавить период
O15: Одноставочный тариф, руб./Гкал | P15: Двухставочный тариф | R15: Период действия
P16: ставка за тепловую энергию, руб./Гкал | Q16: ставка за содержание тепловой мощности, тыс. руб./Гкал/ч/мес. | R16: дата начала | S16: дата окончания
K17: 1 | L17: 1 | M17: 2 | N17: 2 | O17: =OFFSET(O17,0,-1)+1 -> 3 | P17: =OFFSET(P17,0,-1)+1 -> 4 | Q17: =OFFSET(Q17,0,-1)+1 -> 5 | R17: =OFFSET(R17,0,-1)+1 -> 6 | S17: =OFFSET(S17,0,-1)+1 -> 7 | U17: =OFFSET(U17,0,-2)+1 -> 8 | V17: =OFFSET(V17,0,-1) -> 8 | W17: =OFFSET(W17,0,-1)+1 -> 9
A18: 1 | L18: =mergeValue(A18) -> 1 | M18: Наименование тарифа | O18: =IF('Перечень тарифов'!J21="","","" & 'Перечень тарифов'!J21 & "") | W18: Указывается наименование тарифа в случае подачи предложения по нескольким тарифам. В случае наличия нескольких тарифов информация по ним указывается в отдельных строках.
B19: 1 | L19: =mergeValue(A19) &"."& mergeValue(B19) -> 1.1
C20: 1 | L20: =mergeValue(A20) &"."& mergeValue(B20)&"."& mergeValue(C20) -> 1.1.1
D21: 1 | L21: =mergeValue(A21) &"."& mergeValue(B21)&"."& mergeValue(C21)&"."& mergeValue(D21) -> 1.1.1.1
E22: 1 | H22: 1 | I22: 1
F23: 1 | J23: 1 | L23: =mergeValue(A23) &"."& mergeValue(B23)&"."& mergeValue(C23)&"."& mergeValue(D23)&"."& mergeValue(F23) -> 1.1.1.1.1 | M23: Группа потребителей | O23: без дифференциации | W23: Указывается группа потребителей при наличии дифференциации тарифа по группам потребителей. Значение выбирается из перечня: Организации-перепродавцы; Бюджетные организации; Население; Прочие; Без дифференциации. В случае дифференциации тарифов группам потребителей информация по ним указывается в отдельных строках. | Y23: =strCheckUnique(Z23:Z26)
G24: 1 | K24: 1 | L24: =mergeValue(A24) &"."& mergeValue(B24)&"."& mergeValue(C24)&"."& mergeValue(D24)&"."& mergeValue(F24)&"."& mergeValue(G24) -> 1.1.1.1.1.1 | M24: вода | O24: 235.12 | R24: 01.01.2023 | S24: да | T24: 31.12.2023 | U24: нет | W24: В колонке «Параметр дифференциации тарифов» указывается вид теплоносителя. Значение выбирается из перечня: вода; пар; отборный пар, 1.2-2.5 кг/см2; отборный пар, 2.5-7 кг/см2; отборный пар, 7-13 кг/см2; отборный пар, > 13 кг/см2; острый и редуцированный пар; горячая вода в системе централизованного теплоснабжения на отопление; горячая вода в системе централизованного теплоснабжения на горячее водоснабжение; прочее. При подаче предложения на двухставочный тариф колонка «Одноставочный тариф» не заполняется. При подаче предложения на одноставочный тариф колонки в блоке «Двухставочный тариф» не заполняются. Информация в колонке «Двухставочный тариф» не указывается для тарифа на теплоноситель. Даты начала и окончания действия тарифов указываются в виде «ДД.ММ.ГГГГ». В случае отсутствия даты окончания действия тарифа в колонке «Дата окончания» указывается «Нет». В случае дифференциации тарифов по видам теплоносителя информация по ним указывается в отдельных строках. | X24: =strCheckDate(O25:V25) | Z24: =IF(M24="","",M24 ) -> вода
Q25: =R24 & "-" & T24 -> 01.01.2023-31.12.2023
M26: Добавить вид теплоносителя (параметры теплоносителя)
M27: Добавить группу потребителей
L30: 1 | M30: Для каждого вида цены (тарифа) в сфере теплоснабжения форма заполняется отдельно. При размещении информации по данной форме дополнительно указывается дата подачи заявления об утверждении цены (тарифа) и его номер. По данной форме размещается в том числе информация о предложении об установлении цен (тарифов) для единых теплоснабжающих организаций, а также теплоснабжающих организаций, теплосетевых организаций в ценовых зонах теплоснабжения.

Sheet Форма 1.0.1 | Т-передача ТН
A1: 7
F2: Форма 1.0.1 Основные параметры раскрываемой информации 1
F4: Параметры формы | I4: Описание параметров формы
F5: № п/п | G5: Наименование параметра | H5: Информация
F6: 1 | G6: 2 | H6: 3 | I6: 4 | J6: 4
F7: 1 | G7: Дата заполнения/внесения изменений | H7: =IF(dateCh="","",dateCh) -> 11.05.2022 | I7: Указывается календарная дата первичного заполнения или внесения изменений в форму в виде «ДД.ММ.ГГГГ».
A8: 1 | F8: ="2." &mergeValue(A8) -> 2.1 | G8: Наименование централизованной системы коммунальной инфраструктуры | I8: Указывается наименование централизованной системы холодного водоснабжения/горячего водоснабжения/водоотведения/теплоснабжения, к которой относится размещаемая информация. В случае наличия нескольких централизованных систем коммунальной инфраструктуры, информация по каждой из них указывается в отдельной строке.
F9: ="3." &mergeValue(A9) -> 3.1 | G9: Наименование регулируемого вида деятельности | I9: Указывается наименование вида регулируемой деятельности.
F10: ="4."&mergeValue(A10) -> 4.1 | G10: Территория оказания услуги по регулируемому виду деятельности | H10: x
B11: 1 | F11: ="4."&mergeValue(A11) &"."&mergeValue(B11) -> 4.1.1 | G11: Субъект Российской Федерации | H11: =IF(region_name="","",region_name) -> Челябинская область | I11: Указывается наименование субъекта Российской Федерации
C12: 1 | F12: ="4."&mergeValue(A12) &"."&mergeValue(B12)&"."&mergeValue(C12) -> 4.1.1.1 | G12: муниципальный район | I12: Указывается наименование муниципального района, на территории которого организация оказывает услуги по регулируемому виду деятельности.
D13: 1 | F13: ="4."&mergeValue(A13) &"."&mergeValue(B13)&"."&mergeValue(C13)&"."&mergeValue(D13) -> 4.1.1.1.1 | G13: муниципальное образование | I13: Указывается наименование и код муниципального района, муниципального образования в соответствии с Общероссийским классификатором территорий муниципальных образований (далее - ОКТМО), входящего в муниципальный район, на территории которого организация оказывает услуги по регулируемому виду деятельности. В случае оказания услуг по регулируемому виду деятельности на территории нескольких муниципальных районов (муниципальных образований) данные по каждому их них указываются в отдельной строке.
G14: Добавить МО
G15: Добавить МР
G16: Добавить территорию
G17: Добавить ЦС
G19: 1 Информация размещается при раскрытии информации по каждой из форм.

Sheet Форма 4.10.3 | Т-передача ТН
L5: Форма 4.2.2 Информация о величинах тарифов на теплоноситель, передачу тепловой энергии, теплоносителя1
M8: ="Дата подачи заявления об "&IF(datePr_ch="","утверждении","изменении") & " тарифов" -> Дата подачи заявления об утверждении тарифов | O8: =IF(datePr_ch="",IF(datePr="","",datePr),datePr_ch) -> 25.04.2022
M9: ="Номер подачи заявления об "&IF(numberPr_ch="","утверждении","изменении") & " тарифов" -> Номер подачи заявления об утверждении тарифов | O9: =IF(numberPr_ch="",IF(numberPr="","",numberPr),numberPr_ch) -> 031/СН/2022
U11: dp
L13: Параметры формы | W13: Описание параметров формы
L14: № п/п | M14: Параметр дифференциации тарифа | O14: Период действия тарифа | U14: Наличие других периодов действия тарифа | V14: Добавить период
O15: Одноставочный тариф, руб./Гкал (руб./куб.м) | P15: Двухставочный тариф | R15: Период действия
P16: ставка за тепловую энергию, руб./Гкал | Q16: ставка за содержание тепловой мощности, тыс. руб./Гкал/ч/мес. | R16: дата начала | S16: дата окончания
K17: 1 | L17: 1 | M17: 2 | N17: 2 | O17: =OFFSET(O17,0,-1)+1 -> 3 | P17: =OFFSET(P17,0,-1)+1 -> 4 | Q17: =OFFSET(Q17,0,-1)+1 -> 5 | R17: =OFFSET(R17,0,-1)+1 -> 6 | S17: =OFFSET(S17,0,-1)+1 -> 7 | U17: =OFFSET(U17,0,-2)+1 -> 8 | V17: =OFFSET(V17,0,-1) -> 8 | W17: =OFFSET(W17,0,-1)+1 -> 9
A18: 1 | L18: =mergeValue(A18) -> 1 | M18: Наименование тарифа | W18: Указывается наименование тарифа в случае подачи предложения по нескольким тарифам. В случае наличия нескольких тарифов информация по ним указывается в отдельных строках.
B19: 1 | L19: =mergeValue(A19) &"."& mergeValue(B19) -> 1.1 | M19: Территория действия тарифа | W19: Указывается наименование территории действия тарифа при наличии дифференциации тарифа по территориальному признаку. В случае дифференциации тарифов по территориальному признаку информация по ним указывается в отдельных строках.
C20: 1 | L20: =mergeValue(A20) &"."& mergeValue(B20)&"."& mergeValue(C20) -> 1.1.1 | M20: Наименование системы теплоснабжения | W20: Указывается наименование системы теплоснабжения при наличии дифференциации тарифа по системам теплоснабжения. В случае дифференциации тарифов по системам теплоснабжения информация по ним указывается в отдельных строках.
D21: 1 | L21: =mergeValue(A21) &"."& mergeValue(B21)&"."& mergeValue(C21)&"."& mergeValue(D21) -> 1.1.1.1 | M21: Источник тепловой энергии | W21: Указывается наименование источника тепловой энергии В случае дифференциации тарифов по источникам тепловой энергии информация по ним указывается в отдельных строках.
E22: 1 | H22: 1 | I22: 1
F23: 1 | J23: 1 | L23: =mergeValue(A23) &"."& mergeValue(B23)&"."& mergeValue(C23)&"."& mergeValue(D23)&"."& mergeValue(F23) -> 1.1.1.1.1 | M23: Группа потребителей | W23: Указывается группа потребителей при наличии дифференциации тарифа по группам потребителей. Значение выбирается из перечня: Организации-перепродавцы; Бюджетные организации; Население; Прочие; Без дифференциации. В случае дифференциации тарифов группам потребителей информация по ним указывается в отдельных строках. | Y23: =strCheckUnique(Z23:Z26)
G24: 1 | K24: 1 | L24: =mergeValue(A24) &"."& mergeValue(B24)&"."& mergeValue(C24)&"."& mergeValue(D24)&"."& mergeValue(F24)&"."& mergeValue(G24) -> 1.1.1.1.1.1 | S24: да | U24: нет | W24: В колонке «Параметр дифференциации тарифов» указывается вид теплоносителя. Значение выбирается из перечня: вода; пар; отборный пар, 1.2-2.5 кг/см2; отборный пар, 2.5-7 кг/см2; отборный пар, 7-13 кг/см2; отборный пар, > 13 кг/см2; острый и редуцированный пар; горячая вода в системе централизованного теплоснабжения на отопление; горячая вода в системе централизованного теплоснабжения на горячее водоснабжение; прочее. При подаче предложения на двухставочный тариф колонка «Одноставочный тариф» не заполняется. При подаче предложения на одноставочный тариф колонки в блоке «Двухставочный тариф» не заполняются. Информация в колонке «Двухставочный тариф» не указывается для тарифа на теплоноситель. Даты начала и окончания действия тарифов указываются в виде «ДД.ММ.ГГГГ». В случае отсутствия даты окончания действия тарифа в колонке «Дата окончания» указывается «Нет». В случае дифференциации тарифов по видам теплоносителя информация по ним указывается в отдельных строках. | X24: =strCheckDate(O25:V25) | Z24: =IF(M24="","",M24 )
Q25: =R24 & "-" & T24 -> -
M26: Добавить вид теплоносителя (параметры теплоносителя)
M27: Добавить группу потребителей
M29: Добавить источник тепловой энергии
M30: Добавить наименование системы теплоснабжения
M31: Добавить территорию действия тарифа
M32: Добавить наименование тарифа
L34: 1 | M34: Для каждого вида цены (тарифа) в сфере теплоснабжения форма заполняется отдельно. При размещении информации по данной форме дополнительно указывается дата подачи заявления об утверждении цены (тарифа) и его номер. По данной форме размещается в том числе информация о предложении об установлении цен (тарифов) для единых теплоснабжающих организаций, а также теплоснабжающих организаций, теплосетевых организаций в ценовых зонах теплоснабжения.

Sheet Форма 1.0.1 | Т-гор.вода
A1: 5
F2: Форма 1.0.1 Основные параметры раскрываемой информации 1
F4: Параметры формы | I4: Описание параметров формы
F5: № п/п | G5: Наименование параметра | H5: Информация
F6: 1 | G6: 2 | H6: 3 | I6: 4 | J6: 4
F7: 1 | G7: Дата заполнения/внесения изменений | H7: =IF(dateCh="","",dateCh) -> 11.05.2022 | I7: Указывается календарная дата первичного заполнения или внесения изменений в форму в виде «ДД.ММ.ГГГГ».
A8: 1 | F8: ="2." &mergeValue(A8) -> 2.1 | G8: Наименование централизованной системы коммунальной инфраструктуры | I8: Указывается наименование централизованной системы холодного водоснабжения/горячего водоснабжения/водоотведения/теплоснабжения, к которой относится размещаемая информация. В случае наличия нескольких централизованных систем коммунальной инфраструктуры, информация по каждой из них указывается в отдельной строке.
F9: ="3." &mergeValue(A9) -> 3.1 | G9: Наименование регулируемого вида деятельности | I9: Указывается наименование вида регулируемой деятельности.
F10: ="4."&mergeValue(A10) -> 4.1 | G10: Территория оказания услуги по регулируемому виду деятельности | H10: x
B11: 1 | F11: ="4."&mergeValue(A11) &"."&mergeValue(B11) -> 4.1.1 | G11: Субъект Российской Федерации | H11: =IF(region_name="","",region_name) -> Челябинская область | I11: Указывается наименование субъекта Российской Федерации
C12: 1 | F12: ="4."&mergeValue(A12) &"."&mergeValue(B12)&"."&mergeValue(C12) -> 4.1.1.1 | G12: муниципальный район | I12: Указывается наименование муниципального района, на территории которого организация оказывает услуги по регулируемому виду деятельности.
D13: 1 | F13: ="4."&mergeValue(A13) &"."&mergeValue(B13)&"."&mergeValue(C13)&"."&mergeValue(D13) -> 4.1.1.1.1 | G13: муниципальное образование | I13: Указывается наименование и код муниципального района, муниципального образования в соответствии с Общероссийским классификатором территорий муниципальных образований (далее - ОКТМО), входящего в муниципальный район, на территории которого организация оказывает услуги по регулируемому виду деятельности. В случае оказания услуг по регулируемому виду деятельности на территории нескольких муниципальных районов (муниципальных образований) данные по каждому их них указываются в отдельной строке.
G14: Добавить МО
G15: Добавить МР
G16: Добавить территорию
G17: Добавить ЦС
G19: 1 Информация размещается при раскрытии информации по каждой из форм.

Sheet Форма 4.10.4 | Т-гор.вода
L5: Форма 4.10.4 Информация о предложении величин тарифов на горячую воду (в открытых системах)1
M8: ="Дата подачи заявления об "&IF(datePr_ch="","утверждении","изменении") & " тарифов" -> Дата подачи заявления об утверждении тарифов | O8: =IF(datePr_ch="",IF(datePr="","",datePr),datePr_ch) -> 25.04.2022
M9: ="Номер подачи заявления об "&IF(numberPr_ch="","утверждении","изменении") & " тарифов" -> Номер подачи заявления об утверждении тарифов | O9: =IF(numberPr_ch="",IF(numberPr="","",numberPr),numberPr_ch) -> 031/СН/2022
Z11: dp
L13: Параметры формы | AB13: Описание параметров формы
L14: № п/п | M14: Параметр дифференциации тарифа | O14: Период действия тарифа | Z14: Наличие других периодов действия тарифа | AA14: Добавить период
O15: Компонент на теплоноситель, руб./куб.м | P15: Одноставочный компонент на тепловую энергию, руб/Гкал | Q15: Одноставочный тариф, руб./куб.м | R15: Двухставочный тариф | T15: Двухставочный тариф | W15: Период действия
R16: ставка за потребление горячей воды, руб./куб.м | S16: ставка за содержание системы ГВС, тыс.руб./куб.м/ч/мес | T16: ставка за тепловую энергию в компоненте на тепловую энергию, руб/Гкал | U16: ставка за содержание тепловой мощности в компоненте на тепловую энергию, тыс. руб./Гкал/ч в мес. | W16: дата начала | X16: дата окончания
K17: 1 | L17: 1 | M17: 2 | N17: 2 | O17: =OFFSET(O17,0,-1)+1 -> 3 | P17: =OFFSET(P17,0,-1)+1 -> 4 | Q17: =OFFSET(Q17,0,-1)+1 -> 5 | R17: =OFFSET(R17,0,-1)+1 -> 6 | S17: =OFFSET(S17,0,-1)+1 -> 7 | T17: =OFFSET(T17,0,-1)+1 -> 8 | U17: =OFFSET(U17,0,-1)+1 -> 9 | V17: =OFFSET(V17,0,-1) -> 9 | W17: =OFFSET(W17,0,-1)+1 -> 10 | X17: =OFFSET(X17,0,-1)+1 -> 11 | Z17: =OFFSET(Z17,0,-2)+1 -> 12 | AB17: =OFFSET(AB17,0,-2)+1 -> 13
A18: 1 | L18: =mergeValue(A18) -> 1 | M18: Наименование тарифа | AB18: Указывается наименование тарифа в случае подачи предложения по нескольким тарифам. В случае наличия нескольких тарифов информация по ним указывается в отдельных строках.
B19: 1 | L19: =mergeValue(A19) &"."& mergeValue(B19) -> 1.1 | M19: Территория действия тарифа | AB19: Указывается наименование территории действия тарифа при наличии дифференциации тарифа по территориальному признаку. В случае дифференциации тарифов по территориальному признаку информация по ним указывается в отдельных строках.
C20: 1 | L20: =mergeValue(A20) &"."& mergeValue(B20)&"."& mergeValue(C20) -> 1.1.1 | M20: Наименование системы теплоснабжения | AB20: Указывается наименование системы теплоснабжения при наличии дифференциации тарифа по системам теплоснабжения. В случае дифференциации тарифов по системам теплоснабжения информация по ним указывается в отдельных строках.
D21: 1 | L21: =mergeValue(A21) &"."& mergeValue(B21)&"."& mergeValue(C21)&"."& mergeValue(D21) -> 1.1.1.1 | M21: Источник тепловой энергии | AB21: Указывается наименование источника тепловой энергии В случае дифференциации тарифов по источникам тепловой энергии информация по ним указывается в отдельных строках.
E22: 1
F23: 1 | L23: =mergeValue(A23) &"."& mergeValue(B23)&"."& mergeValue(C23)&"."& mergeValue(D23)&"."& mergeValue(F23) -> 1.1.1.1.1 | M23: Группа потребителей | AB23: Указывается группа потребителей при наличии дифференциации тарифа по группам потребителей. Значение выбирается из перечня: Организации-перепродавцы; Бюджетные организации; Население; Прочие; Без дифференциации. В случае дифференциации тарифов группам потребителей информация по ним указывается в отдельных строках. | AD23: =strCheckUnique(AE23:AE28)
G24: 1 | L24: =mergeValue(A24) &"."& mergeValue(B24)&"."& mergeValue(C24)&"."& mergeValue(D24)&"."& mergeValue(F24)&"."& mergeValue(G24) -> 1.1.1.1.1.1 | M24: горячая вода в системе централизованного теплоснабжения на горячее водоснабжение | V24: =W24 & "-" & Y24 -> - | X24: да | Z24: нет | AB24: Указывается вид теплоносителя. Значение выбирается из перечня: вода; пар; отборный пар, 1.2-2.5 кг/см2; отборный пар, 2.5-7 кг/см2; отборный пар, 7-13 кг/см2; отборный пар, > 13 кг/см2; острый и редуцированный пар; горячая вода в системе централизованного теплоснабжения на отопление; горячая вода в системе централизованного теплоснабжения на горячее водоснабжение; прочее. В случае дифференциации тарифов по видам теплоносителя информация по ним указывается в отдельных строках. | AC24: =strCheckDate(O24:AA24) | AE24: =IF(M24="","",M24 ) -> горячая вода в системе централизованного теплоснабжения на горячее водоснабжение
H25: 1 | L25: =mergeValue(A25) &"."& mergeValue(B25)&"."& mergeValue(C25)&"."& mergeValue(D25)&"."& mergeValue(F25)&"."& mergeValue(G25)&"."& mergeValue(H25) -> 1.1.1.1.1.1.1 | V25: =W25 & "-" & Y25 -> - | AB25: В колонке «Параметр дифференциации тарифов» указывается наименование поставщика в случае наличия дифференциации компонента двухставочного тарифа на горячую воду по поставщикам. При подаче предложения на двухставочный тариф колонка «Одноставочный тариф» не заполняется. При подаче предложения на одноставочный тариф колонки в блоке «Двухставочный тариф» не заполняются. В случае отсутствия разбивки тарифа на компоненты колонки «Компонент на теплоноситель, руб./куб.м» и «Одноставочный компонент на тепловую энергию, руб/Гкал» не заполняются. Даты начала и окончания действия тарифов указываются в виде «ДД.ММ.ГГГГ». В случае отсутствия даты окончания действия тарифа в колонке «Дата окончания» указывается «Нет». В случае дифференциации тарифов по поставщикам информация по ним указывается в отдельных строках. | AC25: =strCheckDate(O25:AA25)
AF26: =OFFSET(AF26,-1,0) -> 0
M27: Добавить поставщика
M28: Добавить вид теплоносителя (параметры теплоносителя)
M29: Добавить группу потребителей
M31: Добавить источник тепловой энергии
M32: Добавить наименование системы теплоснабжения
M33: Добавить территорию действия тарифа
M34: Добавить наименование тарифа
L36: 1 | M36: При размещении информации по данной форме дополнительно указывается дата подачи заявления об утверждении цены (тарифа) и его номер. По данной форме раскрывается в том числе информация о предложении об установлении цен (тарифов) для единых теплоснабжающих организаций, а также теплоснабжающих организаций, теплосетевых организаций в ценовых зонах теплоснабжения.

Sheet Форма 1.0.1 | Т-подкл
A1: 10
F2: Форма 1.0.1 Основные параметры раскрываемой информации 1
F4: Параметры формы | I4: Описание параметров формы
F5: № п/п | G5: Наименование параметра | H5: Информация
F6: 1 | G6: 2 | H6: 3 | I6: 4 | J6: 4
F7: 1 | G7: Дата заполнения/внесения изменений | H7: =IF(dateCh="","",dateCh) -> 11.05.2022 | I7: Указывается календарная дата первичного заполнения или внесения изменений в форму в виде «ДД.ММ.ГГГГ».
A8: 1 | F8: ="2." &mergeValue(A8) -> 2.1 | G8: Наименование централизованной системы коммунальной инфраструктуры | I8: Указывается наименование централизованной системы холодного водоснабжения/горячего водоснабжения/водоотведения/теплоснабжения, к которой относится размещаемая информация. В случае наличия нескольких централизованных систем коммунальной инфраструктуры, информация по каждой из них указывается в отдельной строке.
F9: ="3." &mergeValue(A9) -> 3.1 | G9: Наименование регулируемого вида деятельности | I9: Указывается наименование вида регулируемой деятельности.
F10: ="4."&mergeValue(A10) -> 4.1 | G10: Территория оказания услуги по регулируемому виду деятельности | H10: x
B11: 1 | F11: ="4."&mergeValue(A11) &"."&mergeValue(B11) -> 4.1.1 | G11: Субъект Российской Федерации | H11: =IF(region_name="","",region_name) -> Челябинская область | I11: Указывается наименование субъекта Российской Федерации
C12: 1 | F12: ="4."&mergeValue(A12) &"."&mergeValue(B12)&"."&mergeValue(C12) -> 4.1.1.1 | G12: муниципальный район | I12: Указывается наименование муниципального района, на территории которого организация оказывает услуги по регулируемому виду деятельности.
D13: 1 | F13: ="4."&mergeValue(A13) &"."&mergeValue(B13)&"."&mergeValue(C13)&"."&mergeValue(D13) -> 4.1.1.1.1 | G13: муниципальное образование | I13: Указывается наименование и код муниципального района, муниципального образования в соответствии с Общероссийским классификатором территорий муниципальных образований (далее - ОКТМО), входящего в муниципальный район, на территории которого организация оказывает услуги по регулируемому виду деятельности. В случае оказания услуг по регулируемому виду деятельности на территории нескольких муниципальных районов (муниципальных образований) данные по каждому их них указываются в отдельной строке.
G14: Добавить МО
G15: Добавить МР
G16: Добавить территорию
G17: Добавить ЦС
G19: 1 Информация размещается при раскрытии информации по каждой из форм.

Sheet Форма 4.10.5 | Т-подкл
L5: Форма 4.10.5 Информация о предложении величин тарифов на подключение к системе теплоснабжения1
M8: ="Дата подачи заявления об "&IF(datePr_ch="","утверждении","изменении") & " тарифов" -> Дата подачи заявления об утверждении тарифов | N8: =IF(datePr_ch="",IF(datePr="","",datePr),datePr_ch) -> 25.04.2022
M9: ="Номер подачи заявления об "&IF(numberPr_ch="","утверждении","изменении") & " тарифов" -> Номер подачи заявления об утверждении тарифов | N9: =IF(numberPr_ch="",IF(numberPr="","",numberPr),numberPr_ch) -> 031/СН/2022
Z11: NDS | AA11: woNDS
AE12: dp
L14: Параметры формы | AG14: Описание параметров формы
L15: № п/п | M15: Параметр дифференциации тарифа/Заявитель | N15: Подключаемая тепловая нагрузка, Гкал/ч | R15: Тип прокладки тепловых сетей | V15: Диаметр тепловых сетей | Z15: Период действия тарифа | AE15: Наличие других периодов действия тарифа | AF15: Добавить период
Z16: Плата за подключение (технологическое присоединение), тыс. руб./Гкал/ч (руб.) | AB16: Период действия
Z17: с НДС | AA17: без НДС | AB17: дата начала | AC17: дата окончания
K18: 1 | L18: 1 | M18: 2 | N18: =OFFSET(N18,0,-1)+1 -> 3 | R18: =OFFSET(N18,0,0)+1 -> 4 | Y18: =OFFSET(R18,0,0)+1 -> 5 | Z18: =OFFSET(Z18,0,-1)+1 -> 6 | AA18: =OFFSET(AA18,0,-1)+1 -> 7 | AB18: =OFFSET(AB18,0,-1)+1 -> 8 | AC18: =OFFSET(AC18,0,-1)+1 -> 9 | AE18: =OFFSET(AE18,0,-2)+1 -> 10 | AG18: =OFFSET(AG18,0,-2)+1 -> 11
A19: 1 | L19: =mergeValue(A19) -> 1 | M19: Наименование тарифа | AG19: Указывается наименование тарифа в случае подачи предложения по нескольким тарифам. В случае наличия нескольких тарифов информация по ним указывается в отдельных строках.
B20: 1 | L20: =mergeValue(A20) &"."& mergeValue(B20) -> 1.1 | M20: Территория действия тарифа | AG20: Указывается наименование территории действия тарифа при наличии дифференциации тарифа по территориальному признаку. В случае дифференциации тарифов по территориальному признаку информация по ним указывается в отдельных строках.
C21: 1 | L21: =mergeValue(A21) &"."& mergeValue(B21)&"."& mergeValue(C21) -> 1.1.1 | M21: Наименование системы теплоснабжения | AG21: Указывается наименование системы теплоснабжения при наличии дифференциации тарифа по системам теплоснабжения. В случае дифференциации тарифов по системам теплоснабжения информация по ним указывается в отдельных строках.
D22: 1 | L22: =mergeValue(A22) &"."& mergeValue(B22)&"."& mergeValue(C22)&"."& mergeValue(D22) -> 1.1.1.1 | M22: Источник тепловой энергии | AG22: Указывается наименование источника тепловой энергии.
E23: 1 | L23: =mergeValue(A23) &"."& mergeValue(B23)&"."& mergeValue(C23)&"."& mergeValue(D23)&"."& mergeValue(E23) -> 1.1.1.1.1 | N23: нет | P23: 1 | R23: нет | T23: 1 | V23: нет | X23: 1 | AC23: да | AE23: нет | AG23: В колодке «Параметр дифференциации тарифа/Заявитель» указывается наименование категории потребителей, к которой относится тариф. Даты начала и окончания указываются в виде «ДД.ММ.ГГГГ». В случае отсутствия даты окончания тарифа в колонке «Дата окончания» указывается «Нет». В случае наличия дифференциации по подключаемой нагрузке, диапазону диаметров, типу прокладки тепловых сетей, информация по ним указывается в отдельных строках. В случае дифференциации тарифов по периодам действия тарифа информация по ним указывается в отдельных колонках. | AH23: =strCheckDate(Z24:AF24) | AI23: =IF(AND(COUNTIF(AJ18:AJ27,AJ23)>1,AJ23<>""),"ErrUnique:HasDoubleConn","")
AA24: =AB23 & "-" & AD23 -> -
M27: Добавить строку
M28: Добавить источник тепловой энергии
M29: Добавить наименование системы теплоснабжения
M30: Добавить территорию действия тарифа
M31: Добавить наименование тарифа
L33: 1 | M33: При размещении информации по данной форме дополнительно указывается дата подачи заявления об утверждении цены (тарифа) и его номер. По данной форме размещается в том числе информация о предложении об установлении цен (тарифов) для единых теплоснабжающих организаций, а также теплоснабжающих организаций, теплосетевых организаций в ценовых зонах теплоснабжения.

Sheet Форма 1.0.1 | Т-подкл(инд)
A1: 9
F2: Форма 1.0.1 Основные параметры раскрываемой информации 1
F4: Параметры формы | I4: Описание параметров формы
F5: № п/п | G5: Наименование параметра | H5: Информация
F6: 1 | G6: 2 | H6: 3 | I6: 4 | J6: 4
F7: 1 | G7: Дата заполнения/внесения изменений | H7: =IF(dateCh="","",dateCh) -> 11.05.2022 | I7: Указывается календарная дата первичного заполнения или внесения изменений в форму в виде «ДД.ММ.ГГГГ».
A8: 1 | F8: ="2." &mergeValue(A8) -> 2.1 | G8: Наименование централизованной системы коммунальной инфраструктуры | I8: Указывается наименование централизованной системы холодного водоснабжения/горячего водоснабжения/водоотведения/теплоснабжения, к которой относится размещаемая информация. В случае наличия нескольких централизованных систем коммунальной инфраструктуры, информация по каждой из них указывается в отдельной строке.
F9: ="3." &mergeValue(A9) -> 3.1 | G9: Наименование регулируемого вида деятельности | I9: Указывается наименование вида регулируемой деятельности.
F10: ="4."&mergeValue(A10) -> 4.1 | G10: Территория оказания услуги по регулируемому виду деятельности | H10: x
B11: 1 | F11: ="4."&mergeValue(A11) &"."&mergeValue(B11) -> 4.1.1 | G11: Субъект Российской Федерации | H11: =IF(region_name="","",region_name) -> Челябинская область | I11: Указывается наименование субъекта Российской Федерации
C12: 1 | F12: ="4."&mergeValue(A12) &"."&mergeValue(B12)&"."&mergeValue(C12) -> 4.1.1.1 | G12: муниципальный район | I12: Указывается наименование муниципального района, на территории которого организация оказывает услуги по регулируемому виду деятельности.
D13: 1 | F13: ="4."&mergeValue(A13) &"."&mergeValue(B13)&"."&mergeValue(C13)&"."&mergeValue(D13) -> 4.1.1.1.1 | G13: муниципальное образование | I13: Указывается наименование и код муниципального района, муниципального образования в соответствии с Общероссийским классификатором территорий муниципальных образований (далее - ОКТМО), входящего в муниципальный район, на территории которого организация оказывает услуги по регулируемому виду деятельности. В случае оказания услуг по регулируемому виду деятельности на территории нескольких муниципальных районов (муниципальных образований) данные по каждому их них указываются в отдельной строке.
G14: Добавить МО
G15: Добавить МР
G16: Добавить территорию
G17: Добавить ЦС
G19: 1 Информация размещается при раскрытии информации по каждой из форм.

Sheet Форма 4.10.6 | Т-подкл(инд)
L5: Форма 4.10.6 Информация о предложении платы за подключение к системе теплоснабжения в индивидуальном порядке1
M8: ="Дата подачи заявления об "&IF(datePr_ch="","утверждении","изменении") & " тарифов" -> Дата подачи заявления об утверждении тарифов | O8: =IF(datePr_ch="",IF(datePr="","",datePr),datePr_ch) -> 25.04.2022
M9: ="Номер подачи заявления об "&IF(numberPr_ch="","утверждении","изменении") & " тарифов" -> Номер подачи заявления об утверждении тарифов | O9: =IF(numberPr_ch="",IF(numberPr="","",numberPr),numberPr_ch) -> 031/СН/2022
Q11: NDS | R11: woNDS
V12: dp
L14: Параметры формы | X14: Описание параметров формы
L15: № п/п | M15: Заявитель | O15: Наименование объекта, адрес | P15: Подключаемая тепловая нагрузка, Гкал/ч | Q15: Период действия тарифа | V15: Наличие других периодов действия тарифа | W15: Добавить период
Q16: Плата за подключение (технологическое присоединение), тыс. руб./Гкал/ч (руб.) | S16: Период действия
Q17: с НДС | R17: без НДС | S17: дата начала | T17: дата окончания
K18: 1 | L18: 1 | M18: 2 | N18: 2 | O18: =OFFSET(O18,0,-1)+1 -> 3 | P18: =OFFSET(P18,0,-1)+1 -> 4 | Q18: =OFFSET(Q18,0,-1)+1 -> 5 | R18: =OFFSET(R18,0,-1)+1 -> 6 | S18: =OFFSET(S18,0,-1)+1 -> 7 | T18: =OFFSET(T18,0,-1)+1 -> 8 | V18: =OFFSET(V18,0,-2)+1 -> 9 | X18: =OFFSET(X18,0,-2)+1 -> 10
A19: 1 | L19: =mergeValue(A19) -> 1 | M19: Наименование тарифа | X19: Указывается наименование тарифа в случае подачи предложения по нескольким тарифам. В случае наличия нескольких тарифов информация по ним указывается в отдельных строках.
B20: 1 | L20: =mergeValue(A20) &"."& mergeValue(B20) -> 1.1 | M20: Территория действия тарифа | X20: Указывается наименование территории действия тарифа при наличии дифференциации тарифа по территориальному признаку. В случае дифференциации тарифов по территориальному признаку информация по ним указывается в отдельных строках.
C21: 1 | L21: =mergeValue(A21) &"."& mergeValue(B21)&"."& mergeValue(C21) -> 1.1.1 | M21: Наименование системы теплоснабжения | X21: Указывается наименование системы теплоснабжения при наличии дифференциации тарифа по системам теплоснабжения. В случае дифференциации тарифов по системам теплоснабжения информация по ним указывается в отдельных строках.
D22: 1 | L22: =mergeValue(A22) &"."& mergeValue(B22)&"."& mergeValue(C22)&"."& mergeValue(D22) -> 1.1.1.1 | M22: Источник тепловой энергии | X22: Указывается наименование источника тепловой энергии.
E23: 1 | L23: =mergeValue(A23) &"."& mergeValue(B23)&"."& mergeValue(C23)&"."& mergeValue(D23)&"."& mergeValue(E23) -> 1.1.1.1.1 | T23: да | V23: нет | X23: В колодке «Заявитель» указывается наименование заявителя, к которой относится тариф. Даты начала и окончания указываются в виде «ДД.ММ.ГГГГ». В случае отсутствия даты окончания тарифа в колонке «Дата окончания» указывается «Нет». В случае наличия дифференциации по категориям потребителей/заявителям информация по ним указывается в отдельных строках. В случае дифференциации по периодам действия тарифа информация по ним указывается в отдельных колонках. | Y23: =strCheckDateTwo(N23:W23)
R24: =S23 & "-" & U23 -> -
M25: Добавить строку
M26: Добавить источник тепловой энергии
M27: Добавить наименование системы теплоснабжения
M28: Добавить территорию действия тарифа
M29: Добавить наименование тарифа
L31: 1 | M31: При размещении информации по данной форме дополнительно указывается дата подачи заявления об утверждении платы и его номер. По данной форме раскрывается в том числе информация о предложении об установлении соответствующих цен (тарифов) в сфере теплоснабжения для единых теплоснабжающих организаций, а также теплоснабжающих организаций, теплосетевых организаций в ценовых зонах теплоснабжения.

Sheet Форма 1.0.1 | Форма 4.9
A1: 11
F2: Форма 1.0.1 Основные параметры раскрываемой информации 1
F4: Параметры формы | I4: Описание параметров формы
F5: № п/п | G5: Наименование параметра | H5: Информация
F6: 1 | G6: 2 | H6: 3 | I6: 4 | J6: 4
F7: 1 | G7: Дата заполнения/внесения изменений | H7: =IF(dateCh="","",dateCh) -> 11.05.2022 | I7: Указывается календарная дата первичного заполнения или внесения изменений в форму в виде «ДД.ММ.ГГГГ».
A8: 1 | F8: ="2." &mergeValue(A8) -> 2.1 | G8: Наименование централизованной системы коммунальной инфраструктуры | H8: =IF('Перечень тарифов'!R21="","наименование отсутствует","" & 'Перечень тарифов'!R21 & "") -> наименование отсутствует | I8: Указывается наименование централизованной системы холодного водоснабжения/горячего водоснабжения/водоотведения/теплоснабжения, к которой относится размещаемая информация. В случае наличия нескольких централизованных систем коммунальной инфраструктуры, информация по каждой из них указывается в отдельной строке.
F9: ="3." &mergeValue(A9) -> 3.1 | G9: Наименование регулируемого вида деятельности | H9: =IF('Перечень тарифов'!F21="","наименование отсутствует","" & 'Перечень тарифов'!F21 & "") -> Передача. Тепловая энергия | I9: Указывается наименование вида регулируемой деятельности.
F10: ="4."&mergeValue(A10) -> 4.1 | G10: Территория оказания услуги по регулируемому виду деятельности | H10: x
B11: 1 | F11: ="4."&mergeValue(A11) &"."&mergeValue(B11) -> 4.1.1 | G11: Субъект Российской Федерации | H11: =IF(region_name="","",region_name) -> Челябинская область | I11: Указывается наименование субъекта Российской Федерации
C12: 1 | F12: ="4."&mergeValue(A12) &"."&mergeValue(B12)&"."&mergeValue(C12) -> 4.1.1.1 | G12: муниципальный район | H12: =IF(Территории!H13="","","" & Территории!H13 & "") -> Город Челябинск | I12: Указывается наименование муниципального района, на территории которого организация оказывает услуги по регулируемому виду деятельности.
D13: 1 | F13: ="4."&mergeValue(A13) &"."&mergeValue(B13)&"."&mergeValue(C13)&"."&mergeValue(D13) -> 4.1.1.1.1 | G13: муниципальное образование | H13: =IF(Территории!R14="","","" & Территории!R14 & "") -> Город Челябинск (75701000) | I13: Указывается наименование и код муниципального района, муниципального образования в соответствии с Общероссийским классификатором территорий муниципальных образований (далее - ОКТМО), входящего в муниципальный район, на территории которого организация оказывает услуги по регулируемому виду деятельности. В случае оказания услуг по регулируемому виду деятельности на территории нескольких муниципальных районов (муниципальных образований) данные по каждому их них указываются в отдельной строке.
G15: 1 Информация размещается при раскрытии информации по каждой из форм.

Sheet Форма 4.9
D5: Форма 4.9 Информация о способах приобретения, стоимости и объемах товаров, необходимых для производства товаров и (или) оказания услуг
D7: Параметры формы | H7: Описание параметров формы
D8: № п/п | E8: Наименование параметра | F8: Информация | G8: Ссылка на документ
D9: 1 | E9: 2 | F9: 3 | G9: 4 | H9: 5
D10: 1 | E10: Сведения о правовых актах, регламентирующих правила закупки (положение о закупках) в организации | H10: В колонке «Информация» указывается описательная информация, характеризующая размещаемые данные. В колонке «Ссылка на документ» указывается либо ссылка на документ, предварительно загруженный в хранилище файлов ФГИС ЕИАС, либо ссылка на официальный сайт в сети «Интернет», на котором размещена информация. В случае наличия дополнительных сведений о способах приобретения, стоимости и объемах товаров, необходимых для производства товаров и (или) оказания услуг организацией, информация по ним указывается в отдельных строках.
D11: 2 | E11: Сведения о месте размещения положения о закупках организации
D12: 3 | E12: Сведения о планировании закупочных процедур
D13: 4 | E13: Сведения о результатах проведения закупочных процедур
E14: Добавить сведения

Sheet Форма 1.0.1 | Форма 4.10.1
A1: 11
F2: Форма 1.0.1 Основные параметры раскрываемой информации 1
F4: Параметры формы | I4: Описание параметров формы
F5: № п/п | G5: Наименование параметра | H5: Информация
F6: 1 | G6: 2 | H6: 3 | I6: 4 | J6: 4
F7: 1 | G7: Дата заполнения/внесения изменений | H7: =IF(dateCh="","",dateCh) -> 11.05.2022 | I7: Указывается календарная дата первичного заполнения или внесения изменений в форму в виде «ДД.ММ.ГГГГ».
A8: 1 | F8: ="2." &mergeValue(A8) -> 2.1 | G8: Наименование централизованной системы коммунальной инфраструктуры | H8: =IF('Перечень тарифов'!R21="","наименование отсутствует","" & 'Перечень тарифов'!R21 & "") -> наименование отсутствует | I8: Указывается наименование централизованной системы холодного водоснабжения/горячего водоснабжения/водоотведения/теплоснабжения, к которой относится размещаемая информация. В случае наличия нескольких централизованных систем коммунальной инфраструктуры, информация по каждой из них указывается в отдельной строке.
F9: ="3." &mergeValue(A9) -> 3.1 | G9: Наименование регулируемого вида деятельности | H9: =IF('Перечень тарифов'!F21="","наименование отсутствует","" & 'Перечень тарифов'!F21 & "") -> Передача. Тепловая энергия | I9: Указывается наименование вида регулируемой деятельности.
F10: ="4."&mergeValue(A10) -> 4.1 | G10: Территория оказания услуги по регулируемому виду деятельности | H10: x
B11: 1 | F11: ="4."&mergeValue(A11) &"."&mergeValue(B11) -> 4.1.1 | G11: Субъект Российской Федерации | H11: =IF(region_name="","",region_name) -> Челябинская область | I11: Указывается наименование субъекта Российской Федерации
C12: 1 | F12: ="4."&mergeValue(A12) &"."&mergeValue(B12)&"."&mergeValue(C12) -> 4.1.1.1 | G12: муниципальный район | H12: =IF(Территории!H13="","","" & Территории!H13 & "") -> Город Челябинск | I12: Указывается наименование муниципального района, на территории которого организация оказывает услуги по регулируемому виду деятельности.
D13: 1 | F13: ="4."&mergeValue(A13) &"."&mergeValue(B13)&"."&mergeValue(C13)&"."&mergeValue(D13) -> 4.1.1.1.1 | G13: муниципальное образование | H13: =IF(Территории!R14="","","" & Территории!R14 & "") -> Город Челябинск (75701000) | I13: Указывается наименование и код муниципального района, муниципального образования в соответствии с Общероссийским классификатором территорий муниципальных образований (далее - ОКТМО), входящего в муниципальный район, на территории которого организация оказывает услуги по регулируемому виду деятельности. В случае оказания услуг по регулируемому виду деятельности на территории нескольких муниципальных районов (муниципальных образований) данные по каждому их них указываются в отдельной строке.
G15: 1 Информация размещается при раскрытии информации по каждой из форм.

Sheet Форма 4.10.1
D5: Форма 4.10.1 Информация о предложении регулируемой организацией об установлении тарифов в сфере теплоснабжения на очередной период регулирования1
E7: ="Дата подачи заявления об "&IF(datePr_ch="","утверждении","изменении") & " тарифов" -> Дата подачи заявления об утверждении тарифов | F7: =IF(datePr_ch="",IF(datePr="","",datePr),datePr_ch) -> 25.04.2022
E8: ="Номер подачи заявления об "&IF(numberPr_ch="","утверждении","изменении") & " тарифов" -> Номер подачи заявления об утверждении тарифов | F8: =IF(numberPr_ch="",IF(numberPr="","",numberPr),numberPr_ch) -> 031/СН/2022
D10: Параметры формы | L10: Описание параметров формы
D11: № п/п | E11: Вид тарифа | F11: Наименование тарифа | G11: Период действия тарифов | J11: Информация | K11: Ссылка на документ
G12: с | I12: по
D13: 1 | E13: 2 | F13: 3 | G13: 4 | I13: 5 | J13: 6 | K13: 7 | L13: 8
D14: 1 | E14: Копия инвестиционной программы, утвержденной в установленном законодательством Российской Федерации порядке, а до ее утверждения копия проекта инвестиционной программы
D15: 1.1 | E15: x | F15: x | G15: x | I15: x | J15: отсутствует | L15: Заполняется в случае наличия инвестиционной программы (проекта инвестиционной программы) в отчетном периоде. В колонке «Информация» указывается наименование инвестиционной программы. В колонке «Ссылка на документ» указывается ссылка на документ, предварительно загруженный в хранилище файлов ФГИС ЕИАС.
B16: 3 | D16: 2 | E16: Предлагаемый метод регулирования | J16: x
D17: 2.1 | E17: =IF('Перечень тарифов'!E21="","наименование отсутствует","" & 'Перечень тарифов'!E21 & "") -> Тарифы на услуги по передаче тепловой энергии | F17: =IF('Перечень тарифов'!J21="","наименование отсутствует","" & 'Перечень тарифов'!J21 & "") -> наименование отсутствует | H17: 01.01.2023 | I17: 31.12.2023 | J17: метод индексации установленных тарифов | K17: x | L17: Значение в колонке «Вид тарифа» выбирается из перечня видов тарифов в сфере теплоснабжения, предусмотренных законодательством в сфере теплоснабжения. Значение в колонке «Информация» выбирается из перечня: Метод экономически обоснованных расходов (затрат); Метод индексации установленных тарифов; Метод обеспечения доходности инвестированного капитала; Метод сравнения аналогов. Даты начала и окончания периода действия тарифов указывается в виде «ДД.ММ.ГГГГ». В случае дифференциации предлагаемых методов регулирования видам тарифов и (или) по периодам действия тарифов информация по каждому из них указывается в отдельной строке.
H18: Добавить период
B19: 3 | D19: 3 | E19: Долгосрочные параметры регулирования (в случае если их установление предусмотрено выбранным методом регулирования)
D20: 3.1 | E20: x | F20: x | G20: x | I20: x | J20: x | K20: https://portal.eias.ru/Portal/DownloadPage.aspx?type=12&guid=c3032a7c-385e-4ae3-97c3-910540529643 | L20: Долгосрочные параметры регулирования указываются в случае выбора любого метода регулирования за исключением метода экономически обоснованных затрат в виде ссылки на документ, предварительно загруженный в хранилище файлов ФГИС ЕИАС.
B21: 3 | D21: 4 | E21: Необходимая валовая выручка на соответствующий период, в том числе с разбивкой по годам
D22: 4.1 | E22: =IF('Перечень тарифов'!E21="","наименование отсутствует","" & 'Перечень тарифов'!E21 & "") -> Тарифы на услуги по передаче тепловой энергии | F22: =IF('Перечень тарифов'!J21="","наименование отсутствует","" & 'Перечень тарифов'!J21 & "") -> наименование отсутствует | H22: 01.01.2023 | I22: 31.12.2023 | J22: 35917.44 | K22: x | L22: Значение в колонке «Вид тарифа» выбирается из перечня видов тарифов в сфере теплоснабжения, предусмотренных законодательством в сфере теплоснабжения. Даты начала и окончания периода действия тарифов указывается в виде «ДД.ММ.ГГГГ». Величина необходимой валовой выручки указывается в колонке «Информация» в тыс. руб. В случае дифференциации необходимой валовой выручки по видам тарифов и (или) по периодам действия тарифов информация указывается в отдельных строках.
H23: Добавить период
D24: 5 | E24: Годовой объем полезного отпуска тепловой энергии (теплоносителя)
D25: 5.1 | E25: =IF('Перечень тарифов'!E21="","наименование отсутствует","" & 'Перечень тарифов'!E21 & "") -> Тарифы на услуги по передаче тепловой энергии | F25: =IF('Перечень тарифов'!J21="","наименование отсутствует","" & 'Перечень тарифов'!J21 & "") -> наименование отсутствует | H25: 01.01.2023 | I25: 31.12.2023 | J25: 152.76 | K25: x | L25: Значение в колонке «Вид тарифа» выбирается из перечня видов тарифов в сфере теплоснабжения, предусмотренных законодательством в сфере теплоснабжения_x000D_ Даты начала и окончания периода действия тарифов указывается в виде «ДД.ММ.ГГГГ»._x000D_ Величина годового объема полезного отпуска тепловой энергии (теплоносителя) указывается в колонке «Информация» в тыс. Гкал._x000D_ В случае дифференциации объема полезного отпуска тепловой энергии (теплоносителя) по видам тарифов и (или) по периодам действия тарифов информация указывается в отдельных строках.
H26: Добавить период
D27: 6 | E27: Размер недополученных доходов регулируемой организацией, исчисленный в соответствии с законодательством в сфере теплоснабжения
D28: 6.1 | E28: =IF('Перечень тарифов'!E21="","наименование отсутствует","" & 'Перечень тарифов'!E21 & "") -> Тарифы на услуги по передаче тепловой энергии | F28: =IF('Перечень тарифов'!J21="","наименование отсутствует","" & 'Перечень тарифов'!J21 & "") -> наименование отсутствует | H28: 01.01.2023 | I28: 31.12.2023 | J28: 3974.17 | K28: x | L28: Значение в колонке «Вид тарифа» выбирается из перечня видов тарифов в сфере теплоснабжения, предусмотренных законодательством в сфере теплоснабжения. Даты начала и окончания периода действия тарифов указывается в виде «ДД.ММ.ГГГГ». Величина недополученных доходов регулируемой организации указывается в колонке «Информация» в тыс. руб. В случае отсутствия недополученных доходов регулируемой организацией, исчисленных в соответствии с законодательством в сфере теплоснабжения, указывается значение 0. В случае дифференциации недополученных доходов регулируемой организацией по видам тарифов и (или) по периодам действия тарифов информация указывается в отдельных строках. | O28: c 01:03 до 18:55
H29: Добавить период
B30: 3 | D30: 7 | E30: Размер экономически обоснованных расходов, не учтенных при регулировании тарифов в предыдущий период регулирования (при их наличии), определенном в соответствии с законодательством в сфере теплоснабжения
D31: 7.1 | E31: =IF('Перечень тарифов'!E21="","наименование отсутствует","" & 'Перечень тарифов'!E21 & "") -> Тарифы на услуги по передаче тепловой энергии | F31: =IF('Перечень тарифов'!J21="","наименование отсутствует","" & 'Перечень тарифов'!J21 & "") -> наименование отсутствует | H31: 01.01.2023 | I31: 31.12.2023 | J31: 0 | K31: x | L31: Значение в колонке «Вид тарифа» выбирается из перечня видов тарифов в сфере теплоснабжения, предусмотренных законодательством в сфере теплоснабжения. Даты начала и окончания периода действия тарифов указывается в виде «ДД.ММ.ГГГГ». Величина экономически обоснованных расходов, не учтенных при регулировании тарифов в предыдущий период регулирования, указывается в колонке «Информация» в тыс. руб. В случае отсутствия экономически обоснованных расходов, не учтенных при регулировании тарифов в предыдущий период регулирования, определенных в соответствии с законодательством в сфере теплоснабжения, указывается значение 0. В случае дифференциации экономически обоснованных расходов по видам тарифов и (или) по периодам действия тарифов информация указывается в отдельных строках.
H32: Добавить период
D34: 1 | E34: При размещении информации по данной форме дополнительно указывается дата подачи заявления об утверждении тарифа и его номер.

Sheet Форма 1.0.2
D5: Форма 1.0.2 Информация о публикации в печатных изданиях 2
D8: Параметры формы | K8: Описание параметров формы
D9: № п/п | E9: Форма публикации | G9: Официальное печатное издание
E10: Номер | F10: Наименование | G10: Наименование | H10: Номер | I10: Дата выпуска | J10: Ссылка на документ
D11: 1 | E11: 2 | F11: 3 | G11: 4 | H11: 5 | I11: 6 | J11: 7 | K11: 8
A12: 3 | D12: 1 | K12: В колонке «Дата выпуска» дата выпуска печатного издания указывается в виде «ДД.ММ.ГГГГ». В колонке «Ссылка на документ» указывается ссылка на отсканированную копию печатного издания, предварительно загруженную в хранилище федеральной государственной информационной системы «Единая информационно-аналитическая система «Федеральный орган регулирования - региональные органы регулирования - субъекты регулирования» (далее – ФГИС ЕИАС), с опубликованной информацией. В случае публикации информации в нескольких печатных изданиях информация по каждому из них указывается в отдельной строке. | M12: =IF(ISERROR(INDEX(kind_of_nameforms,MATCH(E12,kind_of_forms,0),1)),"",INDEX(kind_of_nameforms,MATCH(E12,kind_of_forms,0),1))
E13: Добавить строку
E15: 2 Размещается информация по каждой из форм раскрытия, данные в которой относятся к муниципальному образованию, в котором отсутствует доступ в сеть «Интернет».

Sheet Сведения об изменении
D7: Сведения об изменениях в первоначально опубликованной информации*
D9: № п/п | E9: Сведения
D10: 1 | E10: 2
D11: 0
D12: 1
E13: Добавить
D15: * Лист заполняется в случае, если на Титульном листе в поле "Тип отчета" выбрано значение «Изменения в раскрытой ранее информации».

Sheet Комментарии
D7: Комментарии
D9: № п/п | E9: Комментарий
D10: 1 | E10: 2
D11: 0
E12: Добавить

Sheet Проверка
B2: Результат проверки
B4: Ссылка | C4: Причина | D4: Статус

Sheet et_union_hor
A2: et_Comm
A7: et_List02(_1,_2,_3)
D9: 1 | G9: нет | I9: 1 | K9: нет | M9: 1 | O9: нет | Q9: 1 | S9: нет | U9: 1
V10: Добавить источник для дифференциации
R11: Добавить СТ для дифференциации
N12: Добавить территорию для дифференциации
I15: 1 | K15: нет | M15: 1 | O15: нет | Q15: 1 | S15: нет | U15: 1
V16: Добавить источник для дифференциации
R17: Добавить СТ для дифференциации
N18: Добавить территорию для дифференциации
A21: et_List06(_1,_2,_3) | C21: 1
O27: Величина установленного тарифа | R27: Срок действия цены (тарифа) на тепловую энергию (мощность) | U27: Наличие других периодов действия тарифа
O28: Одноставочный тариф, руб./Гкал | P28: Двухставочный тариф
P29: ставка за тепловую энергию, руб./Гкал | Q29: ставка за содержание тепловой мощности, тыс.руб./Гкал/ч/мес | R29: дата начала | S29: дата окончания
M30: 7
A31: 1 | L31: =mergeValue(A31) -> 1 | M31: Наименование тарифа | W31: Указывается наименование тарифа в случае подачи предложения по нескольким тарифам. В случае наличия нескольких тарифов информация по ним указывается в отдельных строках. | Z31: =IF(M31="","",M31 ) -> Наименование тарифа
B32: 1 | L32: =mergeValue(A32) &"."& mergeValue(B32) -> 1.1 | M32: Территория действия тарифа | W32: Указывается наименование территории действия тарифа при наличии дифференциации тарифа по территориальному признаку. В случае дифференциации тарифов по территориальному признаку информация по ним указывается в отдельных строках. | Z32: =IF(M32="","",M32 ) -> Территория действия тарифа
C33: 1 | L33: =mergeValue(A33) &"."& mergeValue(B33)&"."& mergeValue(C33) -> 1.1.1 | M33: Наименование системы теплоснабжения | W33: Указывается наименование системы теплоснабжения при наличии дифференциации тарифа по системам теплоснабжения. В случае дифференциации тарифов по системам теплоснабжения информация по ним указывается в отдельных строках. | Z33: =IF(M33="","",M33 ) -> Наименование системы теплоснабжения
D34: 1 | L34: =mergeValue(A34) &"."& mergeValue(B34)&"."& mergeValue(C34)&"."& mergeValue(D34) -> 1.1.1.1 | M34: Источник тепловой энергии | W34: Указывается наименование источника тепловой энергии В случае дифференциации тарифов по источникам тепловой энергии информация по ним указывается в отдельных строках. | Z34: =IF(M34="","",M34 ) -> Источник тепловой энергии
E35: 1 | H35: 1 | I35: 1 | L35: =mergeValue(A35) &"."& mergeValue(B35)&"."& mergeValue(C35)&"."& mergeValue(D35)&"."& mergeValue(E35) -> 1.1.1.1.1 | M35: Схема подключения теплопотребляющей установки к коллектору источника тепловой энергии | W35: Указывается схема подключения теплопотребляющей установки к коллектору источника тепловой энергии только для тарифов на тепловую энергию и за услуги по поддержанию резервной мощности. Значение выбирается из перечня: Без дифференциации; к коллектору источника тепловой энергии; к тепловой сети без дополнительного преобразования на тепловых пунктах, эксплуатируемых теплоснабжающей организацией; к тепловой сети после тепловых пунктов (на тепловых пунктах), эксплуатируемых теплоснабжающей организацией. В случае дифференциации тарифов по схемам подключения теплопотребляющей установки к коллектору источника тепловой энергии информация по ним указывается в отдельных строках. | Z35: =IF(M35="","",M35 ) -> Схема подключения теплопотребляющей установки к коллектору источника тепловой энергии
F36: 1 | J36: 1 | L36: =mergeValue(A36) &"."& mergeValue(B36)&"."& mergeValue(C36)&"."& mergeValue(D36)&"."& mergeValue(E36)&"."& mergeValue(F36) -> 1.1.1.1.1.1 | M36: Группа потребителей | W36: Указывается группа потребителей при наличии дифференциации тарифа по группам потребителей. Значение выбирается из перечня: Организации-перепродавцы; Бюджетные организации; Население; Прочие; Без дифференциации. В случае дифференциации тарифов группам потребителей информация по ним указывается в отдельных строках. | Z36: =IF(M36="","",M36 ) -> Группа потребителей
G37: 1 | K37: 1 | L37: =mergeValue(A37) &"."& mergeValue(B37)&"."& mergeValue(C37)&"."& mergeValue(D37)&"."& mergeValue(E37)&"."& mergeValue(F37)&"."& mergeValue(G37) -> 1.1.1.1.1.1.1 | S37: да | U37: да | W37: В колонке «Параметр дифференциации тарифов» указывается вид теплоносителя. Значение выбирается из перечня: вода; пар; отборный пар, 1.2-2.5 кг/см2; отборный пар, 2.5-7 кг/см2; отборный пар, 7-13 кг/см2; отборный пар, > 13 кг/см2; острый и редуцированный пар; горячая вода в системе централизованного теплоснабжения на отопление; горячая вода в системе централизованного теплоснабжения на горячее водоснабжение; прочее. При подаче предложения на двухставочный тариф колонка «Одноставочный тариф» не заполняется. При подаче предложения на одноставочный тариф колонки в блоке «Двухставочный тариф» не заполняются. Даты начала и окончания действия тарифов указываются в виде «ДД.ММ.ГГГГ». В случае отсутствия даты окончания действия тарифа в колонке «Дата окончания» указывается «Нет». Информация в колонке «Ставка за содержание тепловой мощности, тыс. руб./Гкал/ч/мес» указывается только для тарифа по поддержанию резервной мощности. В случае дифференциации тарифов по периодам действия тарифа информация по ним указывается в отдельных колонках. В случае дифференциации тарифов по видам теплоносителя информация по ним указывается в отдельных строках. | X37: =strCheckDate(O38:V38) | Z37: =IF(M37="","",M37 )
Q38: =R37 & "-" & T37 -> - | Z38: =IF(M38="","",M38 )
M39: Добавить вид теплоносителя (параметры теплоносителя) | Z39: =IF(M39="","",M39 ) -> Добавить вид теплоносителя (параметры теплоносителя)
M40: Добавить группу потребителей | Z40: =IF(M40="","",M40 ) -> Добавить группу потребителей
M41: Добавить схему подключения | Z41: =IF(M41="","",M41 ) -> Добавить схему подключения
M42: Добавить источник тепловой энергии | Z42: =IF(M42="","",M42 ) -> Добавить источник тепловой энергии
M43: Добавить наименование системы теплоснабжения | Z43: =IF(M43="","",M43 ) -> Добавить наименование системы теплоснабжения
M44: Добавить территорию действия тарифа | Z44: =IF(M44="","",M44 ) -> Добавить территорию действия тарифа
M45: Добавить наименование тарифа
A47: et_List06(_1,_2,_3) | C47: 2
A49: 1 | L49: =mergeValue(A49) -> 1 | M49: Наименование тарифа | W49: Указывается наименование тарифа в случае подачи предложения по нескольким тарифам. В случае наличия нескольких тарифов информация по ним указывается в отдельных строках. | Z49: =IF(M49="","",M49 ) -> Наименование тарифа
B50: 1 | L50: =mergeValue(A50) &"."& mergeValue(B50) -> 1.1 | M50: Территория действия тарифа | W50: Указывается наименование территории действия тарифа при наличии дифференциации тарифа по территориальному признаку. В случае дифференциации тарифов по территориальному признаку информация по ним указывается в отдельных строках. | Z50: =IF(M50="","",M50 ) -> Территория действия тарифа
C51: 1 | L51: =mergeValue(A51) &"."& mergeValue(B51)&"."& mergeValue(C51) -> 1.1.1 | M51: Наименование системы теплоснабжения | W51: Указывается наименование системы теплоснабжения при наличии дифференциации тарифа по системам теплоснабжения. В случае дифференциации тарифов по системам теплоснабжения информация по ним указывается в отдельных строках. | Z51: =IF(M51="","",M51 ) -> Наименование системы теплоснабжения
D52: 1 | L52: =mergeValue(A52) &"."& mergeValue(B52)&"."& mergeValue(C52)&"."& mergeValue(D52) -> 1.1.1.1 | M52: Источник тепловой энергии | W52: Указывается наименование источника тепловой энергии В случае дифференциации тарифов по источникам тепловой энергии информация по ним указывается в отдельных строках. | Z52: =IF(M52="","",M52 ) -> Источник тепловой энергии
E53: 1 | H53: 1 | I53: 1 | L53: =mergeValue(A53) &"."& mergeValue(B53)&"."& mergeValue(C53)&"."& mergeValue(D53)&"."& mergeValue(E53) -> 1.1.1.1.1 | M53: Схема подключения теплопотребляющей установки к коллектору источника тепловой энергии | W53: Указывается схема подключения теплопотребляющей установки к коллектору источника тепловой энергии только для тарифов на тепловую энергию и за услуги по поддержанию резервной мощности. Значение выбирается из перечня: Без дифференциации; к коллектору источника тепловой энергии; к тепловой сети без дополнительного преобразования на тепловых пунктах, эксплуатируемых теплоснабжающей организацией; к тепловой сети после тепловых пунктов (на тепловых пунктах), эксплуатируемых теплоснабжающей организацией. В случае дифференциации тарифов по схемам подключения теплопотребляющей установки к коллектору источника тепловой энергии информация по ним указывается в отдельных строках. | Z53: =IF(M53="","",M53 ) -> Схема подключения теплопотребляющей установки к коллектору источника тепловой энергии
F54: 1 | J54: 1 | L54: =mergeValue(A54) &"."& mergeValue(B54)&"."& mergeValue(C54)&"."& mergeValue(D54)&"."& mergeValue(E54)&"."& mergeValue(F54) -> 1.1.1.1.1.1 | M54: Группа потребителей | W54: Указывается группа потребителей при наличии дифференциации тарифа по группам потребителей. Значение выбирается из перечня: Организации-перепродавцы; Бюджетные организации; Население; Прочие; Без дифференциации. В случае дифференциации тарифов группам потребителей информация по ним указывается в отдельных строках. | Z54: =IF(M54="","",M54 ) -> Группа потребителей
G55: 1 | K55: 1 | L55: =mergeValue(A55) &"."& mergeValue(B55)&"."& mergeValue(C55)&"."& mergeValue(D55)&"."& mergeValue(E55)&"."& mergeValue(F55)&"."& mergeValue(G55) -> 1.1.1.1.1.1.1 | S55: да | U55: да | W55: В колонке «Параметр дифференциации тарифов» указывается вид теплоносителя. Значение выбирается из перечня: вода; пар; отборный пар, 1.2-2.5 кг/см2; отборный пар, 2.5-7 кг/см2; отборный пар, 7-13 кг/см2; отборный пар, > 13 кг/см2; острый и редуцированный пар; горячая вода в системе централизованного теплоснабжения на отопление; горячая вода в системе централизованного теплоснабжения на горячее водоснабжение; прочее. При подаче предложения на двухставочный тариф колонка «Одноставочный тариф» не заполняется. При подаче предложения на одноставочный тариф колонки в блоке «Двухставочный тариф» не заполняются. Даты начала и окончания действия тарифов указываются в виде «ДД.ММ.ГГГГ». В случае отсутствия даты окончания действия тарифа в колонке «Дата окончания» указывается «Нет». Информация в колонке «Ставка за содержание тепловой мощности, тыс. руб./Гкал/ч/мес» указывается только для тарифа по поддержанию резервной мощности. В случае дифференциации тарифов по периодам действия тарифа информация по ним указывается в отдельных колонках. В случае дифференциации тарифов по видам теплоносителя информация по ним указывается в отдельных строках. | X55: =strCheckDate(O56:V56) | Z55: =IF(M55="","",M55 )
Q56: =R55 & "-" & T55 -> - | Z56: =IF(M56="","",M56 )
M57: Добавить вид теплоносителя (параметры теплоносителя) | Z57: =IF(M57="","",M57 ) -> Добавить вид теплоносителя (параметры теплоносителя)
M58: Добавить группу потребителей | Z58: =IF(M58="","",M58 ) -> Добавить группу потребителей
M59: Добавить схему подключения | Z59: =IF(M59="","",M59 ) -> Добавить схему подключения
M60: Добавить источник тепловой энергии | Z60: =IF(M60="","",M60 ) -> Добавить источник тепловой энергии
M61: Добавить наименование системы теплоснабжения | Z61: =IF(M61="","",M61 ) -> Добавить наименование системы теплоснабжения
M62: Добавить территорию действия тарифа | Z62: =IF(M62="","",M62 ) -> Добавить территорию действия тарифа
M63: Добавить наименование тарифа
A65: et_List06(_1,_2,_3) | C65: 3
A67: 1 | L67: =mergeValue(A67) -> 1 | M67: Наименование тарифа | W67: Указывается наименование тарифа в случае подачи предложения по нескольким тарифам. В случае наличия нескольких тарифов информация по ним указывается в отдельных строках. | Z67: =IF(M67="","",M67 ) -> Наименование тарифа
B68: 1 | L68: =mergeValue(A68) &"."& mergeValue(B68) -> 1.1 | M68: Территория действия тарифа | W68: Указывается наименование территории действия тарифа при наличии дифференциации тарифа по территориальному признаку. В случае дифференциации тарифов по территориальному признаку информация по ним указывается в отдельных строках. | Z68: =IF(M68="","",M68 ) -> Территория действия тарифа
C69: 1 | L69: =mergeValue(A69) &"."& mergeValue(B69)&"."& mergeValue(C69) -> 1.1.1 | M69: Наименование системы теплоснабжения | W69: Указывается наименование системы теплоснабжения при наличии дифференциации тарифа по системам теплоснабжения. В случае дифференциации тарифов по системам теплоснабжения информация по ним указывается в отдельных строках. | Z69: =IF(M69="","",M69 ) -> Наименование системы теплоснабжения
D70: 1 | L70: =mergeValue(A70) &"."& mergeValue(B70)&"."& mergeValue(C70)&"."& mergeValue(D70) -> 1.1.1.1 | M70: Источник тепловой энергии | W70: Указывается наименование источника тепловой энергии В случае дифференциации тарифов по источникам тепловой энергии информация по ним указывается в отдельных строках. | Z70: =IF(M70="","",M70 ) -> Источник тепловой энергии
E71: 1 | H71: 1 | I71: 1 | L71: =mergeValue(A71) &"."& mergeValue(B71)&"."& mergeValue(C71)&"."& mergeValue(D71)&"."& mergeValue(E71) -> 1.1.1.1.1 | M71: Схема подключения теплопотребляющей установки к коллектору источника тепловой энергии | W71: Указывается схема подключения теплопотребляющей установки к коллектору источника тепловой энергии только для тарифов на тепловую энергию и за услуги по поддержанию резервной мощности. Значение выбирается из перечня: Без дифференциации; к коллектору источника тепловой энергии; к тепловой сети без дополнительного преобразования на тепловых пунктах, эксплуатируемых теплоснабжающей организацией; к тепловой сети после тепловых пунктов (на тепловых пунктах), эксплуатируемых теплоснабжающей организацией. В случае дифференциации тарифов по схемам подключения теплопотребляющей установки к коллектору источника тепловой энергии информация по ним указывается в отдельных строках. | Z71: =IF(M71="","",M71 ) -> Схема подключения теплопотребляющей установки к коллектору источника тепловой энергии
F72: 1 | J72: 1 | L72: =mergeValue(A72) &"."& mergeValue(B72)&"."& mergeValue(C72)&"."& mergeValue(D72)&"."& mergeValue(E72)&"."& mergeValue(F72) -> 1.1.1.1.1.1 | M72: Группа потребителей | W72: Указывается группа потребителей при наличии дифференциации тарифа по группам потребителей. Значение выбирается из перечня: Организации-перепродавцы; Бюджетные организации; Население; Прочие; Без дифференциации. В случае дифференциации тарифов группам потребителей информация по ним указывается в отдельных строках. | Z72: =IF(M72="","",M72 ) -> Группа потребителей
G73: 1 | K73: 1 | L73: =mergeValue(A73) &"."& mergeValue(B73)&"."& mergeValue(C73)&"."& mergeValue(D73)&"."& mergeValue(E73)&"."& mergeValue(F73)&"."& mergeValue(G73) -> 1.1.1.1.1.1.1 | S73: да | U73: да | W73: В колонке «Параметр дифференциации тарифов» указывается вид теплоносителя. Значение выбирается из перечня: вода; пар; отборный пар, 1.2-2.5 кг/см2; отборный пар, 2.5-7 кг/см2; отборный пар, 7-13 кг/см2; отборный пар, > 13 кг/см2; острый и редуцированный пар; горячая вода в системе централизованного теплоснабжения на отопление; горячая вода в системе централизованного теплоснабжения на горячее водоснабжение; прочее. При подаче предложения на двухставочный тариф колонка «Одноставочный тариф» не заполняется. При подаче предложения на одноставочный тариф колонки в блоке «Двухставочный тариф» не заполняются. Даты начала и окончания действия тарифов указываются в виде «ДД.ММ.ГГГГ». В случае отсутствия даты окончания действия тарифа в колонке «Дата окончания» указывается «Нет». Информация в колонке «Ставка за содержание тепловой мощности, тыс. руб./Гкал/ч/мес» указывается только для тарифа по поддержанию резервной мощности. В случае дифференциации тарифов по периодам действия тарифа информация по ним указывается в отдельных колонках. В случае дифференциации тарифов по видам теплоносителя информация по ним указывается в отдельных строках. | X73: =strCheckDate(O74:V74) | Z73: =IF(M73="","",M73 )
Q74: =R73 & "-" & T73 -> - | Z74: =IF(M74="","",M74 )
M75: Добавить вид теплоносителя (параметры теплоносителя) | Z75: =IF(M75="","",M75 ) -> Добавить вид теплоносителя (параметры теплоносителя)
M76: Добавить группу потребителей | Z76: =IF(M76="","",M76 ) -> Добавить группу потребителей
M77: Добавить схему подключения | Z77: =IF(M77="","",M77 ) -> Добавить схему подключения
M78: Добавить источник тепловой энергии | Z78: =IF(M78="","",M78 ) -> Добавить источник тепловой энергии
M79: Добавить наименование системы теплоснабжения | Z79: =IF(M79="","",M79 ) -> Добавить наименование системы теплоснабжения
M80: Добавить территорию действия тарифа | Z80: =IF(M80="","",M80 ) -> Добавить территорию действия тарифа
M81: Добавить наименование тарифа
A83: et_List06(_1,_2,_3) | C83: 4
A85: 1 | K85: 1 | L85: =mergeValue(A85) -> 1 | M85: Наименование тарифа | W85: Указывается наименование тарифа в случае подачи предложения по нескольким тарифам. В случае наличия нескольких тарифов информация по ним указывается в отдельных строках.
B86: 1 | K86: 1 | L86: =mergeValue(A86) &"."& mergeValue(B86) -> 1.1 | M86: Территория действия тарифа | W86: Указывается наименование территории действия тарифа при наличии дифференциации тарифа по территориальному признаку. В случае дифференциации тарифов по территориальному признаку информация по ним указывается в отдельных строках.
C87: 1 | K87: 1 | L87: =mergeValue(A87) &"."& mergeValue(B87)&"."& mergeValue(C87) -> 1.1.1 | M87: Наименование системы теплоснабжения | W87: Указывается наименование системы теплоснабжения при наличии дифференциации тарифа по системам теплоснабжения. В случае дифференциации тарифов по системам теплоснабжения информация по ним указывается в отдельных строках.
D88: 1 | I88: 1 | K88: 1 | L88: =mergeValue(A88) &"."& mergeValue(B88)&"."& mergeValue(C88)&"."& mergeValue(D88) -> 1.1.1.1 | M88: Источник тепловой энергии | W88: Указывается наименование источника тепловой энергии В случае дифференциации тарифов по источникам тепловой энергии информация по ним указывается в отдельных строках.
E89: 1 | K89: 1
F90: 1 | K90: 1 | L90: =mergeValue(A90) &"."& mergeValue(B90)&"."& mergeValue(C90)&"."& mergeValue(D90)&"."& mergeValue(F90) -> 1.1.1.1.1 | M90: Группа потребителей | W90: Указывается группа потребителей при наличии дифференциации тарифа по группам потребителей. Значение выбирается из перечня: Организации-перепродавцы; Бюджетные организации; Население; Прочие; Без дифференциации. В случае дифференциации тарифов группам потребителей информация по ним указывается в отдельных строках. | Y90: =strCheckUnique(Z90:Z93)
G91: 1 | L91: =mergeValue(A91) &"."& mergeValue(B91)&"."& mergeValue(C91)&"."& mergeValue(D91)&"."& mergeValue(F91)&"."& mergeValue(G91) -> 1.1.1.1.1.1 | S91: да | U91: да | W91: В колонке «Параметр дифференциации тарифов» указывается вид теплоносителя. Значение выбирается из перечня: вода; пар; отборный пар, 1.2-2.5 кг/см2; отборный пар, 2.5-7 кг/см2; отборный пар, 7-13 кг/см2; отборный пар, > 13 кг/см2; острый и редуцированный пар; горячая вода в системе централизованного теплоснабжения на отопление; горячая вода в системе централизованного теплоснабжения на горячее водоснабжение; прочее. При подаче предложения на двухставочный тариф колонка «Одноставочный тариф» не заполняется. При подаче предложения на одноставочный тариф колонки в блоке «Двухставочный тариф» не заполняются. Информация в колонке «Двухставочный тариф» не указывается для тарифа на теплоноситель. Даты начала и окончания действия тарифов указываются в виде «ДД.ММ.ГГГГ». В случае отсутствия даты окончания действия тарифа в колонке «Дата окончания» указывается «Нет». В случае дифференциации тарифов по видам теплоносителя информация по ним указывается в отдельных строках. | X91: =strCheckDate(O92:V92) | Z91: =IF(M91="","",M91 )
K92: 1 | Q92: =R91 & "-" & T91 -> -
K93: 1 | M93: Добавить вид теплоносителя (параметры теплоносителя)
M94: Добавить группу потребителей
K96: 1 | M96: Добавить источник тепловой энергии
K97: 1 | M97: Добавить наименование системы теплоснабжения
K98: 1 | M98: Добавить территорию действия тарифа
M99: Добавить наименование тарифа
G101: et_List06(_1,_2,_3) | I101: 5
A103: 1 | L103: =mergeValue(A103) -> 1 | M103: Наименование тарифа | AB103: Указывается наименование тарифа в случае подачи предложения по нескольким тарифам. В случае наличия нескольких тарифов информация по ним указывается в отдельных строках.
B104: 1 | L104: =mergeValue(A104) &"."& mergeValue(B104) -> 1.1 | M104: Территория действия тарифа | AB104: Указывается наименование территории действия тарифа при наличии дифференциации тарифа по территориальному признаку. В случае дифференциации тарифов по территориальному признаку информация по ним указывается в отдельных строках.
C105: 1 | L105: =mergeValue(A105) &"."& mergeValue(B105)&"."& mergeValue(C105) -> 1.1.1 | M105: Наименование системы теплоснабжения | AB105: Указывается наименование системы теплоснабжения при наличии дифференциации тарифа по системам теплоснабжения. В случае дифференциации тарифов по системам теплоснабжения информация по ним указывается в отдельных строках.
D106: 1 | L106: =mergeValue(A106) &"."& mergeValue(B106)&"."& mergeValue(C106)&"."& mergeValue(D106) -> 1.1.1.1 | M106: Источник тепловой энергии | AB106: Указывается наименование источника тепловой энергии В случае дифференциации тарифов по источникам тепловой энергии информация по ним указывается в отдельных строках.
E107: 1
F108: 1 | L108: =mergeValue(A108) &"."& mergeValue(B108)&"."& mergeValue(C108)&"."& mergeValue(D108)&"."& mergeValue(F108) -> 1.1.1.1.1 | M108: Группа потребителей | AB108: Указывается группа потребителей при наличии дифференциации тарифа по группам потребителей. Значение выбирается из перечня: Организации-перепродавцы; Бюджетные организации; Население; Прочие; Без дифференциации. В случае дифференциации тарифов группам потребителей информация по ним указывается в отдельных строках. | AD108: =strCheckUnique(AE108:AE113)
G109: 1 | L109: =mergeValue(A109) &"."& mergeValue(B109)&"."& mergeValue(C109)&"."& mergeValue(D109)&"."& mergeValue(F109)&"."& mergeValue(G109) -> 1.1.1.1.1.1 | V109: =W109 & "-" & Y109 -> - | X109: да | Z109: да | AB109: Указывается вид теплоносителя. Значение выбирается из перечня: вода; пар; отборный пар, 1.2-2.5 кг/см2; отборный пар, 2.5-7 кг/см2; отборный пар, 7-13 кг/см2; отборный пар, > 13 кг/см2; острый и редуцированный пар; горячая вода в системе централизованного теплоснабжения на отопление; горячая вода в системе централизованного теплоснабжения на горячее водоснабжение; прочее. В случае дифференциации тарифов по видам теплоносителя информация по ним указывается в отдельных строках. | AC109: =strCheckDate(O109:AA109) | AE109: =IF(M109="","",M109 )
H110: 1 | L110: =mergeValue(A110) &"."& mergeValue(B110)&"."& mergeValue(C110)&"."& mergeValue(D110)&"."& mergeValue(F110)&"."& mergeValue(G110)&"."& mergeValue(H110) -> 1.1.1.1.1.1.1 | V110: =W110 & "-" & Y110 -> - | AB110: В колонке «Параметр дифференциации тарифов» указывается наименование поставщика в случае наличия дифференциации компонента двухставочного тарифа на горячую воду по поставщикам. При подаче предложения на двухставочный тариф колонка «Одноставочный тариф» не заполняется. При подаче предложения на одноставочный тариф колонки в блоке «Двухставочный тариф» не заполняются. В случае отсутствия разбивки тарифа на компоненты колонки «Компонент на теплоноситель, руб./куб.м» и «Одноставочный компонент на тепловую энергию, руб/Гкал» не заполняются. Даты начала и окончания действия тарифов указываются в виде «ДД.ММ.ГГГГ». В случае отсутствия даты окончания действия тарифа в колонке «Дата окончания» указывается «Нет». В случае дифференциации тарифов по поставщикам информация по ним указывается в отдельных строках. | AC110: =strCheckDate(O110:AA110)
AF111: =OFFSET(AF111,-1,0) -> 0
M112: Добавить поставщика
M113: Добавить вид теплоносителя (параметры теплоносителя)
M114: Добавить группу потребителей
M116: Добавить источник тепловой энергии
M117: Добавить наименование системы теплоснабжения
M118: Добавить территорию действия тарифа
M119: Добавить наименование тарифа
H120: 1 | L120: =mergeValue(A120) &"."& mergeValue(B120)&"."& mergeValue(C120)&"."& mergeValue(D120)&"."& mergeValue(F120)&"."& mergeValue(G120)&"."& mergeValue(H120) -> ......1 | V120: =W120 & "-" & Y120 -> - | X120: нет | Z120: нет | AC120: =strCheckDate(O120:AA120)
G123: et_List06(_1,_2,_3) | I123: 6
A125: 1 | L125: =mergeValue(A125) -> 1 | M125: Наименование тарифа | W125: Указывается наименование тарифа в случае подачи предложения по нескольким тарифам. В случае наличия нескольких тарифов информация по ним указывается в отдельных строках.
B126: 1 | L126: =mergeValue(A126) &"."& mergeValue(B126) -> 1.1 | M126: Территория действия тарифа | W126: Указывается наименование территории действия тарифа при наличии дифференциации тарифа по территориальному признаку. В случае дифференциации тарифов по территориальному признаку информация по ним указывается в отдельных строках.
C127: 1 | L127: =mergeValue(A127) &"."& mergeValue(B127)&"."& mergeValue(C127) -> 1.1.1 | M127: Наименование системы теплоснабжения | W127: Указывается наименование системы теплоснабжения при наличии дифференциации тарифа по системам теплоснабжения. В случае дифференциации тарифов по системам теплоснабжения информация по ним указывается в отдельных строках.
D128: 1 | L128: =mergeValue(A128) &"."& mergeValue(B128)&"."& mergeValue(C128)&"."& mergeValue(D128) -> 1.1.1.1 | M128: Источник тепловой энергии | W128: Указывается наименование источника тепловой энергии В случае дифференциации тарифов по источникам тепловой энергии информация по ним указывается в отдельных строках.
...

Sheet TEHSHEET
A1: REGION | B1: year_list1 | C1: year_list | D1: logical | E1: Месяц (MONTH) | F1: Квартал (QUARTER) | G1: Месяц (kind_of_publication) | H1: НДС /kind_of_NDS/ | I1: Номер СЦХВ(СЦВО) /SKI_number/ | J1: Единица измерения объема оказываемых услуг ГВС /kind_of_unit_GVS/ | K1: Метод регулирования /kind_of_control_method/ | N1: Вид деятельности, на которую установлен тариф /kind_of_activity_WARM/ | O1: Вид теплоносителя (kind_of_heat_transfer) | P1: Тип данных (kind_of_data_type) | Q1: Схема подключения (kind_of_scheme_in) (kind_of_scheme_in2) | R1: Группы потребителей (kind_of_cons) | S1: Тип прокладки тепловых сетей (kind_of_nets) | T1: Диапазаны диаметров тепловых сетей (kind_of_diameters) | U1: Подключаемая тепловая нагрузка (kind_of_load) | W1: Форма 2, таблица Х | X1: виды тарифа /kind_group_rates/ | Y1: Заголовок таблицы | AA1: name_rates_4 | AC1: name_rates_8 | AF1: Подключаемая тепловая нагрузка (kind_of_load3) | AH1: Вид теплоносителя (kind_of_heat_transfer2) | AI1: Вид теплоносителя (kind_of_heat_transfer3) | AK1: Вид топлива (kind_of_fuel) | AM1: Способ закупки товаров (kind_of_zak) | AP1: виды тарифа /kind_group_rates_load/ | AQ1: виды тарифа /kind_group_rates_load_filter/ | AS1: виды признаков дифференциации /kind_of_diff/ | AU1: Диапазаны диаметров водопроводных сетей (kind_of_diameters2) | AW1: List_H | AX1: List_M | AZ1: Перечень форм (kind_of_forms) | BC1: Тип организации kind_of_org_type
A2: Алтайский край | B2: 2000 | C2: 2013 | D2: да | E2: январь | F2: I квартал | G2: На официальном сайте организации | H2: общий | I2: 1 | J2: тыс.куб.м/сутки | K2: метод экономически обоснованных расходов (затрат) | L2: метод экономически обоснованных расходов (затрат) | M2: 1 | N2: Передача+Сбыт | O2: вода | P2: первичное раскрытие информации | Q2: без дифференциации | R2: организации-перепродавцы | S2: надземная (наземная) | T2: 50 - 250 мм | U2: не превышает 0,1 Гкал/ч | V2: 1 | X2: Тарифы на тепловую энергию (мощность), производимую в режиме комбинированной выработки электрической и тепловой энергии источниками тепловой энергии с установленной генерирующей мощностью производства электрической энергии 25 мегаватт и более, в соответствии с установленными федеральным органом исполнительной власти в области государственного регулирования тарифов в сфере теплоснабжения предельными (минимальным и (или) максимальным) уровнями указанных тарифов | Y2: Форма 4.10.2 Информация о предложении величин тарифов на тепловую энергию, поддержанию резервной тепловой мощности | AA2: Тариф на теплоноситель, поставляемый потребителям | AB2: Тариф на теплоноситель, поставляемый потребителям | AC2: Плата за услуги по поддержанию резервной тепловой мощности при отсутствии потребления тепловой энергии для отдельных категорий (групп) социально значимых потребителей | AD2: Плата за услуги по поддержанию резервной тепловой мощности при отсутствии потребления тепловой энергии для отдельных категорий (групп) социально значимых потребителей | AF2: не превышает 0,1 Гкал/ч | AH2: Вода | AI2: Вода | AK2: Газ природный по регулируемой цене | AM2: Конкурс | AP2: Тарифы на тепловую энергию (мощность), производимую в режиме комбинированной выработки электрической и тепловой энергии источниками тепловой энергии с установленной генерирующей мощностью производства электрической энергии 25 мегаватт и более, в соответствии с установленными федеральным органом исполнительной власти в области государственного регулирования тарифов в сфере теплоснабжения предельными (минимальным и (или) максимальным) уровнями указанных тарифов | AQ2: Тарифы на услуги по передаче теплоносителя | AS2: объемы потребления воды абонентами | AU2: 40 мм и менее | AW2: 00 | AX2: 00 | AZ2: Форма 1.0.1 | BA2: Основные параметры раскрываемой информации | BC2: Регулируемая организация
A3: Амурская область | B3: 2001 | C3: 2014 | D3: нет | E3: февраль | F3: II квартал | G3: На сайте регулирующего органа | H3: общий с учетом освобождения от уплаты НДС | I3: 2 | J3: Гкал/ч | K3: метод индексации установленных тарифов | L3: метод индексации установленных тарифов | M3: 2 | N3: Передача | O3: пар | P3: изменения в раскрытой ранее информации | Q3: к коллектору источника тепловой энергии | R3: бюджетные организации | S3: подземная (канальная) | T3: 251 - 400 мм | U3: более 0,1 Гкал/ч и не превышает 1,5 Гкал/ч | V3: 2 | X3: Тарифы на тепловую энергию (мощность), поставляемую другим теплоснабжающим организациям теплоснабжающими организациями | Y3: Форма 4.10.2 Информация о предложении величин тарифов на тепловую энергию, поддержанию резервной тепловой мощности | AA3: Тариф на теплоноситель, поставляемый теплоснабжающей организацией, владеющей источником (источниками) тепловой энергии, на котором производится теплоноситель | AB3: Тариф на теплоноситель, поставляемый теплоснабжающей организацией, владеющей источником (источниками) тепловой энергии, на котором производится теплоноситель | AC3: Плата за услуги по поддержанию резервной тепловой мощности, оказываемые регулируемой организацией, мощность источников тепловой энергии которой используется для поддержания резервной мощности в соответствии со схемой теплоснабжения | AD3: Плата за услуги по поддержанию резервной тепловой мощности, оказываемые регулируемой организацией, мощность источников тепловой энергии которой используется для поддержания резервной мощности в соответствии со схемой теплоснабжения | AF3: более 0,1 Гкал/ч и не превышает 1,5 Гкал/ч | AH3: Отборный пар, 1,2-2,5 кг/см2 | AI3: Пар | AK3: Газ природный по нерегулируемой цене | AM3: Аукцион | AP3: Тарифы на тепловую энергию (мощность), поставляемую потребителям теплоснабжающими организациями в соответствии с установленными предельными (минимальными и (или) максимальными) уровнями указанных тарифов | AQ3: Плата за подключение к системе теплоснабжения | AS3: соответствие качества питьевой воды и горячей воды требованиям, установленным санитарными нормами и правилами | AU3: от 41 мм до 70 мм включительно | AW3: 01 | AX3: 01 | AZ3: Форма 4.9 | BA3: Информация о способах приобретения, стоимости и объемах товаров, необходимых для производства товаров и (или) оказания услуг | BC3: Единая теплоснабжающая организация
A4: Архангельская область | B4: 2002 | C4: 2015 | E4: март | F4: III квартал | H4: специальный (упрощенная система налогообложения, система налогообложения для сельскохозяйственных производителей) | I4: 3 | J4: куб.м/ч | K4: метод обеспечения доходности инвестированного капитала | L4: метод обеспечения доходности инвестированного капитала | M4: 3 | N4: производство комбинированная выработка | O4: отборный пар, 1.2-2.5 кг/см2 | Q4: к тепловой сети без дополнительного преобразования на тепловых пунктах, эксплуатируемых теплоснабжающей организацией | R4: население и приравненные категории | S4: подземная (бесканальная) | T4: 401 - 550 мм | U4: превышает 1,5 Гкал/ч при наличии технической возможности подключения | V4: 3 | AC4: Плата за услуги по поддержанию резервной тепловой мощности, оказываемые регулируемой организацией, мощность тепловых сетей которой используется для поддержания резервной мощности в соответствии со схемой теплоснабжения | AD4: Плата за услуги по поддержанию резервной тепловой мощности, оказываемые регулируемой организацией, мощность тепловых сетей которой используется для поддержания резервной мощности в соответствии со схемой теплоснабжения | AF4: превышает 1,5 Гкал/ч при наличии технической возможности подключения | AH4: Отборный пар, 2,5-7 кг/см2 | AK4: Уголь | AM4: Аукцион в электронной форме | AP4: Тарифы на тепловую энергию (мощность), поставляемую другим теплоснабжающим организациям теплоснабжающими организациями | AQ4: Плата за подключение к системе теплоснабжения (индивидуальная) | AS4: иное | AU4: от 71 мм до 100 мм включительно | AW4: 02 | AX4: 02 | AZ4: Форма 4.10.1 | BA4: Информация о предложении регулируемой организацией об установлении тарифов в сфере теплоснабжения на очередной период регулирования | BC4: Теплоснабжающая организация в ценовой зоне теплоснабжения
A5: Астраханская область | B5: 2003 | C5: 2016 | E5: апрель | F5: IV квартал | I5: 4 | K5: метод сравнения аналогов | L5: метод сравнения аналогов | M5: 4 | N5: производство (некомбинированная выработка)+передача+сбыт | O5: отборный пар, 2.5-7 кг/см2 | Q5: к тепловой сети после тепловых пунктов (на тепловых пунктах), эксплуатируемых теплоснабжающей организацией | R5: прочие | T5: 551 - 700 мм | U5: превышает 1,5 Гкал/ч при отсутствии технической возможности подключения | V5: 4 | X5: Тарифы на теплоноситель, поставляемый теплоснабжающими организациями потребителям, другим теплоснабжающим организациям | Y5: Форма 4.10.3 Информация о предложении величин тарифов на теплоноситель, передачу тепловой энергии, теплоносителя | Z5: 1 | AF5: не известна | AH5: Отборный пар, 7-13 кг/см2 | AK5: Мазут | AM5: Запрос котировок | AP5: Тарифы на теплоноситель, поставляемый теплоснабжающими организациями потребителям, другим теплоснабжающим организациям | AQ5: Плата за услуги по поддержанию резервной тепловой мощности при отсутствии потребления тепловой энергии | AU5: от 101 мм до 150 мм включительно | AW5: 03 | AX5: 03 | AZ5: Форма 4.10.2 | BA5: Информация о предложении величин тарифов на тепловую энергию, поддержанию резервной тепловой мощности | BC5: Теплосетевая организация в ценовой зоне теплоснабжения
A6: Белгородская область | B6: 2004 | C6: 2017 | E6: май | G6: НДС общий /kind_of_NDS_tariff/ | H6: НДС /kind_of_NDS_tariff/ | I6: 5 | J6: Вид тарифа на передачу тепловой энергии /kind_of_tariff_unit/ | N6: производство (некомбинированная выработка)+передача | O6: отборный пар, 7-13 кг/см2 | R6: без дифференциации | T6: 701 мм и выше | U6: не известна | V6: 5 | X6: Тарифы на горячую воду, поставляемую теплоснабжающими организациями потребителям, другим теплоснабжающим организациям с использованием открытых систем теплоснабжения (горячего водоснабжения) | Y6: Форма 4.10.4 Информация о предложении величин тарифов на горячую воду (в открытых системах) | AH6: Отборный пар, > 13 кг/см2 | AK6: Дизельное топливо | AM6: Единственный поставщик | AP6: Тарифы на горячую воду, поставляемую теплоснабжающими организациями потребителям, другим теплоснабжающим организациям с использованием открытых систем теплоснабжения (горячего водоснабжения) | AQ6: Тарифы на тепловую энергию (мощность), производимую в режиме комбинированной выработки электрической и тепловой энергии источниками тепловой энергии с установленной генерирующей мощностью производства электрической энергии 25 мегаватт и более, в соответствии с установленными федеральным органом исполнительной власти в области государственного регулирования тарифов в сфере теплоснабжения предельными (минимальным и (или) максимальным) уровнями указанных тарифов | AU6: от 151 мм до 200 мм включительно | AW6: 04 | AX6: 04 | AZ6: Форма 4.10.3 | BA6: Информация о предложении величин тарифов на теплоноситель, передачу тепловой энергии, теплоносителя
A7: Брянская область | B7: 2005 | E7: июнь | G7: тариф указан с НДС для плательщиков НДС | H7: тариф для организаций не являющихся плательщиками НДС | I7: 6 | J7: руб./Гкал/ч/мес | N7: производство (некомбинированная выработка)+сбыт | O7: отборный пар, > 13 кг/см2 | U7: нет | V7: 6 | X7: Тарифы на услуги по передаче тепловой энергии | Y7: Форма 4.10.3 Информация о предложении величин тарифов на теплоноситель, передачу тепловой энергии, теплоносителя | AH7: Острый и редуцированный пар | AK7: Дрова | AM7: Иное | AP7: Тарифы на услуги по передаче тепловой энергии | AQ7: Тарифы на тепловую энергию (мощность), поставляемую потребителям теплоснабжающими организациями в соответствии с установленными предельными (минимальными и (или) максимальными) уровнями указанных тарифов | AU7: от 201 мм до 250 мм включительно | AW7: 05 | AX7: 05 | AZ7: Форма 4.10.4 | BA7: Информация о предложении величин тарифов на горячую воду (в открытых системах)
A8: Владимирская область | B8: 2006 | E8: июль | G8: тариф указан без НДС для плательщиков НДС | H8: тариф не утверждался | I8: 7 | J8: руб./Гкал | N8: производство (некомбинированная выработка) | O8: острый и редуцированный пар | V8: 7 | X8: Тарифы на услуги по передаче теплоносителя | Y8: Форма 4.10.3 Информация о предложении величин тарифов на теплоноситель, передачу тепловой энергии, теплоносителя | AK8: Электроэнергия | AP8: Тарифы на услуги по передаче теплоносителя | AQ8: Тарифы на тепловую энергию (мощность), поставляемую другим теплоснабжающим организациям теплоснабжающими организациями | AU8: от 250 мм и более | AW8: 06 | AX8: 06 | AZ8: Форма 4.10.5 | BA8: Информация о предложении величин тарифов на подключение к системе теплоснабжения
A9: Волгоградская область | B9: 2007 | E9: август | G9: тариф не утверждался | I9: 8 | O9: горячая вода в системе централизованного теплоснабжения на отопление | V9: 8 | X9: Плата за услуги по поддержанию резервной тепловой мощности при отсутствии потребления тепловой энергии | Y9: Форма 4.10.2 Информация о предложении величин тарифов на тепловую энергию, поддержанию резервной тепловой мощности | Z9: 1 | AK9: Прочее | AP9: Плата за подключение к системе теплоснабжения | AQ9: Тарифы на теплоноситель, поставляемый теплоснабжающими организациями потребителям, другим теплоснабжающим организациям | AW9: 07 | AX9: 07 | AZ9: Форма 4.10.6 | BA9: Информация о предложении платы за подключение к системе теплоснабжения в индивидуальном порядке
A10: Вологодская область | B10: 2008 | E10: сентябрь | I10: 9 | O10: горячая вода в системе централизованного теплоснабжения на горячее водоснабжение | V10: 9 | X10: Плата за подключение к системе теплоснабжения (индивидуальная) | Y10: Форма 4.10.6 Информация о предложении платы за подключение к системе теплоснабжения в индивидуальном порядке | AP10: Плата за подключение к системе теплоснабжения (индивидуальная) | AQ10: Тарифы на горячую воду, поставляемую теплоснабжающими организациями потребителям, другим теплоснабжающим организациям с использованием открытых систем теплоснабжения (горячего водоснабжения) | AW10: 08 | AX10: 08
A11: Воронежская область | B11: 2009 | E11: октябрь | I11: 10 | O11: прочее | V11: 10 | X11: Плата за подключение к системе теплоснабжения | Y11: Форма 4.10.5 Информация о предложении величин тарифов на подключение к системе теплоснабжения | AP11: Плата за услуги по поддержанию резервной тепловой мощности при отсутствии потребления тепловой энергии | AW11: 09 | AX11: 09
A12: г.Байконур | B12: 2010 | E12: ноябрь | G12: НДС общий люди /kind_of_NDS_tariff_people/ | H12: НДС /kind_of_NDS_tariff_people/ | I12: 11 | O12: без дифференциации | V12: 11 | X12: Предельный уровнь цены на тепловую энергию (мощность), поставляемую теплоснабжающими организациями потребителям. Индикативы | Y12: Форма 4.10.2 Информация о предложении величин тарифов на тепловую энергию, поддержанию резервной тепловой мощности | AW12: 10 | AX12: 10
A13: г. Москва | B13: 2011 | E13: декабрь | G13: тариф с НДС организаций-плательщиков НДС | H13: тариф организаций не являющихся плательщиками НДС | I13: 12 | V13: 12 | AW13: 11 | AX13: 11
A14: г.Санкт-Петербург | B14: 2012 | G14: тариф не утверждался | H14: тариф не утверждался | I14: 13 | N14: Вид деятельности /kind_of_activity/ | V14: 13 | X14: Тарифы на тепловую энергию (мощность), поставляемую потребителям теплоснабжающими организациями в соответствии с установленными предельными (минимальными и (или) максимальными) уровнями указанных тарифов | Y14: Форма 4.10.2 Информация о предложении величин тарифов на тепловую энергию, поддержанию резервной тепловой мощности | AW14: 12 | AX14: 12
A15: г.Севастополь | B15: 2013 | I15: 14 | N15: производство тепловой энергии (мощности) в режиме комбинированной выработки электрической и тепловой энергии источниками тепловой энергии с установленной генерирующей мощностью производства электрической энергии 25 МВт и более | AW15: 13 | AX15: 13
A16: Еврейская автономная область | B16: 2014 | I16: 15 | N16: производство тепловой энергии (мощности) в режиме комбинированной выработки электрической и тепловой энергии источниками тепловой энергии с установленной генерирующей мощностью производства электрической энергии менее 25 МВт | AW16: 14 | AX16: 14
A17: Забайкальский край | B17: 2015 | I17: 16 | N17: производство тепловой энергии (мощности) не в режиме комбинированной выработки электрической и тепловой энергии источниками тепловой энергии | AW17: 15 | AX17: 15
A18: Ивановская область | B18: 2016 | I18: 17 | N18: производство теплоносителя | AW18: 16 | AX18: 16
A19: Иркутская область | B19: 2017 | I19: 18 | N19: передача тепловой энергии и теплоносителя | AW19: 17 | AX19: 17
A20: Кабардино-Балкарская республика | B20: 2018 | I20: 19 | N20: сбыт тепловой энергии и теплоносителя | AW20: 18 | AX20: 18
A21: Калининградская область | B21: 2019 | I21: 20 | N21: подключение к системе теплоснабжения | AW21: 19 | AX21: 19
A22: Калужская область | B22: 2020 | N22: поддержание резервной тепловой мощности при отсутствии потребления тепловой энергии | AW22: 20 | AX22: 20
A23: Камчатский край | B23: 2021 | AW23: 21 | AX23: 21
A24: Карачаево-Черкесская республика | B24: 2022 | AW24: 22 | AX24: 22
A25: Кемеровская область | B25: 2023 | AW25: 23 | AX25: 23
A26: Кировская область | B26: 2024 | AX26: 24
A27: Костромская область | B27: 2025 | AX27: 25
A28: Краснодарский край | H28: Текущая дата | AX28: 26
A29: Красноярский край | D29: Организация | E29: =IF(periodStart = "","", periodStart) -> 01.01.2019 | F29: =IF(periodEnd = "","", periodEnd) -> 31.12.2023 | H29: 13.05.2022 12:03:03 | AX29: 27
A30: Курганская область | AX30: 28
A31: Курская область | AX31: 29
A32: Ленинградская область | D32: Виды деятельности | H32: https://appsrv.regportal-tariff.ru/procwsxls/ | O32: вода | AX32: 30
A33: Липецкая область | O33: пар | AX33: 31
A34: Магаданская область | O34: отборный пар, 1.2-2.5 кг/см2 | AX34: 32
A35: Московская область | O35: отборный пар, 2.5-7 кг/см2 | AX35: 33
A36: Мурманская область | O36: отборный пар, 7-13 кг/см2 | AX36: 34
A37: Ненецкий автономный округ | O37: отборный пар, > 13 кг/см2 | AX37: 35
A38: Нижегородская область | O38: острый и редуцированный пар | AX38: 36
A39: Новгородская область | O39: горячая вода в системе централизованного теплоснабжения на отопление | AX39: 37
A40: Новосибирская область | O40: горячая вода в системе централизованного теплоснабжения на горячее водоснабжение | AX40: 38
A41: Омская область | O41: прочее | AX41: 39
A42: Оренбургская область | AX42: 40
A43: Орловская область | AX43: 41
A44: Пензенская область | AX44: 42
A45: Пермский край | AX45: 43
A46: Приморский край | AX46: 44
A47: Псковская область | AX47: 45
A48: Республика Адыгея | AX48: 46
A49: Республика Алтай | AX49: 47
A50: Республика Башкортостан | AX50: 48
A51: Республика Бурятия | AX51: 49
A52: Республика Дагестан | AX52: 50
A53: Республика Ингушетия | AX53: 51
... A61: Республика Северная Осетия-Алания | AX61: 59
A62: Республика Татарстан
A63: Республика Тыва
A64: Республика Хакасия
A65: Ростовская область
A66: Рязанская область
A67: Самарская область
A68: Саратовская область
A69: Сахалинская область
A70: Свердловская область
A71: Смоленская область
A72: Ставропольский край
A73: Тамбовская область
... A87: Ярославская область

Sheet modList14_1

Sheet modList13

Sheet modListTempFilter

Sheet modCheckCyan
A1: =IF('Форма 4.10.2 | Т-ТЭ | >=25МВт'!$O$22="",1,0) -> 1
A2: =IF('Форма 4.10.2 | Т-ТЭ | >=25МВт'!$O$23="",1,0) -> 1
A3: =IF('Форма 4.10.2 | Т-ТЭ | >=25МВт'!$M$24="",1,0) -> 1
A4: =IF('Форма 4.10.2 | Т-ТЭ | >=25МВт'!$R$24="",1,0) -> 1
A5: =IF('Форма 4.10.2 | Т-ТЭ | >=25МВт'!$T$24="",1,0) -> 1
A6: =IF('Форма 4.10.2 | Т-ТЭ | >=25МВт'!$S$24="",1,0) -> 0
A7: =IF('Форма 4.10.2 | Т-ТЭ | >=25МВт'!$U$24="",1,0) -> 0
A8: =IF('Форма 4.10.2 | Т-ТЭ | ТСО'!$O$22="",1,0) -> 1
A9: =IF('Форма 4.10.2 | Т-ТЭ | ТСО'!$O$23="",1,0) -> 1
A10: =IF('Форма 4.10.2 | Т-ТЭ | ТСО'!$M$24="",1,0) -> 1
A11: =IF('Форма 4.10.2 | Т-ТЭ | ТСО'!$R$24="",1,0) -> 1
A12: =IF('Форма 4.10.2 | Т-ТЭ | ТСО'!$T$24="",1,0) -> 1
A13: =IF('Форма 4.10.2 | Т-ТЭ | ТСО'!$S$24="",1,0) -> 0
A14: =IF('Форма 4.10.2 | Т-ТЭ | ТСО'!$U$24="",1,0) -> 0
A15: =IF('Форма 4.10.2 | Т-ТЭ | потр'!$O$22="",1,0) -> 1
A16: =IF('Форма 4.10.2 | Т-ТЭ | потр'!$O$23="",1,0) -> 1
A17: =IF('Форма 4.10.2 | Т-ТЭ | потр'!$M$24="",1,0) -> 1
A18: =IF('Форма 4.10.2 | Т-ТЭ | потр'!$R$24="",1,0) -> 1
A19: =IF('Форма 4.10.2 | Т-ТЭ | потр'!$T$24="",1,0) -> 1
A20: =IF('Форма 4.10.2 | Т-ТЭ | потр'!$S$24="",1,0) -> 0
A21: =IF('Форма 4.10.2 | Т-ТЭ | потр'!$U$24="",1,0) -> 0
A22: =IF('Форма 4.10.2 | Т-ТЭ | предел'!$O$24="",1,0) -> 1
A23: =IF('Форма 4.10.2 | Т-ТЭ | предел'!$O$25="",1,0) -> 1
A24: =IF('Форма 4.10.2 | Т-ТЭ | предел'!$M$26="",1,0) -> 1
A25: =IF('Форма 4.10.2 | Т-ТЭ | предел'!$R$26="",1,0) -> 1
A26: =IF('Форма 4.10.2 | Т-ТЭ | предел'!$T$26="",1,0) -> 1
A27: =IF('Форма 4.10.2 | Т-ТЭ | предел'!$S$26="",1,0) -> 0
A28: =IF('Форма 4.10.2 | Т-ТЭ | предел'!$U$26="",1,0) -> 0
A29: =IF('Форма 4.10.2 | Т-ТЭ | индикат'!$O$7="",1,0) -> 1
A30: =IF('Форма 4.10.2 | Т-ТЭ | индикат'!$O$24="",1,0) -> 1
A31: =IF('Форма 4.10.2 | Т-ТЭ | индикат'!$O$25="",1,0) -> 1
A32: =IF('Форма 4.10.2 | Т-ТЭ | индикат'!$M$26="",1,0) -> 1
A33: =IF('Форма 4.10.2 | Т-ТЭ | индикат'!$R$26="",1,0) -> 1
A34: =IF('Форма 4.10.2 | Т-ТЭ | индикат'!$T$26="",1,0) -> 1
A35: =IF('Форма 4.10.2 | Т-ТЭ | индикат'!$S$26="",1,0) -> 0
A36: =IF('Форма 4.10.2 | Т-ТЭ | индикат'!$U$26="",1,0) -> 0
A37: =IF('Форма 4.10.2 | Резерв мощности'!$O$22="",1,0) -> 1
A38: =IF('Форма 4.10.2 | Резерв мощности'!$O$23="",1,0) -> 1
A39: =IF('Форма 4.10.2 | Резерв мощности'!$M$24="",1,0) -> 1
A40: =IF('Форма 4.10.2 | Резерв мощности'!$O$24="",1,0) -> 1
A41: =IF('Форма 4.10.2 | Резерв мощности'!$R$24="",1,0) -> 1
A42: =IF('Форма 4.10.2 | Резерв мощности'!$T$24="",1,0) -> 1
A43: =IF('Форма 4.10.2 | Резерв мощности'!$S$24="",1,0) -> 0
A44: =IF('Форма 4.10.2 | Резерв мощности'!$U$24="",1,0) -> 0
A45: =IF('Форма 4.10.3 | Т-ТН'!$O$23="",1,0) -> 1
A46: =IF('Форма 4.10.3 | Т-ТН'!$M$24="",1,0) -> 1
A47: =IF('Форма 4.10.3 | Т-ТН'!$R$24="",1,0) -> 1
A48: =IF('Форма 4.10.3 | Т-ТН'!$T$24="",1,0) -> 1
A49: =IF('Форма 4.10.3 | Т-ТН'!$S$24="",1,0) -> 0
A50: =IF('Форма 4.10.3 | Т-ТН'!$U$24="",1,0) -> 0
A51: =IF('Форма 4.10.3 | Т-передача ТЭ'!$O$23="",1,0) -> 0
A52: =IF('Форма 4.10.3 | Т-передача ТЭ'!$M$24="",1,0) -> 0
A53: =IF('Форма 4.10.3 | Т-передача ТЭ'!$R$24="",1,0) -> 0
A54: =IF('Форма 4.10.3 | Т-передача ТЭ'!$T$24="",1,0) -> 0
A55: =IF('Форма 4.10.3 | Т-передача ТЭ'!$S$24="",1,0) -> 0
A56: =IF('Форма 4.10.3 | Т-передача ТЭ'!$U$24="",1,0) -> 0
A57: =IF('Форма 4.10.3 | Т-передача ТН'!$O$23="",1,0) -> 1
A58: =IF('Форма 4.10.3 | Т-передача ТН'!$M$24="",1,0) -> 1
A59: =IF('Форма 4.10.3 | Т-передача ТН'!$R$24="",1,0) -> 1
A60: =IF('Форма 4.10.3 | Т-передача ТН'!$T$24="",1,0) -> 1
A61: =IF('Форма 4.10.3 | Т-передача ТН'!$S$24="",1,0) -> 0
A62: =IF('Форма 4.10.3 | Т-передача ТН'!$U$24="",1,0) -> 0
A63: =IF('Форма 4.10.4 | Т-гор.вода'!$O$23="",1,0) -> 1
A64: =IF('Форма 4.10.4 | Т-гор.вода'!$M$24="",1,0) -> 0
A65: =IF('Форма 4.10.4 | Т-гор.вода'!$W$24="",1,0) -> 1
A66: =IF('Форма 4.10.4 | Т-гор.вода'!$Y$24="",1,0) -> 1
A67: =IF('Форма 4.10.4 | Т-гор.вода'!$M$25="",1,0) -> 1
A68: =IF('Форма 4.10.4 | Т-гор.вода'!$X$24="",1,0) -> 0
A69: =IF('Форма 4.10.4 | Т-гор.вода'!$Z$24="",1,0) -> 0
A70: =IF('Форма 4.10.5 | Т-подкл'!$AB$23="",1,0) -> 1
A71: =IF('Форма 4.10.5 | Т-подкл'!$AD$23="",1,0) -> 1
A72: =IF('Форма 4.10.5 | Т-подкл'!$N$23="",1,0) -> 0
A73: =IF('Форма 4.10.5 | Т-подкл'!$R$23="",1,0) -> 0
A74: =IF('Форма 4.10.5 | Т-подкл'!$V$23="",1,0) -> 0
A75: =IF('Форма 4.10.5 | Т-подкл'!$AC$23="",1,0) -> 0
A76: =IF('Форма 4.10.5 | Т-подкл'!$AE$23="",1,0) -> 0
A77: =IF('Форма 4.10.6 | Т-подкл(инд)'!$M$23="",1,0) -> 1
A78: =IF('Форма 4.10.6 | Т-подкл(инд)'!$P$23="",1,0) -> 1
A79: =IF('Форма 4.10.6 | Т-подкл(инд)'!$S$23="",1,0) -> 1
A80: =IF('Форма 4.10.6 | Т-подкл(инд)'!$T$23="",1,0) -> 0
A81: =IF('Форма 4.10.6 | Т-подкл(инд)'!$V$23="",1,0) -> 0
A82: =IF('Форма 4.9'!$F$10="",1,0) -> 1
A83: =IF('Форма 4.9'!$G$10="",1,0) -> 1
A84: =IF('Форма 4.9'!$F$11="",1,0) -> 1
A85: =IF('Форма 4.9'!$G$11="",1,0) -> 1
A86: =IF('Форма 4.9'!$F$12="",1,0) -> 1
A87: =IF('Форма 4.9'!$G$12="",1,0) -> 1
A88: =IF('Форма 4.9'!$F$13="",1,0) -> 1
A89: =IF('Форма 4.9'!$G$13="",1,0) -> 1
A90: =IF('Форма 4.10.1'!$J$15="",1,0) -> 0
A91: =IF('Форма 4.10.1'!$H$17="",1,0) -> 0
A92: =IF('Форма 4.10.1'!$I$17="",1,0) -> 0
A93: =IF('Форма 4.10.1'!$J$17="",1,0) -> 0
A94: =IF('Форма 4.10.1'!$H$22="",1,0) -> 0
A95: =IF('Форма 4.10.1'!$I$22="",1,0) -> 0
A96: =IF('Форма 4.10.1'!$J$22="",1,0) -> 0
A97: =IF('Форма 4.10.1'!$H$25="",1,0) -> 0
A98: =IF('Форма 4.10.1'!$I$25="",1,0) -> 0
A99: =IF('Форма 4.10.1'!$J$25="",1,0) -> 0
A100: =IF('Форма 4.10.1'!$H$28="",1,0) -> 0
...

Sheet REESTR_LINK
A1: ID | B1: LINK_NAME | C1: REGION
A2: 4189678 | B2: https://portal.eias.ru/Portal/DownloadPage.aspx?type=12&guid=????????-????-????-????-???????????? | C2: ALL
A3: 4190415 | B3: https://eias.fstrf.ru/disclo/get_file?p_guid=????????-????-????-????-???????????? | C3: ALL

Sheet REESTR_DS
B3: Город Челябинск, Город Челябинск (75701000);
B4: территория 2
B5: территория 3
B6: территория 4

Sheet modHTTP

Sheet modfrmRezimChoose

Sheet modSheetMain
A1: Форма | B1: Листы

Sheet REESTR_VT
A1: ID_TARIFF_NAME | B1: TARIFF_NAME
A2: 4213775 | B2: Тарифы на тепловую энергию (мощность), производимую в режиме комбинированной выработки электрической и тепловой энергии источниками тепловой энергии с установленной генерирующей мощностью производства электрической энергии 25 мегаватт и более, в соответствии с установленными федеральным органом исполнительной власти в области государственного регулирования тарифов в сфере теплоснабжения предельными (минимальным и (или) максимальным) уровнями указанных тарифов
A3: 4213784 | B3: Тарифы на тепловую энергию (мощность), поставляемую потребителям теплоснабжающими организациями в соответствии с установленными предельными (минимальными и (или) максимальными) уровнями указанных тарифов
A4: 4213781 | B4: Тарифы на тепловую энергию (мощность), поставляемую другим теплоснабжающим организациям теплоснабжающими организациями
A5: 4213776 | B5: Тарифы на теплоноситель, поставляемый теплоснабжающими организациями потребителям, другим теплоснабжающим организациям
A6: 4213777 | B6: Тарифы на горячую воду, поставляемую теплоснабжающими организациями потребителям, другим теплоснабжающим организациям с использованием открытых систем теплоснабжения (горячего водоснабжения)
A7: 4213778 | B7: Тарифы на услуги по передаче тепловой энергии
A8: 4213780 | B8: Тарифы на услуги по передаче теплоносителя
A9: 4213779 | B9: Плата за подключение к системе теплоснабжения
A10: 4213783 | B10: Плата за подключение к системе теплоснабжения (индивидуальная)
A11: 4213782 | B11: Плата за услуги по поддержанию резервной тепловой мощности при отсутствии потребления тепловой энергии

Sheet REESTR_VED
A1: ID_TARIFF_NAME | B1: VED_NAME
A2: 4190064 | B2: Производство тепловой энергии. Некомбинированная выработка
A3: 4190065 | B3: Производство тепловой энергии. Комбинированная выработка с уст. мощностью производства электрической энергии менее 25 МВт
A4: 4190066 | B4: Производство тепловой энергии. Комбинированная выработка с уст. мощностью производства электрической энергии 25 МВт и более
A5: 4190067 | B5: Производство. Теплоноситель
A6: 4190068 | B6: Передача. Тепловая энергия
A7: 4190069 | B7: Передача. Теплоноситель
A8: 4190070 | B8: Сбыт. Тепловая энергия
A9: 4190071 | B9: Сбыт. Теплоноситель
A10: 4190072 | B10: Подключение (технологическое присоединение) к системе теплоснабжения
A11: 4190073 | B11: Поддержание резервной тепловой мощности при отсутствии потребления тепловой энергии

Sheet modfrmReestrObj

Sheet AllSheetsInThisWorkbook
A1: Расчетные листы | B1: Скрытые листы
A2: Instruction | B2: modList00
A3: modUpdTemplLogger | B3: TSH_et_union_hor
A4: List00 | B4: TEHSHEET
A5: List01 | B5: modList14_1
A6: List02 | B6: modList13
A7: List05_1 | B7: modListTempFilter
A8: List06_1 | B8: modCheckCyan
A9: List05_2 | B9: REESTR_LINK
A10: List06_2 | B10: REESTR_DS
A11: List05_13 | B11: modHTTP
A12: List06_13 | B12: modfrmRezimChoose
... A37: ListCheck | B37: modList07
B38: modList11
B39: modList12
B40: modfrmDateChoose
B41: modComm
B42: modThisWorkbook
B43: modfrmReestrMR
B44: modfrmCheckUpdates

Sheet et_union_vert

Sheet modInstruction

Sheet modRegion

Sheet modReestr

Sheet modfrmReestr

Sheet modUpdTemplMain

Sheet REESTR_ORG
A1: № | B1: REGION_ID | C1: REGION_NAME | D1: RST_ORG_ID | E1: ORG_NAME | F1: INN_NAME | G1: KPP_NAME | H1: ORG_START_DATE | I1: ORG_END_DATE
A2: 1 | B2: 2646 | C2: Челябинская область | D2: 27306097 | E2: "Дирекция по эксплуатации и ремонту путевых машин" | F2: 7708503727 | G2: 745145058 | H2: 06-10-2011 00:00:00 | J2: WARM
A3: 2 | B3: 2646 | C3: Челябинская область | D3: 26646973 | E3: "Дистанция инженерных сооруженией структурного подразделения Южно-Уральской дирекции инфраструктуры Центральной дирекции инфраструктуры - филиала ОАО ""РЖД"" | F3: 7708503727 | G3: 743801001 | H3: 23-09-2003 00:00:00 | J3: WARM
A4: 3 | B4: 2646 | C4: Челябинская область | D4: 26360814 | E4: "Инженерные сети" | F4: 7453062551 | G4: 745301001 | J4: WARM
A5: 4 | B5: 2646 | C5: Челябинская область | D5: 27080161 | E5: АО "Асбестоцемент" | F5: 7412000806 | G5: 743001001 | H5: 10-11-1992 00:00:00 | J5: WARM
A6: 5 | B6: 2646 | C6: Челябинская область | D6: 31464438 | E6: АО "Бюджет" | F6: 7415037850 | G6: 741501001 | J6: WARM
A7: 6 | B7: 2646 | C7: Челябинская область | D7: 26360585 | E7: АО "Вишневогорский Горно-обогатительный Комбинат" | F7: 7409000147 | G7: 745901001 | H7: 17-07-2002 00:00:00 | J7: WARM
A8: 7 | B8: 2646 | C8: Челябинская область | D8: 26646948 | E8: АО "ГЕЛИОС" | F8: 7451272592 | G8: 745101001 | J8: WARM
A9: 8 | B9: 2646 | C9: Челябинская область | D9: 30335229 | E9: АО "ГУ ЖКХ" | F9: 5116000922 | G9: 770401001 | J9: WARM
A10: 9 | B10: 2646 | C10: Челябинская область | D10: 26492685 | E10: АО "Златмаш" | F10: 7404052938 | G10: 740401001 | H10: 03-03-2010 00:00:00 | J10: WARM
A11: 10 | B11: 2646 | C11: Челябинская область | D11: 26646830 | E11: АО "Макфа" | F11: 7438015885 | G11: 743801001 | H11: 21-11-2002 00:00:00 | J11: WARM
A12: 11 | B12: 2646 | C12: Челябинская область | D12: 30941672 | E12: АО "Международный аэропорт Магнитогорск" | F12: 7456037289 | G12: 745601001 | J12: WARM
A13: 12 | B13: 2646 | C13: Челябинская область | D13: 26360629 | E13: АО "Миасский машиностроительный завод" | F13: 7415061758 | G13: 741501001 | J13: WARM
A14: 13 | B14: 2646 | C14: Челябинская область | D14: 30985114 | E14: АО "НПО Электромашина" | F14: 7449044990 | G14: 745450001 | J14: WARM
A15: 14 | B15: 2646 | C15: Челябинская область | D15: 31449373 | E15: АО "РИР" | F15: 7706757331 | G15: 770601001 | H15: 06-06-2011 00:00:00 | J15: WARM
A16: 15 | B16: 2646 | C16: Челябинская область | D16: 26645308 | E16: АО "Саткинский чугуноплавильный завод" | F16: 7417011047 | G16: 741450001 | H16: 01-01-2011 00:00:00 | J16: WARM
A17: 16 | B17: 2646 | C17: Челябинская область | D17: 26360574 | E17: АО "Сигнал" | F17: 7449105883 | G17: 744901001 | H17: 26-02-1992 00:00:00 | J17: WARM
A18: 17 | B18: 2646 | C18: Челябинская область | D18: 26503102 | E18: АО "Трансэнерго" | F18: 7423023178 | G18: 745901001 | H18: 15-12-2008 00:00:00 | J18: WARM
A19: 18 | B19: 2646 | C19: Челябинская область | D19: 31211886 | E19: АО "УСТЭК-Челябинск" | F19: 7453320202 | G19: 745301001 | H19: 22-03-2018 00:00:00 | J19: WARM
A20: 19 | B20: 2646 | C20: Челябинская область | D20: 26360364 | E20: АО "УТСК" | F20: 7203203418 | G20: 745302002 | J20: WARM
A21: 20 | B21: 2646 | C21: Челябинская область | D21: 26800381 | E21: АО "Уральская теплосетевая компания" | F21: 7203203418 | G21: 720301001 | J21: WARM
A22: 21 | B22: 2646 | C22: Челябинская область | D22: 26353691 | E22: АО "Учалинский горно-обогатительный комбинат" | F22: 0270007455 | G22: 997550001 | H22: 09-04-2012 00:00:00 | J22: WARM
A23: 22 | B23: 2646 | C23: Челябинская область | D23: 26383154 | E23: АО "Челябинскгоргаз" | F23: 7451046106 | G23: 745101001 | H23: 01-06-1994 00:00:00 | J23: WARM
A24: 23 | B24: 2646 | C24: Челябинская область | D24: 26360793 | E24: АО "Челябинское авиапредприятие" | F24: 7450003519 | G24: 745001001 | J24: WARM
A25: 24 | B25: 2646 | C25: Челябинская область | D25: 26644971 | E25: АО "Челябкоммунэнерго" | F25: 7451194577 | G25: 744801001 | H25: 19-05-2003 00:00:00 | J25: WARM
A26: 25 | B26: 2646 | C26: Челябинская область | D26: 26575455 | E26: АО "Челябоблкоммунэнерго" | F26: 7447019075 | G26: 744701001 | J26: WARM
A27: 26 | B27: 2646 | C27: Челябинская область | D27: 26842389 | E27: АО "ЭСК ЧТПЗ" | F27: 7449045730 | G27: 744901001 | H27: 04-04-2011 00:00:00 | J27: WARM
A28: 27 | B28: 2646 | C28: Челябинская область | D28: 26768533 | E28: АО "ЭнСер" | F28: 7415036215 | G28: 741501001 | H28: 18-01-2011 00:00:00 | J28: WARM
A29: 28 | B29: 2646 | C29: Челябинская область | D29: 26322813 | E29: АО "Энергопром-ЧЭЗ" | F29: 7450005001 | G29: 746001001 | H29: 01-10-2008 00:00:00 | J29: WARM
A30: 29 | B30: 2646 | C30: Челябинская область | D30: 26360640 | E30: АО "Энергосистемы" | F30: 7417011223 | G30: 745701001 | H30: 26-12-2003 00:00:00 | J30: WARM
A31: 30 | B31: 2646 | C31: Челябинская область | D31: 31098533 | E31: АО «НПО «Электромашина» | F31: 7449044990 | G31: 744901001 | J31: WARM
A32: 31 | B32: 2646 | C32: Челябинская область | D32: 26360591 | E32: АО Завод Пластмасс | F32: 7411009901 | G32: 743001001 | H32: 18-08-2011 00:00:00 | J32: WARM
A33: 32 | B33: 2646 | C33: Челябинская область | D33: 26360761 | E33: АО работников "Народное предприятие" Челябинское рудоуправление" | F33: 7440000163 | G33: 742401001 | H33: 11-10-2002 00:00:00 | J33: WARM
A34: 33 | B34: 2646 | C34: Челябинская область | D34: 27913150 | E34: Акционерное общество "Интер РАО - Электрогенерация" | F34: 7704784450 | G34: 742443001 | H34: 21-08-2012 00:00:00 | J34: WARM
A35: 34 | B35: 2646 | C35: Челябинская область | D35: 26322790 | E35: Акционерное общество "ТРАНСНЕФТЬ-УРАЛ" | F35: 0278039018 | G35: 745143002 | H35: 17-10-2002 00:00:00 | J35: WARM
A36: 35 | B36: 2646 | C36: Челябинская область | D36: 26360688 | E36: Акционерное общество "Южноуральская теплосбытовая компания" | F36: 7424024520 | G36: 742401001 | J36: WARM
A37: 36 | B37: 2646 | C37: Челябинская область | D37: 31244997 | E37: Аргаяшское МУП "ВКХ" | F37: 7426005900 | G37: 746001001 | H37: 01-01-2010 00:00:00 | J37: WARM
A38: 37 | B38: 2646 | C38: Челябинская область | D38: 27573709 | E38: ВУ Бердяуш ВЧДР Златоуст - ОСП АО "ВРК -3" | F38: 7708737500 | G38: 741745001 | H38: 01-07-2011 00:00:00 | J38: WARM
A39: 38 | B39: 2646 | C39: Челябинская область | D39: 26576588 | E39: Вагонное депо Верхний Уфалей - филиал ЗАО "Уралгоршахткомплект" | F39: 6671115787 | G39: 740243001 | J39: WARM
A40: 39 | B40: 2646 | C40: Челябинская область | D40: 27637336 | E40: Вагонное рамонтное депо Магнитогорск - обособленное структурное подразделение Самарского филиала АО "Вагонная ремонтная компания - 1" | F40: 7708737490 | G40: 745645001 | H40: 14-04-2011 00:00:00 | J40: WARM
A41: 40 | B41: 2646 | C41: Челябинская область | D41: 27080266 | E41: Вагонное ремонтное депо Челябинск - обособленное структурное подразделение ОАО ""Вагонная ремонтная компания-2 | F41: 7708737517 | G41: 745145001 | H41: 14-04-2011 00:00:00 | J41: WARM
A42: 41 | B42: 2646 | C42: Челябинская область | D42: 28819136 | E42: ГБОУ СПО (ССУЗ) "Верхнеуральский агротехнологический техникум - казачий кадетский корпус" | F42: 7429005104 | G42: 742901001 | H42: 08-07-1994 00:00:00 | J42: WARM
A43: 42 | B43: 2646 | C43: Челябинская область | D43: 26360649 | E43: ГУЗ "Областная туберкулезная больница № 13" | F43: 7418015703 | G43: 741801001 | H43: 08-12-2011 00:00:00 | J43: WARM
A44: 43 | B44: 2646 | C44: Челябинская область | D44: 26785750 | E44: Государственное стационарное учреждение социального обслуживания системы социальной защиты населения "Саткинский психоневрологический интернат" | F44: 7417002405 | G44: 741701001 | H44: 26-05-2011 00:00:00 | J44: WARM
A45: 44 | B45: 2646 | C45: Челябинская область | D45: 28139901 | E45: Гохран России (филиал "Объект "Урал") | F45: 7730087409 | G45: 741543001 | H45: 30-12-1996 00:00:00 | J45: WARM
A46: 45 | B46: 2646 | C46: Челябинская область | D46: 26621162 | E46: ЗАО "ЖБИ-2" | F46: 7449010303 | G46: 744901001 | H46: 14-07-1997 00:00:00 | J46: WARM
A47: 46 | B47: 2646 | C47: Челябинская область | D47: 26360543 | E47: ЗАО "Карабашмедь" | F47: 7406002523 | G47: 740001001 | H47: 04-09-2002 00:00:00 | J47: WARM
A48: 47 | B48: 2646 | C48: Челябинская область | D48: 26360589 | E48: ЗАО "Катавский цемент" | F48: 7410005573 | G48: 741001001 | H48: 22-06-2001 00:00:00 | J48: WARM
A49: 48 | B49: 2646 | C49: Челябинская область | D49: 26360620 | E49: ЗАО "Магнитогорский комбинат хлебопродуктов "Ситно" | F49: 7414001724 | G49: 745450001 | J49: WARM
A50: 49 | B50: 2646 | C50: Челябинская область | D50: 26360625 | E50: ЗАО "Миассмебель" | F50: 7415002713 | G50: 741501001 | H50: 23-07-2002 00:00:00 | J50: WARM
A51: 50 | B51: 2646 | C51: Челябинская область | D51: 28142253 | E51: ЗАО "Торговый дом "БОВИД" | F51: 7423013290 | G51: 745201001 | H51: 17-04-2002 00:00:00 | J51: WARM
A52: 51 | B52: 2646 | C52: Челябинская область | D52: 26360759 | E52: ЗАО КХП "Злак" | F52: 7440000090 | G52: 744001001 | H52: 11-07-1996 00:00:00 | J52: WARM
A53: 52 | B53: 2646 | C53: Челябинская область | D53: 26493228 | E53: Закрытое акционерное общество "Троицкая энергетическая компания" | F53: 7418017355 | G53: 741801004 | H53: 04-03-2010 00:00:00 | J53: WARM
A54: 53 | B54: 2646 | C54: Челябинская область | D54: 28875757 | E54: ИП Валиев Вагиз Ахунзянович | F54: 741500433979 | G54: отсутствует | J54: WARM
A55: 54 | B55: 2646 | C55: Челябинская область | D55: 31311981 | E55: МАУ "Управление Норкинского ЖКХ" | F55: 7460042517 | G55: 746001001 | J55: WARM
A56: 55 | B56: 2646 | C56: Челябинская область | D56: 26360672 | E56: МКП "Энергетик" | F56: 7423000075 | G56: 742301001 | H56: 08-12-2009 00:00:00 | J56: WARM
A57: 56 | B57: 2646 | C57: Челябинская область | D57: 26785734 | E57: ММПКХ | F57: 7422000570 | G57: 742201001 | H57: 30-12-1999 00:00:00 | J57: WARM
A58: 57 | B58: 2646 | C58: Челябинская область | D58: 26489240 | E58: ММУП ЖКХ пос. Новогорный | F58: 7422015336 | G58: 741301001 | H58: 10-02-2010 00:00:00 | J58: WARM
A59: 58 | B59: 2646 | C59: Челябинская область | D59: 30925715 | E59: МП ЖКХ "Агаповское" | F59: 7425004572 | G59: 745501001 | J59: WARM
A60: 59 | B60: 2646 | C60: Челябинская область | D60: 26360690 | E60: МП ЖКХ "Желтинское" | F60: 7425007936 | G60: 745501001 | H60: 15-12-2010 00:00:00 | J60: WARM
A61: 60 | B61: 2646 | C61: Челябинская область | D61: 26489445 | E61: МП ЖКХ "Магнитное" | F61: 7425007943 | G61: 742501001 | H61: 10-02-2010 00:00:00 | I61: 20-12-2020 00:00:00 | J61: WARM
A62: 61 | B62: 2646 | C62: Челябинская область | D62: 26360617 | E62: МП трест "Теплофикация" | F62: 7414000657 | G62: 744501001 | H62: 15-11-2002 00:00:00 | J62: WARM
A63: 62 | B63: 2646 | C63: Челябинская область | D63: 26360702 | E63: МУ "Управление Акбашевского ЖКХ" | F63: 7426007336 | G63: 742601001 | H63: 04-11-2003 00:00:00 | J63: WARM
A64: 63 | B64: 2646 | C64: Челябинская область | D64: 26360701 | E64: МУ "Управление Байрамгуловского ЖКХ" | F64: 7426007287 | G64: 742601001 | H64: 17-09-2003 00:00:00 | J64: WARM
A65: 64 | B65: 2646 | C65: Челябинская область | D65: 26360705 | E65: МУ "Управление Дербишевского ЖКХ" | F65: 7426007488 | G65: 742601001 | H65: 29-01-2004 00:00:00 | J65: WARM
A66: 65 | B66: 2646 | C66: Челябинская область | D66: 26360700 | E66: МУ "Управление Ишалинского ЖКХ" | F66: 7426007248 | G66: 742601001 | H66: 06-08-2003 00:00:00 | J66: WARM
A67: 66 | B67: 2646 | C67: Челябинская область | D67: 26489511 | E67: МУ "Управление Камышевского ЖКХ" | F67: 7426007449 | G67: 742601001 | H67: 10-02-2010 00:00:00 | J67: WARM
A68: 67 | B68: 2646 | C68: Челябинская область | D68: 26360704 | E68: МУ "Управление Норкинского ЖКХ" | F68: 7426007456 | G68: 742601001 | J68: WARM
A69: 68 | B69: 2646 | C69: Челябинская область | D69: 26360699 | E69: МУ "Управление Худайбердинского ЖКХ" | F69: 7426007230 | G69: 742601001 | H69: 16-07-2003 00:00:00 | J69: WARM
A70: 69 | B70: 2646 | C70: Челябинская область | D70: 26360583 | E70: МУП "ЖКХ" Еленинского сельского поселения | F70: 7407007972 | G70: 740701001 | H70: 21-09-2005 00:00:00 | J70: WARM
A71: 70 | B71: 2646 | C71: Челябинская область | D71: 26360735 | E71: МУП "Арсинское ЖКХ" | F71: 7435008424 | G71: 745801001 | J71: WARM
A72: 71 | B72: 2646 | C72: Челябинская область | D72: 28819072 | E72: МУП "БЖЭК" | F72: 7402010530 | G72: 740201001 | H72: 28-05-2008 00:00:00 | J72: WARM
A73: 72 | B73: 2646 | C73: Челябинская область | D73: 31543798 | E73: МУП "Балык" | F73: 7433006647 | G73: 746001001 | H73: 14-05-1997 00:00:00 | J73: WARM
A74: 73 | B74: 2646 | C74: Челябинская область | D74: 26360559 | E74: МУП "Булзинский ЭУЖКХ" | F74: 7402009630 | G74: 740201001 | H74: 06-09-2007 00:00:00 | J74: WARM
A75: 74 | B75: 2646 | C75: Челябинская область | D75: 28868891 | E75: МУП "Город Плюс" | F75: 7429012895 | G75: 745501001 | H75: 04-07-2002 00:00:00 | J75: WARM
A76: 75 | B76: 2646 | C76: Челябинская область | D76: 31007371 | E76: МУП "Дворец спорта "Юность" | F76: 7453022326 | G76: 745301001 | I76: 20-12-2020 00:00:00 | J76: WARM
A77: 76 | B77: 2646 | C77: Челябинская область | D77: 31364383 | E77: МУП "ЖКХ Солнечное" | F77: 7460046688 | G77: 746001001 | H77: 16-08-2019 00:00:00 | J77: WARM
A78: 77 | B78: 2646 | C78: Челябинская область | D78: 31526598 | E78: МУП "ЖКХ Троицкого муниципального района" | F78: 7424012669 | G78: 742401001 | H78: 16-07-2021 00:00:00 | J78: WARM
A79: 78 | B79: 2646 | C79: Челябинская область | D79: 26489636 | E79: МУП "ЖКХ" п.Жукатау | F79: 7417013527 | G79: 741701001 | H79: 10-02-2010 00:00:00 | I79: 15-07-2020 00:00:00 | J79: WARM
A80: 79 | B80: 2646 | C80: Челябинская область | D80: 26489596 | E80: МУП "ЖКХ-Первомайский" | F80: 7425007975 | G80: 742501001 | H80: 10-02-2010 00:00:00 | J80: WARM
A81: 80 | B81: 2646 | C81: Челябинская область | D81: 31342287 | E81: МУП "КОММЕТ" | F81: 7450015440 | G81: 745001001 | H81: 17-08-1998 00:00:00 | J81: WARM
A82: 81 | B82: 2646 | C82: Челябинская область | D82: 28982281 | E82: МУП "Карабашское коммунальное предприятие" | F82: 7413015280 | G82: 741301001 | J82: WARM
A83: 82 | B83: 2646 | C83: Челябинская область | D83: 27080730 | E83: МУП "Каракульский Жилкомсервис" | F83: 7430013220 | G83: 743001001 | H83: 16-11-2010 00:00:00 | J83: WARM
A84: 83 | B84: 2646 | C84: Челябинская область | D84: 26360588 | E84: МУП "Каслинский хлебозавод" | F84: 7409004529 | G84: 740901001 | H84: 30-10-2002 00:00:00 | J84: WARM
A85: 84 | B85: 2646 | C85: Челябинская область | D85: 26360734 | E85: МУП "Кассельское ЖКХ" | F85: 7435008400 | G85: 743501001 | H85: 12-02-2004 00:00:00 | J85: WARM
A86: 85 | B86: 2646 | C86: Челябинская область | D86: 26360661 | E86: МУП "Кидышевская котельная и тепловые сети" | F86: 7420010780 | G86: 742001001 | H86: 24-08-2006 00:00:00 | J86: WARM
A87: 86 | B87: 2646 | C87: Челябинская область | D87: 26646142 | E87: МУП "Кичигинское ЖКХ" | F87: 7424025883 | G87: 742401001 | H87: 03-06-2008 00:00:00 | J87: WARM
A88: 87 | B88: 2646 | C88: Челябинская область | D88: 31097760 | E88: МУП "Коммет" | F88: 7450015440 | G88: 746001001 | J88: WARM
A89: 88 | B89: 2646 | C89: Челябинская область | D89: 26932045 | E89: МУП "Коммунальные сети" | F89: 7404056530 | G89: 740401001 | J89: WARM
A90: 89 | B90: 2646 | C90: Челябинская область | D90: 26489977 | E90: МУП "Коммунальные услуги" | F90: 7424024135 | G90: 742401001 | H90: 11-02-2010 00:00:00 | J90: WARM
